Workbook

Sheet MZRPLR

Sheet 评估人员
A1: 本表由评估机构填写
C3: 评估人员 | G3: 名单
C4: 项目负责人: | D4: 沈冬梅
C6: 项目现场负责人： | D6: 沈冬梅
C8: 签字资产评估师: | D8: 沈冬梅 彭海云
C10: 流 动 资 产 评估人员:
C12: 长期股权投资评估人员:
C14: 投资性房地产评估人员：
C16: 房 屋 类评估人员:
C18: 设 备 类评估人员:
C20: 土 地评估人员:
C22: 其他固定资产评估人员:
C24: 其他无形资产评估人员:
C26: 矿 业 权 评估人员：
C28: 其他非流动资产评估人员:
C30: 负 债评估人员:

Sheet 基本情况
A1: 返回索引页
A2: 基本情况表
A4: 企业填写以下内容: | K4: 金额单位：人民币元
A5: 被评估单位 （或产权持有单位）名称: | B5: 中文 | C5: =封面!E13 -> 贡山县隆鑫矿业有限公司 | H5: 法定代表人 | I5: =封面!E15 -> 0 | J5: 手机
B6: 英文
A7: 法定地址 | F7: 邮政编码 | H7: 总经理 | J7: 手机
A8: 办公地址 | F8: 邮政编码 | H8: 财务负责人 | J8: 手机
A9: 办公电话 | C9: 传真 | E9: E-mail | H9: 项目联系人 | J9: 手机
A10: 经营范围 | H10: 注册日期 | J10: 经营期限
A11: 经济性质 | C11: 总资产额 | E11: 营业收入 | G11: 主管工商机关 | I11: 营业执照号码
A12: 所属行业 | C12: 净资产额 | E12: 税后利润 | G12: 主管税务机关 | I12: 批准机关及证书号码
A13: 开业日期 | C13: 休假日 | E13: 财务结账日 | G13: 执行会计制度
A14: 前五名投资者（股东）名称 | H14: 注册资本 | J14: 实收资本
H15: 金额 | I15: 出资比例 | J15: 金额 | K15: 出资比例
A16: 1
A17: 2
A18: 3
A19: 4
A20: 5
A21: 合计
A22: 主要长期投资单位（或异地分支机构）名称 | F22: 地址 | I22: 注册资金 | J22: 持股比例 | K22: 核算方式
A23: 1
A24: 2
A25: 3
A26: 4
A27: 5
A28: 6
A29: 7
A30: 8
A31: 9
A32: 10
A33: 上年度注册会计师审计结论
A34: 以前年度评估情况
A35: 评估机构填写以下内容:
A36: 委托项目 | B36: 类别 | F36: 项目编号 | I36: 作业日期
B37: 评估目的 | F37: 报告编号 | I37: 填表日期
B38: 评估范围 | F38: 项目负责人： | I38: 法定代表人：
A39: 评估机构： | B39: 云南通域房地产土地资产评估有限公司 | F39: 签字资产评估师： | G39: =评估人员!D8 -> 沈冬梅 彭海云
C40: 流动资产 | D40: 长期股权投资 | E40: 投资性房地产 | F40: 房屋 | G40: 设备 | H40: 其他固定资产 | I40: 土地 | J40: 其他无形资产 | K40: 负债
A41: 被评估单位（或产权持有单位）填表人:
A42: 评估人员: | C42: =评估人员!D10 -> 0 | D42: =评估人员!D12 -> 0 | I42: =评估人员!D20 -> 0 | J42: =评估人员!D24 -> 0 | K42: =评估人员!D30 -> 0

Sheet 填表说明
A1: 返回索引页
A2: 资产评估明细表填表说明
A4: 一、基本要求
A5: (一)填表范围：
A6: 纳入评估范围的资产要保证与评估基准日被评估单位（或产权持有单位）的资产负债表（或模拟资产负债表）完全一致,即填表完成后，自动生成的资产评估分类汇总表(表2)审计前面值一栏与资产负债表（或模拟资产负债表）一致,如有审计,还应与提供给审计师的审计前面值一致。
A7: (二)“评估基准日”与“被评估单位（或产权持有单位）名称”,统一填于“资产评估明细表表封面” 中，各明细表会自动生成。被评估单位（或产权持有单位）名称要与该单位的营业执照所列明的名称完全一致,并在每页明细表左上角“被评估单位（或产权持有单位）”处加盖被评估单位（或产权持有单位）公章。
A8: (三)对于企业财务核算中没有的会计科目不必填写相应的明细表。
A9: (四) 对于申报明细表中“账面价值”一栏(不含本栏)左方所有空白栏以及需要填写的备注栏请企业填写齐全。但对于该类资产不适用的参数栏可不必填写，如，房屋建筑物表中，非工业建筑可不必填写“吊车吨位”、“跨度”、“柱距”等栏。
A10: (五)明细表中填列金额单位为“人民币元”，精确到小数点后两位。
A11: (六)明细表中日期根据要求填至月(如建成年月)或日(如出票日期)，填写日期格式为“2009-05”（不能写为2009.5）或 “2009-05-02”（不能填为2009.5.2）。
A12: (七)未指明月利率之处应指年利率，计量单位为“%”。若原始资料中为月利率或日利率,则换算为年利率。
A13: (八)明细表与各汇总表之间的数据已建立链接关系，汇总表中不应直接录入数据，但汇总表中已涂蓝色的各项减值准备应按实际填入。各表之间的关系示意如索引目录所示。
... A187: 参照递延所得税资产填列，应该分别不同形成原因分别填列。

Sheet 封面
A1: 返回索引页
D7: 贡山县隆鑫矿业有限公司
Q8: 2009 | R8: 1 | S8: 1
B9: 资产评估明细表 | Q9: 2010 | R9: 2 | S9: 2
Q10: 2011 | R10: 3 | S10: 3
D11: 评估基准日： | E11: 2020 | F11: 年 | G11: 7 | H11: 月 | I11: 30 | J11: 日 | Q11: 2012 | R11: 4 | S11: 4
Q12: 2013 | R12: 5 | S12: 5
D13: 被评估单位（或产权持有单位）： | E13: 贡山县隆鑫矿业有限公司 | Q13: 2014 | R13: 6 | S13: 6
Q14: 2015 | R14: 7 | S14: 7
D15: 法定代表人： | R15: 8 | S15: 8
R16: 9 | S16: 9
D17: 被评估单位（或产权持有单位）填表人： | R17: 10 | S17: 10
R18: 11 | S18: 11
D19: 填表日期： | E19: 2020 | F19: 年 | G19: 5 | H19: 月 | I19: 20 | J19: 日 | R19: 12 | S19: 12
S20: 13
S21: 14
S22: 15
S23: 20
S24: 21
S25: 22
S26: 23
S27: 24
S28: 25
S29: 26
S30: 27
S31: 28
... S34: 31

Sheet 索引目录
A1: 资产评估申报表索引目录
B2: 评估申报表封面
B3: 评估申报表说明（填表前请先阅读）
B4: 基本情况表 | C4: 资产负债表 | D4: 1-汇总表 | E4: 2-分类汇总表
C6: 3-流动资产 | D6: 3-1货币资金 | E6: 3-1-1货币资金-现金 | G6: 5-流动负债 | I6: 5-1短期借款
E7: 3-1-2货币资金-银行存款 | I7: 5-2交易性金融负债
E8: 3-1-3货币资金-其他货币资金 | I8: 5-3应付票据
D9: 3-2交易性金融资产 | E9: 3-2-1交易性-股票 | I9: 5-4应付账款
E10: 3-2-2交易性-债券 | I10: 5-5预收款项
E11: 3-2-3交易性-基金 | I11: 5-6职工薪酬
D12: 3-3应收票据 | I12: 5-7应交税费
D13: 3-4应收账款 | I13: 5-8应付利息
D14: 3-5预付账款 | I14: 5-9应付股利（利润）
D15: 3-6应收利息 | I15: 5-10其他应付款
D16: 3-7应收股利 | I16: 5-11一年内到期的非流动负债
D17: 3-8其他应收款 | I17: 5-12其他流动负债
D18: 3-9存货 | E18: 3-9-1材料采购（在途物资）
E19: 3-9-2原材料
E20: 3-9-3在库周转材料 | G20: 6-非流动负债 | I20: 6-1长期借款
E21: 3-9-4委托加工物资 | I21: 6-2应付债券
E22: 3-9-5产成品（库存商品） | I22: 6-3长期应付款
E23: 3-9-6在产品（自制半成品） | I23: 6-4专项应付款
E24: 3-9-7发出商品 | I24: 6-5预计负债
E25: 3-9-8在用周转材料 | I25: 6-6递延所得税负债
D26: 3-10一年到期非流动资产 | I26: 6-7其他非流动负债
D27: 3-11其他流动资产
C28: 4-非流动资产 | D28: 4-1可供出售金融资产 | E28: 4-1-1可供出售-股票
E29: 4-1-2可供出售-债券
E30: 4-1-3可供出售-其他
D31: 4-2持有至到期投资
D32: 4-3长期应收款
D33: 4-4长期股权投资
D34: 4-5投资性房地产 | E34: 4-5-1投资性-房屋（成本模式）
E35: 4-5-2投资性-房屋（公允模式）
E36: 4-5-3投资性-土地（成本模式）
E37: 4-5-4投资性-土地（公允模式）
D38: 4-6固定资产 | E38: 4-6-1房屋建筑物
E39: 4-6-2构筑物
E40: 4-6-3管道及沟槽
E41: 4-6-4机器设备
E42: 4-6-5车辆
E43: 4-6-6电子设备
E44: 4-6-7土地
D45: 4-7在建工程 | E45: 4-7-1在建工程-土建工程
E46: 4-7-2在建工程-设备安装工程
D47: 4-8工程物资
D48: 4-9固定资产清理
D49: 4-10生产性生物资产
D50: 4-11油气资产
D51: 4-12无形资产 | E51: 4-12-1无形-土地使用权
E52: 4-12-2无形-矿业权
E53: 4-12-3无形-其他
D54: 4-13开发支出
D55: 4-14商誉
D56: 4-15长期待摊费用
D57: 4-16递延所得税资产
D58: 4-17其他非流动资产

Sheet 目录
B1: 评估明细表目录
A2: 序号 | B2: 表格名称 | C2: 页数
A3: 1 | B3: 表1：资产评估结果汇总表
A4: 2 | B4: 表2：资产评估结果分类汇总表
A5: 3 | B5: 表3：流动资产评估汇总表
A6: 4 | B6: 表3-1：货币资金评估汇总表
A7: 5 | B7: 表3-1-1：货币资金—现金评估明细表
A8: 6 | B8: 表3-1-2：货币资金—银行存款评估明细表
A9: 7 | B9: 表3-1-3：货币资金—其他货币资金评估明细表
A10: 8 | B10: 表3-2：交易性金融资产评估汇总表
A11: 9 | B11: 表3-2-1：交易性金融资产—股票投资评估明细表
A12: 10 | B12: 表3-2-2：交易性金融资产—债券投资评估明细表
A13: 11 | B13: 表3-2-3：交易性金融资产—基金投资评估明细表
A14: 12 | B14: 表3-3：应收票据评估明细表
... A84: 82 | B84: 表6-7：其他非流动负债评估明细表

Sheet 资产负债表
A1: 返回索引页
A2: 资产负债表
A3: =封面!D11&封面!E11&封面!F11&封面!G11&封面!H11&封面!I11&封面!J11 -> 评估基准日：2020年7月30日
A4: =封面!D13&封面!E13 -> 被评估单位（或产权持有单位）：贡山县隆鑫矿业有限公司 | J4: 金额单位：人民币元
A5: 资产 | B5: 序号 | C5: 期初数 | D5: 期末数 | E5: 备注 | F5: 负债及所有者权益 | G5: 序号 | H5: 期初数 | I5: 期末数 | J5: 备注
A6: 流动资产： | B6: 1 | F6: 流动负债： | G6: 34
A7: 货币资金 | B7: 2 | C7: 56583.55 | D7: 53356.05 | F7: 短期借款 | G7: 35 | H7: 7000000 | I7: 7000000
A8: 交易性金融资产 | B8: 3 | F8: 交易性金融负债 | G8: 36
A9: 应收票据 | B9: 4 | F9: 应付票据 | G9: 37
A10: 应收账款 | B10: 5 | C10: 79680.7 | D10: 1029680.7 | F10: 应付账款 | G10: 38 | H10: 2.7164166e+08 | I10: 2.6795768e+08
A11: 预付款项 | B11: 6 | C11: 12890759 | D11: 12272390 | F11: 预收款项 | G11: 39 | H11: 7434380.9 | I11: 12272208
A12: 应收利息 | B12: 7 | F12: 应付职工薪酬 | G12: 40 | H12: 17594536 | I12: 22957039
A13: 应收股利 | B13: 8 | F13: 应交税费 | G13: 41 | H13: 1517826.3 | I13: 2648559.6
A14: 其他应收款 | B14: 9 | C14: 1.9045746e+08 | D14: 1.8978786e+08 | F14: 应付利息 | G14: 42
A15: 存货 | B15: 10 | C15: =5796497.54+221358.12 -> 6017855.7 | D15: 5903924 | F15: 应付股利 | G15: 43
A16: 一年内到期的非流动资产 | B16: 11 | F16: 其他应付款 | G16: 44 | H16: 5733556.3 | I16: 6747863.9
A17: 其他流动资产 | B17: 12 | F17: 一年内到期的非流动负债 | G17: 45
A18: 流动资产合计 | B18: 13 | C18: =SUM(C7:C17) -> 2.0950233e+08 | D18: =SUM(D7:D17) -> 2.0904721e+08 | F18: 其他流动负债 | G18: 46
A19: 非流动资产： | B19: 14 | F19: 流动负债合计 | G19: 47 | H19: =SUM(H7:H18) -> 3.1092196e+08 | I19: =SUM(I7:I18) -> 3.1958336e+08
A20: 可供出售金融资产 | B20: 15 | F20: 非流动负债： | G20: 48
A21: 持有至到期投资 | B21: 16 | F21: 长期借款 | G21: 49 | H21: 1200000 | I21: 1200000
A22: 长期应收款 | B22: 17 | F22: 应付债券 | G22: 50
A23: 长期股权投资 | B23: 18 | F23: 长期应付款 | G23: 51
A24: 投资性房地产 | B24: 19 | F24: 专项应付款 | G24: 52
A25: 固定资产 | B25: 20 | C25: 65099216 | D25: 57707378 | F25: 预计负债 | G25: 53
A26: 在建工程 | B26: 21 | C26: 470209.4 | F26: 递延所得税负债 | G26: 54
A27: 工程物资 | B27: 22 | F27: 其他非流动负债 | G27: 55
A28: 固定资产清理 | B28: 23 | F28: 非流动负债合计 | G28: 56 | H28: =SUM(H21:H27) -> 1200000 | I28: =SUM(I21:I27) -> 1200000
A29: 生产性生物资产 | B29: 24 | F29: 负债合计 | G29: 57 | H29: =H19+H28 -> 3.1212196e+08 | I29: =I19+I28 -> 3.2078336e+08
A30: 油气资产 | B30: 25 | F30: 所有者权益： | G30: 58
A31: 无形资产 | B31: 26 | C31: 4189943.8 | D31: 4085613 | F31: 实收资本 | G31: 59 | H31: 52600000 | I31: 52600000
A32: 开发支出 | B32: 27 | F32: 资本公积 | G32: 60 | H32: 3684972 | I32: 3684972
A33: 商誉 | B33: 28 | F33: 减：库存股 | G33: 61
A34: 长期待摊费用 | B34: 29 | F34: 盈余公积 | G34: 62 | H34: 1930660.9 | I34: 1930660.9
A35: 递延所得税资产 | B35: 30 | F35: 专项储备 | G35: 63 | H35: 9296861.4 | I35: 9427083.8
A36: 其他非流动资产 | B36: 31 | F36: 未分配利润 | G36: 64 | H36: -1.0037275e+08 | I36: -1.1758587e+08
A37: 非流动资产合计 | B37: 32 | C37: =SUM(C20:C36) -> 69759370 | D37: =SUM(D20:D36) -> 61792991 | F37: 所有制权益合计 | G37: 65 | H37: =SUM(H31:H36) -> -32860257 | I37: =SUM(I31:I36) -> -49943157
A38: 资产总计 | B38: 33 | C38: =SUM(C37,C18) -> 2.792617e+08 | D38: =SUM(D37,D18) -> 2.708402e+08 | F38: 负债及所有者权益合计 | G38: 66 | H38: =H29+H37 -> 2.792617e+08 | I38: =I29+I37 -> 2.708402e+08
F39: 与总资产相差 | G39: 66 | H39: =H38-C38 -> 0 | I39: =I38-D38 -> 0
C40: 填表人： | E40: 财务主管： | F40: =IF(基本情况!I8="","",基本情况!I8) | H40: 负责人： | I40: =IF(基本情况!I5="","",基本情况!I5) -> 0

Sheet 审定数
A1: 科目 | B1: 金额

Sheet 1-汇总表
A1: 返回索引页
A2: 资 产 评 估 结 果 汇 总 表
A3: =封面!D11&封面!E11&封面!F11&封面!G11&封面!H11&封面!I11&封面!J11 -> 评估基准日：2020年7月30日
G4: 表1
A5: =封面!D13&封面!E13 -> 被评估单位（或产权持有单位）：贡山县隆鑫矿业有限公司 | G5: 金额单位：人民币万元
A6: 项 目 | C6: 审计前账面值 | D6: 账面价值 | E6: 评估价值 | F6: 增减值 | G6: 增值率％
D7: A | E7: C | F7: D=C-B | G7: E=D/B×100%
A8: 1 | B8: 流动资产 | C8: ='2-分类汇总'!C7/10000 -> 0 | D8: ='2-分类汇总'!D7/10000 -> 0 | E8: ='2-分类汇总'!E7/10000 -> 0 | F8: ='2-分类汇总'!F7/10000 -> 0 | G8: =IF(D8=0,"",F8/D8*100)
A9: 2 | B9: 非流动资产 | C9: ='2-分类汇总'!C20/10000 -> #REF! | D9: ='2-分类汇总'!D20/10000 -> 0 | E9: ='2-分类汇总'!E20/10000 -> 6578.6 | F9: ='2-分类汇总'!F20/10000 -> #VALUE! | G9: =IF(D9=0,"",F9/D9*100)
A10: 3 | B10: 其中：可供出售金融资产 | C10: ='2-分类汇总'!C21/10000 -> 0 | D10: ='2-分类汇总'!D21/10000 -> 0 | E10: ='2-分类汇总'!E21/10000 -> 0 | F10: ='2-分类汇总'!F21/10000 -> 0 | G10: =IF(D10=0,"",F10/D10*100) | H10: =IF(E10=0,"",G10/E10*100)
A11: 4 | B11: 持有至到期投资 | C11: ='2-分类汇总'!C22/10000 -> 0 | D11: ='2-分类汇总'!D22/10000 -> 0 | E11: ='2-分类汇总'!E22/10000 -> 0 | F11: ='2-分类汇总'!F22/10000 -> 0 | G11: =IF(D11=0,"",F11/D11*100) | H11: =IF(E11=0,"",G11/E11*100)
A12: 5 | B12: 长期应收款 | C12: ='2-分类汇总'!C23/10000 -> 0 | D12: ='2-分类汇总'!D23/10000 -> 0 | E12: ='2-分类汇总'!E23/10000 -> 0 | F12: ='2-分类汇总'!F23/10000 -> 0 | G12: =IF(D12=0,"",F12/D12*100) | H12: =IF(E12=0,"",G12/E12*100)
A13: 6 | B13: 长期股权投资 | C13: ='2-分类汇总'!C24/10000 -> 0 | D13: ='2-分类汇总'!D24/10000 -> 0 | E13: ='2-分类汇总'!E24/10000 -> 0 | F13: ='2-分类汇总'!F24/10000 -> 0 | G13: =IF(D13=0,"",F13/D13*100) | H13: =IF(E13=0,"",G13/E13*100)
A14: 7 | B14: 投资性房地产 | C14: ='2-分类汇总'!C25/10000 -> 0 | D14: ='2-分类汇总'!D25/10000 -> 0 | E14: ='2-分类汇总'!E25/10000 -> 0 | F14: ='2-分类汇总'!F25/10000 -> 0 | G14: =IF(D14=0,"",F14/D14*100) | H14: =IF(E14=0,"",G14/E14*100)
A15: 8 | B15: 固定资产 | C15: ='2-分类汇总'!C26/10000 -> #REF! | D15: ='2-分类汇总'!D26/10000 -> #VALUE! | E15: ='2-分类汇总'!E26/10000 -> 0 | F15: ='2-分类汇总'!F26/10000 -> #VALUE! | G15: =IF(D15=0,"",F15/D15*100) -> #VALUE!
A16: 9 | B16: 在建工程 | C16: ='2-分类汇总'!C27/10000 -> 0 | E16: ='2-分类汇总'!E27/10000 -> 0 | G16: =IF(D16=0,"",F16/D16*100) | H16: =IF(E16=0,"",G16/E16*100)
A17: 10 | B17: 工程物资 | C17: ='2-分类汇总'!C28/10000 -> 0 | D17: ='2-分类汇总'!D28/10000 -> 0 | E17: ='2-分类汇总'!E28/10000 -> 0 | F17: ='2-分类汇总'!F28/10000 -> 0 | G17: =IF(D17=0,"",F17/D17*100) | H17: =IF(E17=0,"",G17/E17*100)
A18: 11 | B18: 固定资产清理 | C18: ='2-分类汇总'!C29/10000 -> 0 | D18: ='2-分类汇总'!D29/10000 -> 0 | E18: ='2-分类汇总'!E29/10000 -> 0 | F18: ='2-分类汇总'!F29/10000 -> 0 | G18: =IF(D18=0,"",F18/D18*100)
A19: 12 | B19: 生产性生物资产 | C19: ='2-分类汇总'!C30/10000 -> 0 | D19: ='2-分类汇总'!D30/10000 -> 0 | E19: ='2-分类汇总'!E30/10000 -> 0 | F19: ='2-分类汇总'!F30/10000 -> 0 | G19: =IF(D19=0,"",F19/D19*100)
A20: 13 | B20: 油气资产 | C20: ='2-分类汇总'!C31/10000 -> 0 | D20: ='2-分类汇总'!D31/10000 -> 0 | E20: ='2-分类汇总'!E31/10000 -> 0 | F20: ='2-分类汇总'!F31/10000 -> 0 | G20: =IF(D20=0,"",F20/D20*100)
A21: 14 | B21: 无形资产 | C21: ='2-分类汇总'!C32/10000 -> 0 | D21: ='2-分类汇总'!D32/10000 -> 0 | E21: ='2-分类汇总'!E32/10000 -> 6578.6 | F21: ='2-分类汇总'!F32/10000 -> 6578.6 | G21: =IF(D21=0,"",F21/D21*100)
A22: 15 | B22: 开发支出 | C22: ='2-分类汇总'!C33/10000 -> 0 | D22: ='2-分类汇总'!D33/10000 -> 0 | E22: ='2-分类汇总'!E33/10000 -> 0 | F22: ='2-分类汇总'!F33/10000 -> 0 | G22: =IF(D22=0,"",F22/D22*100)
A23: 16 | B23: 商誉 | C23: ='2-分类汇总'!C34/10000 -> 0 | D23: ='2-分类汇总'!D34/10000 -> 0 | E23: ='2-分类汇总'!E34/10000 -> 0 | F23: ='2-分类汇总'!F34/10000 -> 0 | G23: =IF(D23=0,"",F23/D23*100)
A24: 17 | B24: 长期待摊费用 | C24: ='2-分类汇总'!C35/10000 -> 0 | E24: ='2-分类汇总'!E35/10000 -> 0 | G24: =IF(D24=0,"",F24/D24*100)
A25: 18 | B25: 递延所得税资产 | C25: ='2-分类汇总'!C36/10000 -> 0 | D25: ='2-分类汇总'!D36/10000 -> 0 | E25: ='2-分类汇总'!E36/10000 -> 0 | F25: ='2-分类汇总'!F36/10000 -> 0 | G25: =IF(D25=0,"",F25/D25*100)
A26: 19 | B26: 其他非流动资产 | C26: ='2-分类汇总'!C37/10000 -> 0 | E26: ='2-分类汇总'!E37/10000 -> 0 | G26: =IF(D26=0,"",F26/D26*100)
A27: 20 | B27: 资产总计 | C27: =SUM(C8,C9) -> #REF! | D27: =SUM(D8,D9) -> 0 | E27: =SUM(E8,E9) -> 6578.6 | F27: =SUM(F8,F9) -> #VALUE! | G27: =IF(D27=0,"",F27/D27*100)
A28: 21 | B28: 流动负债 | C28: ='2-分类汇总'!C40/10000 -> #REF! | E28: ='2-分类汇总'!E40/10000 -> 0 | G28: =IF(D28=0,"",F28/D28*100)
A29: 22 | B29: 非流动负债 | C29: ='2-分类汇总'!C54/10000 -> 0 | E29: ='2-分类汇总'!E54/10000 -> 0 | G29: =IF(D29=0,"",F29/D29*100)
A30: 23 | B30: 负债合计 | C30: =SUM(C28,C29) -> #REF! | D30: =SUM(D28,D29) -> 0 | E30: =SUM(E28,E29) -> 0 | F30: =SUM(F28,F29) -> 0 | G30: =IF(D30=0,"",F30/D30*100)
A31: 24 | B31: 净资产（所有者权益） | C31: =C27-C30 -> #REF! | D31: =D27-D30 -> 0 | E31: =E27-E30 -> 6578.6 | F31: =F27-F30 -> #VALUE! | G31: =IF(D31=0,"",F31/D31*100)
A32: 评估机构：云南通域房地产土地资产评估有限公司

Sheet 2-分类汇总
A1: 返回索引页 | B1: 返回
A2: 资产评估结果分类汇总表
A3: ='1-汇总表'!A3:G3 -> 评估基准日：2020年7月30日
G4: 表2
A5: ='1-汇总表'!A5 -> 被评估单位（或产权持有单位）：贡山县隆鑫矿业有限公司 | G5: 金额单位：人民币元 | I5: =IF(COUNTIF(I7:I93,">0")+COUNTIF(I7:I93,"<0")>0,"出错","OK") -> 出错 | K5: =IF(COUNTIF(K7:K93,">0")+COUNTIF(K7:K93,"<0")>0,"出错","OK") -> OK
A6: 序号 | B6: 科目名称 | C6: 审计前账面值 | D6: 账面价值 | E6: 评估价值 | F6: 增减值 | G6: 增值率% | H6: 企业报表数 | I6: 差异 | J6: 审定数 | K6: 差异
A7: 1 | B7: 一、流动资产合计 | C7: =SUM(C8:C18) -> 0 | D7: =SUM(D8:D18) -> 0 | E7: =SUM(E8:E18) -> 0 | F7: =SUM(F8:F18) -> 0 | G7: =IF(D7=0,"",F7/D7*100) | H7: =资产负债表!D18 -> 2.0904721e+08 | I7: =ROUND(C7-H7,2) -> -2.0904721e+08 | J7: =SUMIF(审定数!$A:$A,"流动资产合计",审定数!$B:$B) -> 0 | K7: =ROUND(D7-J7,2) -> 0
A8: 2 | B8: 货币资金 | C8: ='3-流动汇总'!E7 -> 0 | E8: ='3-流动汇总'!G7 -> 0 | F8: =E8-D8 -> 0 | G8: =IF(D8=0,"",F8/D8*100) | H8: =资产负债表!D7 -> 53356.05 | I8: =ROUND(C8-H8,2) -> -53356.05 | J8: =SUMIF(审定数!$A:$A,B8,审定数!$B:$B) -> 0 | K8: =ROUND(D8-J8,2) -> 0
A9: 3 | B9: 交易性金融资产 | C9: ='3-流动汇总'!E8 -> 0 | E9: ='3-流动汇总'!G8 -> 0 | F9: =E9-D9 -> 0 | G9: =IF(D9=0,"",F9/D9*100) | H9: =资产负债表!D8 -> 0 | I9: =ROUND(C9-H9,2) -> 0 | J9: =SUMIF(审定数!$A:$A,B9,审定数!$B:$B) -> 0 | K9: =ROUND(D9-J9,2) -> 0
A10: 4 | B10: 应收票据 | C10: ='3-流动汇总'!E9 -> 0 | E10: ='3-流动汇总'!G9 -> 0 | F10: =E10-D10 -> 0 | G10: =IF(D10=0,"",F10/D10*100) | H10: =资产负债表!D9 -> 0 | I10: =ROUND(C10-H10,2) -> 0 | J10: =SUMIF(审定数!$A:$A,B10,审定数!$B:$B) -> 0 | K10: =ROUND(D10-J10,2) -> 0
A11: 5 | B11: 应收账款 | C11: ='3-流动汇总'!E10 -> 0 | E11: ='3-流动汇总'!G10 -> 0 | F11: =E11-D11 -> 0 | G11: =IF(D11=0,"",F11/D11*100) | H11: =资产负债表!D10 -> 1029680.7 | I11: =ROUND(C11-H11,2) -> -1029680.7 | J11: =SUMIF(审定数!$A:$A,B11,审定数!$B:$B) -> 0 | K11: =ROUND(D11-J11,2) -> 0
A12: 6 | B12: 预付款项 | C12: ='3-流动汇总'!E11 -> 0 | E12: ='3-流动汇总'!G11 -> 0 | F12: =E12-D12 -> 0 | G12: =IF(D12=0,"",F12/D12*100) | H12: =资产负债表!D11 -> 12272390 | I12: =ROUND(C12-H12,2) -> -12272390 | J12: =SUMIF(审定数!$A:$A,B12,审定数!$B:$B)+SUMIF(审定数!$A:$A,"预付账款",审定数!$B:$B) -> 0 | K12: =ROUND(D12-J12,2) -> 0
A13: 7 | B13: 应收利息 | C13: ='3-流动汇总'!E12 -> 0 | D13: ='3-流动汇总'!F12 -> 0 | E13: ='3-流动汇总'!G12 -> 0 | F13: =E13-D13 -> 0 | G13: =IF(D13=0,"",F13/D13*100) | H13: =资产负债表!D12 -> 0 | I13: =ROUND(C13-H13,2) -> 0 | J13: =SUMIF(审定数!$A:$A,B13,审定数!$B:$B) -> 0 | K13: =ROUND(D13-J13,2) -> 0
A14: 8 | B14: 应收股利 | C14: ='3-流动汇总'!E13 -> 0 | D14: ='3-流动汇总'!F13 -> 0 | E14: ='3-流动汇总'!G13 -> 0 | F14: =E14-D14 -> 0 | G14: =IF(D14=0,"",F14/D14*100) | H14: =资产负债表!D13 -> 0 | I14: =ROUND(C14-H14,2) -> 0 | J14: =SUMIF(审定数!$A:$A,B14,审定数!$B:$B) -> 0 | K14: =ROUND(D14-J14,2) -> 0
A15: 9 | B15: 其他应收款 | C15: ='3-流动汇总'!E14 -> 0 | E15: ='3-流动汇总'!G14 -> 0 | F15: =E15-D15 -> 0 | G15: =IF(D15=0,"",F15/D15*100) | H15: =资产负债表!D14 -> 1.8978786e+08 | I15: =ROUND(C15-H15,2) -> -1.8978786e+08 | J15: =SUMIF(审定数!$A:$A,B15,审定数!$B:$B) -> 0 | K15: =ROUND(D15-J15,2) -> 0
A16: 10 | B16: 存货 | C16: ='3-流动汇总'!E15 -> 0 | D16: ='3-流动汇总'!F15 -> 0 | E16: ='3-流动汇总'!G15 -> 0 | F16: =E16-D16 -> 0 | G16: =IF(D16=0,"",F16/D16*100) | H16: =资产负债表!D15 -> 5903924 | I16: =ROUND(C16-H16,2) -> -5903924 | J16: =SUMIF(审定数!$A:$A,B16,审定数!$B:$B) -> 0 | K16: =ROUND(D16-J16,2) -> 0
A17: 11 | B17: 一年内到期的非流动资产 | C17: ='3-流动汇总'!E16 -> 0 | D17: ='3-流动汇总'!F16 -> 0 | E17: ='3-流动汇总'!G16 -> 0 | F17: =E17-D17 -> 0 | G17: =IF(D17=0,"",F17/D17*100) | H17: =资产负债表!D16 -> 0 | I17: =ROUND(C17-H17,2) -> 0 | J17: =SUMIF(审定数!$A:$A,B17,审定数!$B:$B) -> 0 | K17: =ROUND(D17-J17,2) -> 0
A18: 12 | B18: 其他流动资产 | C18: ='3-流动汇总'!E17 -> 0 | D18: ='3-流动汇总'!F17 -> 0 | E18: ='3-流动汇总'!G17 -> 0 | F18: =E18-D18 -> 0 | G18: =IF(D18=0,"",F18/D18*100) | H18: =资产负债表!D17 -> 0 | I18: =ROUND(C18-H18,2) -> 0 | J18: =SUMIF(审定数!$A:$A,B18,审定数!$B:$B) -> 0 | K18: =ROUND(D18-J18,2) -> 0
G19: =IF(D19=0,"",F19/D19*100)
A20: 13 | B20: 二、非流动资产合计 | C20: =SUM(C21:C37) -> #REF! | D20: =SUM(D21:D37) -> 0 | E20: =SUM(E21:E37) -> 65785950 | F20: =SUM(F21:F37) -> #VALUE! | G20: =IF(D20=0,"",F20/D20*100) | H20: =资产负债表!D37 -> 61792991 | I20: =ROUND(C20-H20,2) -> #REF! | J20: =SUMIF(审定数!$A:$A,"非流动资产合计",审定数!$B:$B) -> 0 | K20: =ROUND(D20-J20,2) -> 0
A21: 14 | B21: 可供出售金融资产 | C21: ='4-非流动资产汇总'!C7 -> 0 | D21: ='4-非流动资产汇总'!D7 -> 0 | E21: ='4-非流动资产汇总'!E7 -> 0 | F21: =E21-D21 -> 0 | G21: =IF(D21=0,"",F21/D21*100) | H21: =资产负债表!D20 -> 0 | I21: =ROUND(C21-H21,2) -> 0 | J21: =SUMIF(审定数!$A:$A,B21,审定数!$B:$B) -> 0 | K21: =ROUND(D21-J21,2) -> 0
A22: 15 | B22: 持有至到期投资 | C22: ='4-非流动资产汇总'!C8 -> 0 | D22: ='4-非流动资产汇总'!D8 -> 0 | E22: ='4-非流动资产汇总'!E8 -> 0 | F22: =E22-D22 -> 0 | G22: =IF(D22=0,"",F22/D22*100) | H22: =资产负债表!D21 -> 0 | I22: =ROUND(C22-H22,2) -> 0 | J22: =SUMIF(审定数!$A:$A,B22,审定数!$B:$B) -> 0 | K22: =ROUND(D22-J22,2) -> 0
A23: 16 | B23: 长期应收款 | C23: ='4-非流动资产汇总'!C9 -> 0 | D23: ='4-非流动资产汇总'!D9 -> 0 | E23: ='4-非流动资产汇总'!E9 -> 0 | F23: =E23-D23 -> 0 | G23: =IF(D23=0,"",F23/D23*100) | H23: =资产负债表!D22 -> 0 | I23: =ROUND(C23-H23,2) -> 0 | J23: =SUMIF(审定数!$A:$A,B23,审定数!$B:$B) -> 0 | K23: =ROUND(D23-J23,2) -> 0
A24: 17 | B24: 长期股权投资 | C24: ='4-非流动资产汇总'!C10 -> 0 | D24: ='4-非流动资产汇总'!D10 -> 0 | E24: ='4-非流动资产汇总'!E10 -> 0 | F24: =E24-D24 -> 0 | G24: =IF(D24=0,"",F24/D24*100) | H24: =资产负债表!D23 -> 0 | I24: =ROUND(C24-H24,2) -> 0 | J24: =SUMIF(审定数!$A:$A,B24,审定数!$B:$B) -> 0 | K24: =ROUND(D24-J24,2) -> 0
A25: 18 | B25: 投资性房地产 | C25: ='4-非流动资产汇总'!C11 -> 0 | D25: ='4-非流动资产汇总'!D11 -> 0 | E25: ='4-非流动资产汇总'!E11 -> 0 | F25: =E25-D25 -> 0 | G25: =IF(D25=0,"",F25/D25*100) | H25: =资产负债表!D24 -> 0 | I25: =ROUND(C25-H25,2) -> 0 | J25: =SUMIF(审定数!$A:$A,B25,审定数!$B:$B) -> 0 | K25: =ROUND(D25-J25,2) -> 0
A26: 19 | B26: 固定资产 | C26: ='4-非流动资产汇总'!C12 -> #REF! | D26: ='4-非流动资产汇总'!D12 -> - | E26: ='4-非流动资产汇总'!E12 -> 0 | F26: =E26-D26 -> #VALUE! | G26: =IF(D26=0,"",F26/D26*100) -> #VALUE! | H26: =资产负债表!D25 -> 57707378 | I26: =ROUND(C26-H26,2) -> #REF! | J26: =SUMIF(审定数!$A:$A,B26,审定数!$B:$B) -> 0 | K26: =ROUND(D26-J26,2) -> #VALUE!
A27: 20 | B27: 在建工程 | C27: ='4-非流动资产汇总'!C13 -> 0 | E27: ='4-非流动资产汇总'!E13 -> 0 | F27: =E27-D27 -> 0 | G27: =IF(D27=0,"",F27/D27*100) | H27: =资产负债表!D26 -> 0 | I27: =ROUND(C27-H27,2) -> 0 | J27: =SUMIF(审定数!$A:$A,B27,审定数!$B:$B) -> 0 | K27: =ROUND(D27-J27,2) -> 0
A28: 21 | B28: 工程物资 | C28: ='4-非流动资产汇总'!C14 -> 0 | D28: ='4-非流动资产汇总'!D14 -> 0 | E28: ='4-非流动资产汇总'!E14 -> 0 | F28: =E28-D28 -> 0 | G28: =IF(D28=0,"",F28/D28*100) | H28: =资产负债表!D27 -> 0 | I28: =ROUND(C28-H28,2) -> 0 | J28: =SUMIF(审定数!$A:$A,B28,审定数!$B:$B) -> 0 | K28: =ROUND(D28-J28,2) -> 0
A29: 22 | B29: 固定资产清理 | C29: ='4-非流动资产汇总'!C15 -> 0 | D29: ='4-非流动资产汇总'!D15 -> 0 | E29: ='4-非流动资产汇总'!E15 -> 0 | F29: =E29-D29 -> 0 | G29: =IF(D29=0,"",F29/D29*100) | H29: =资产负债表!D28 -> 0 | I29: =ROUND(C29-H29,2) -> 0 | J29: =SUMIF(审定数!$A:$A,B29,审定数!$B:$B) -> 0 | K29: =ROUND(D29-J29,2) -> 0
A30: 23 | B30: 生产性生物资产 | C30: ='4-非流动资产汇总'!C16 -> 0 | D30: ='4-非流动资产汇总'!D16 -> 0 | E30: ='4-非流动资产汇总'!E16 -> 0 | F30: =E30-D30 -> 0 | G30: =IF(D30=0,"",F30/D30*100) | H30: =资产负债表!D29 -> 0 | I30: =ROUND(C30-H30,2) -> 0 | J30: =SUMIF(审定数!$A:$A,B30,审定数!$B:$B) -> 0 | K30: =ROUND(D30-J30,2) -> 0
A31: 24 | B31: 油气资产 | C31: ='4-非流动资产汇总'!C17 -> 0 | D31: ='4-非流动资产汇总'!D17 -> 0 | E31: ='4-非流动资产汇总'!E17 -> 0 | F31: =E31-D31 -> 0 | G31: =IF(D31=0,"",F31/D31*100) | H31: =资产负债表!D30 -> 0 | I31: =ROUND(C31-H31,2) -> 0 | J31: =SUMIF(审定数!$A:$A,B31,审定数!$B:$B) -> 0 | K31: =ROUND(D31-J31,2) -> 0
A32: 25 | B32: 无形资产 | C32: ='4-非流动资产汇总'!C18 -> 0 | D32: ='4-非流动资产汇总'!D18 -> 0 | E32: ='4-非流动资产汇总'!E18 -> 65785950 | F32: =E32-D32 -> 65785950 | G32: =IF(D32=0,"",F32/D32*100) | H32: =资产负债表!D31 -> 4085613 | I32: =ROUND(C32-H32,2) -> -4085613 | J32: =SUMIF(审定数!$A:$A,B32,审定数!$B:$B) -> 0 | K32: =ROUND(D32-J32,2) -> 0
A33: 26 | B33: 开发支出 | C33: ='4-非流动资产汇总'!C19 -> 0 | D33: ='4-非流动资产汇总'!D19 -> 0 | E33: ='4-非流动资产汇总'!E19 -> 0 | F33: =E33-D33 -> 0 | G33: =IF(D33=0,"",F33/D33*100) | H33: =资产负债表!D32 -> 0 | I33: =ROUND(C33-H33,2) -> 0 | J33: =SUMIF(审定数!$A:$A,B33,审定数!$B:$B) -> 0 | K33: =ROUND(D33-J33,2) -> 0
A34: 27 | B34: 商誉 | C34: ='4-非流动资产汇总'!C20 -> 0 | D34: ='4-非流动资产汇总'!D20 -> 0 | E34: ='4-非流动资产汇总'!E20 -> 0 | F34: =E34-D34 -> 0 | G34: =IF(D34=0,"",F34/D34*100) | H34: =资产负债表!D33 -> 0 | I34: =ROUND(C34-H34,2) -> 0 | J34: =SUMIF(审定数!$A:$A,B34,审定数!$B:$B) -> 0 | K34: =ROUND(D34-J34,2) -> 0
A35: 28 | B35: 长期待摊费用 | C35: ='4-非流动资产汇总'!C21 -> 0 | E35: ='4-非流动资产汇总'!E21 -> 0 | F35: =E35-D35 -> 0 | G35: =IF(D35=0,"",F35/D35*100) | H35: =资产负债表!D34 -> 0 | I35: =ROUND(C35-H35,2) -> 0 | J35: =SUMIF(审定数!$A:$A,B35,审定数!$B:$B) -> 0 | K35: =ROUND(D35-J35,2) -> 0
A36: 29 | B36: 递延所得税资产 | C36: ='4-非流动资产汇总'!C22 -> 0 | D36: ='4-非流动资产汇总'!D22 -> 0 | E36: ='4-非流动资产汇总'!E22 -> 0 | F36: =E36-D36 -> 0 | G36: =IF(D36=0,"",F36/D36*100) | H36: =资产负债表!D35 -> 0 | I36: =ROUND(C36-H36,2) -> 0 | J36: =SUMIF(审定数!$A:$A,B36,审定数!$B:$B) -> 0 | K36: =ROUND(D36-J36,2) -> 0
A37: 30 | B37: 其他非流动资产 | C37: ='4-非流动资产汇总'!C23 -> 0 | E37: ='4-非流动资产汇总'!E23 -> 0 | F37: =E37-D37 -> 0 | G37: =IF(D37=0,"",F37/D37*100) | H37: =资产负债表!D36 -> 0 | I37: =ROUND(C37-H37,2) -> 0 | J37: =SUMIF(审定数!$A:$A,B37,审定数!$B:$B) -> 0 | K37: =ROUND(D37-J37,2) -> 0
G38: =IF(D38=0,"",F38/D38*100)
A39: 31 | B39: 三、资产总计 | C39: =SUM(C7,C20) -> #REF! | D39: =SUM(D7,D20) -> 0 | E39: =SUM(E7,E20) -> 65785950 | F39: =SUM(F7,F20) -> #VALUE! | G39: =IF(D39=0,"",F39/D39*100) | H39: =资产负债表!D38 -> 2.708402e+08 | I39: =ROUND(C39-H39,2) -> #REF! | J39: =SUMIF(审定数!$A:$A,"资产合计",审定数!$B:$B)+SUMIF(审定数!$A:$A,"资产总计",审定数!$B:$B) -> 0 | K39: =ROUND(D39-J39,2) -> 0
A40: 32 | B40: 四、流动负债合计 | C40: =SUM(C41:C52) -> #REF! | D40: =SUM(D41:D52) -> 0 | E40: =SUM(E41:E52) -> 0 | F40: =SUM(F41:F52) -> 0 | G40: =IF(D40=0,"",F40/D40*100) | H40: =资产负债表!I19 -> 3.1958336e+08 | I40: =ROUND(C40-H40,2) -> #REF! | J40: =SUMIF(审定数!$A:$A,"流动负债合计",审定数!$B:$B) -> 0 | K40: =ROUND(D40-J40,2) -> 0
A41: 33 | B41: 短期借款 | C41: ='5流动负债汇总'!C7 -> 0 | E41: ='5流动负债汇总'!E7 -> 0 | F41: =E41-D41 -> 0 | G41: =IF(D41=0,"",F41/D41*100) | H41: =资产负债表!I7 -> 7000000 | I41: =ROUND(C41-H41,2) -> -7000000 | J41: =SUMIF(审定数!$A:$A,B41,审定数!$B:$B) -> 0 | K41: =ROUND(D41-J41,2) -> 0
A42: 34 | B42: 交易性金融负债 | C42: ='5流动负债汇总'!C8 -> 0 | D42: ='5流动负债汇总'!D8 -> 0 | E42: ='5流动负债汇总'!E8 -> 0 | F42: =E42-D42 -> 0 | G42: =IF(D42=0,"",F42/D42*100) | H42: =资产负债表!I8 -> 0 | I42: =ROUND(C42-H42,2) -> 0 | J42: =SUMIF(审定数!$A:$A,B42,审定数!$B:$B) -> 0 | K42: =ROUND(D42-J42,2) -> 0
A43: 35 | B43: 应付票据 | C43: ='5流动负债汇总'!C9 -> 0 | E43: ='5流动负债汇总'!E9 -> 0 | F43: =E43-D43 -> 0 | G43: =IF(D43=0,"",F43/D43*100) | H43: =资产负债表!I9 -> 0 | I43: =ROUND(C43-H43,2) -> 0 | J43: =SUMIF(审定数!$A:$A,B43,审定数!$B:$B) -> 0 | K43: =ROUND(D43-J43,2) -> 0
A44: 36 | B44: 应付账款 | C44: ='5流动负债汇总'!C10 -> 0 | E44: ='5流动负债汇总'!E10 -> 0 | F44: =E44-D44 -> 0 | G44: =IF(D44=0,"",F44/D44*100) | H44: =资产负债表!I10 -> 2.6795768e+08 | I44: =ROUND(C44-H44,2) -> -2.6795768e+08 | J44: =SUMIF(审定数!$A:$A,B44,审定数!$B:$B) -> 0 | K44: =ROUND(D44-J44,2) -> 0
A45: 37 | B45: 预收款项 | C45: ='5流动负债汇总'!C11 -> 0 | E45: ='5流动负债汇总'!E11 -> 0 | F45: =E45-D45 -> 0 | G45: =IF(D45=0,"",F45/D45*100) | H45: =资产负债表!I11 -> 12272208 | I45: =ROUND(C45-H45,2) -> -12272208 | J45: =SUMIF(审定数!$A:$A,B45,审定数!$B:$B) -> 0 | K45: =ROUND(D45-J45,2) -> 0
A46: 38 | B46: 应付职工薪酬 | C46: ='5流动负债汇总'!C12 -> 0 | E46: ='5流动负债汇总'!E12 -> 0 | F46: =E46-D46 -> 0 | G46: =IF(D46=0,"",F46/D46*100) | H46: =资产负债表!I12 -> 22957039 | I46: =ROUND(C46-H46,2) -> -22957039 | J46: =SUMIF(审定数!$A:$A,B46,审定数!$B:$B) -> 0 | K46: =ROUND(D46-J46,2) -> 0
A47: 39 | B47: 应交税费 | C47: ='5流动负债汇总'!C13 -> 0 | E47: ='5流动负债汇总'!E13 -> 0 | F47: =E47-D47 -> 0 | G47: =IF(D47=0,"",F47/D47*100) | H47: =资产负债表!I13 -> 2648559.6 | I47: =ROUND(C47-H47,2) -> -2648559.6 | J47: =SUMIF(审定数!$A:$A,B47,审定数!$B:$B) -> 0 | K47: =ROUND(D47-J47,2) -> 0
A48: 40 | B48: 应付利息 | C48: ='5流动负债汇总'!C14 -> 0 | D48: ='5流动负债汇总'!D14 -> 0 | E48: ='5流动负债汇总'!E14 -> 0 | F48: =E48-D48 -> 0 | G48: =IF(D48=0,"",F48/D48*100) | H48: =资产负债表!I14 -> 0 | I48: =ROUND(C48-H48,2) -> 0 | J48: =SUMIF(审定数!$A:$A,B48,审定数!$B:$B) -> 0 | K48: =ROUND(D48-J48,2) -> 0
A49: 41 | B49: 应付股利 | C49: ='5流动负债汇总'!C15 -> 0 | D49: ='5流动负债汇总'!D15 -> 0 | E49: ='5流动负债汇总'!E15 -> 0 | F49: =E49-D49 -> 0 | G49: =IF(D49=0,"",F49/D49*100) | H49: =资产负债表!I15 -> 0 | I49: =ROUND(C49-H49,2) -> 0 | J49: =SUMIF(审定数!$A:$A,B49,审定数!$B:$B) -> 0 | K49: =ROUND(D49-J49,2) -> 0
A50: 42 | B50: 其他应付款 | C50: ='5流动负债汇总'!C16 -> #REF! | E50: ='5流动负债汇总'!E16 -> 0 | F50: =E50-D50 -> 0 | G50: =IF(D50=0,"",F50/D50*100) | H50: =资产负债表!I16 -> 6747863.9 | I50: =ROUND(C50-H50,2) -> #REF! | J50: =SUMIF(审定数!$A:$A,B50,审定数!$B:$B) -> 0 | K50: =ROUND(D50-J50,2) -> 0
A51: 43 | B51: 一年内到期的非流动负债 | C51: ='5流动负债汇总'!C17 -> 0 | D51: ='5流动负债汇总'!D17 -> 0 | E51: ='5流动负债汇总'!E17 -> 0 | F51: =E51-D51 -> 0 | G51: =IF(D51=0,"",F51/D51*100) | H51: =资产负债表!I17 -> 0 | I51: =ROUND(C51-H51,2) -> 0 | J51: =SUMIF(审定数!$A:$A,B51,审定数!$B:$B) -> 0 | K51: =ROUND(D51-J51,2) -> 0
A52: 44 | B52: 其他流动负债 | C52: ='5流动负债汇总'!C18 -> 0 | D52: ='5流动负债汇总'!D18 -> 0 | E52: ='5流动负债汇总'!E18 -> 0 | F52: =E52-D52 -> 0 | G52: =IF(D52=0,"",F52/D52*100) | H52: =资产负债表!I18 -> 0 | I52: =ROUND(C52-H52,2) -> 0 | J52: =SUMIF(审定数!$A:$A,B52,审定数!$B:$B) -> 0 | K52: =ROUND(D52-J52,2) -> 0
G53: =IF(D53=0,"",F53/D53*100)
A54: 45 | B54: 五、非流动负债合计 | C54: =SUM(C55:C61) -> 0 | D54: =SUM(D55:D61) -> 0 | E54: =SUM(E55:E61) -> 0 | F54: =SUM(F55:F61) -> 0 | G54: =IF(D54=0,"",F54/D54*100) | H54: =资产负债表!I28 -> 1200000 | I54: =ROUND(C54-H54,2) -> -1200000 | J54: =SUMIF(审定数!$A:$A,"非流动负债合计",审定数!$B:$B) -> 0 | K54: =ROUND(D54-J54,2) -> 0
A55: 46 | B55: 长期借款 | C55: ='6-非流动负债汇总 '!C7 -> 0 | D55: ='6-非流动负债汇总 '!D7 -> 0 | E55: ='6-非流动负债汇总 '!E7 -> 0 | F55: =E55-D55 -> 0 | G55: =IF(D55=0,"",F55/D55*100) | H55: =资产负债表!I21 -> 1200000 | I55: =ROUND(C55-H55,2) -> -1200000 | J55: =SUMIF(审定数!$A:$A,B55,审定数!$B:$B) -> 0 | K55: =ROUND(D55-J55,2) -> 0
A56: 47 | B56: 应付债券 | C56: ='6-非流动负债汇总 '!C8 -> 0 | D56: ='6-非流动负债汇总 '!D8 -> 0 | E56: ='6-非流动负债汇总 '!E8 -> 0 | F56: =E56-D56 -> 0 | G56: =IF(D56=0,"",F56/D56*100) | H56: =资产负债表!I22 -> 0 | I56: =ROUND(C56-H56,2) -> 0 | J56: =SUMIF(审定数!$A:$A,B56,审定数!$B:$B) -> 0 | K56: =ROUND(D56-J56,2) -> 0
A57: 48 | B57: 长期应付款 | C57: ='6-非流动负债汇总 '!C9 -> 0 | D57: ='6-非流动负债汇总 '!D9 -> 0 | E57: ='6-非流动负债汇总 '!E9 -> 0 | F57: =E57-D57 -> 0 | G57: =IF(D57=0,"",F57/D57*100) | H57: =资产负债表!I23 -> 0 | I57: =ROUND(C57-H57,2) -> 0 | J57: =SUMIF(审定数!$A:$A,B57,审定数!$B:$B) -> 0 | K57: =ROUND(D57-J57,2) -> 0
A58: 49 | B58: 专项应付款 | C58: ='6-非流动负债汇总 '!C10 -> 0 | E58: ='6-非流动负债汇总 '!E10 -> 0 | F58: =E58-D58 -> 0 | G58: =IF(D58=0,"",F58/D58*100) | H58: =资产负债表!I24 -> 0 | I58: =ROUND(C58-H58,2) -> 0 | J58: =SUMIF(审定数!$A:$A,B58,审定数!$B:$B) -> 0 | K58: =ROUND(D58-J58,2) -> 0
A59: 50 | B59: 预计负债 | C59: ='6-非流动负债汇总 '!C11 -> 0 | D59: ='6-非流动负债汇总 '!D11 -> 0 | E59: ='6-非流动负债汇总 '!E11 -> 0 | F59: =E59-D59 -> 0 | G59: =IF(D59=0,"",F59/D59*100) | H59: =资产负债表!I25 -> 0 | I59: =ROUND(C59-H59,2) -> 0 | J59: =SUMIF(审定数!$A:$A,B59,审定数!$B:$B) -> 0 | K59: =ROUND(D59-J59,2) -> 0
A60: 51 | B60: 递延所得税负债 | C60: ='6-非流动负债汇总 '!C12 -> 0 | D60: ='6-非流动负债汇总 '!D12 -> 0 | E60: ='6-非流动负债汇总 '!E12 -> 0 | F60: =E60-D60 -> 0 | G60: =IF(D60=0,"",F60/D60*100) | H60: =资产负债表!I26 -> 0 | I60: =ROUND(C60-H60,2) -> 0 | J60: =SUMIF(审定数!$A:$A,B60,审定数!$B:$B) -> 0 | K60: =ROUND(D60-J60,2) -> 0
A61: 52 | B61: 其他非流动负债 | C61: ='6-非流动负债汇总 '!C13 -> 0 | D61: ='6-非流动负债汇总 '!D13 -> 0 | E61: ='6-非流动负债汇总 '!E13 -> 0 | F61: =E61-D61 -> 0 | G61: =IF(D61=0,"",F61/D61*100) | H61: =资产负债表!I27 -> 0 | I61: =ROUND(C61-H61,2) -> 0 | J61: =SUMIF(审定数!$A:$A,B61,审定数!$B:$B) -> 0 | K61: =ROUND(D61-J61,2) -> 0
G62: =IF(D62=0,"",F62/D62*100)
A63: 53 | B63: 六、负债总计 | C63: =SUM(C40,C54) -> #REF! | D63: =SUM(D40,D54) -> 0 | E63: =SUM(E40,E54) -> 0 | F63: =SUM(F40,F54) -> 0 | G63: =IF(D63=0,"",F63/D63*100) | H63: =资产负债表!I29 -> 3.2078336e+08 | I63: =ROUND(C63-H63,2) -> #REF! | J63: =SUMIF(审定数!$A:$A,"负债合计",审定数!$B:$B)+SUMIF(审定数!$A:$A,"负债总计",审定数!$B:$B) -> 0 | K63: =ROUND(D63-J63,2) -> 0
G64: =IF(D64=0,"",F64/D64*100)
A65: 54 | B65: 七、净资产 | C65: =C39-C63 -> #REF! | D65: =D39-D63 -> 0 | E65: =E39-E63 -> 65785950 | F65: =F39-F63 -> #VALUE! | G65: =IF(D65=0,"",F65/D65*100) | H65: =资产负债表!I36 -> -1.1758587e+08 | I65: =ROUND(C65-H65,2) -> #REF! | J65: =SUMIF(审定数!$A:$A,"净资产",审定数!$B:$B) -> 0 | K65: =ROUND(D65-J65,2) -> 0
A66: 评估机构：云南通域房地产土地资产评估有限公司
A73: 资产减值准备
A74: 序号 | B74: 科目名称 | C74: 审计前账面值 | D74: 账面价值 | E74: 评估价值 | F74: 增值额 | G74: 增值率% | H74: 企业报表数 | I74: 差异 | J74: 审定数 | K74: 差异
A75: 一 | B75: 坏账准备 | C75: =SUM(C76:C78) -> 0 | D75: =SUM(D76:D78) -> 0 | E75: =SUM(E76:E78) -> 0 | F75: =E75-D75 -> 0 | G75: =IF(D75=0,"",(E75-D75)/D75*100) | H75: =资产负债表!D67 -> 0 | I75: =资产负债表!E67 -> 0 | J75: =资产负债表!F67 -> 0 | K75: =资产负债表!G67 -> 0
A76: 1 | B76: 其中：应收账款 | C76: ='3-4应收账款'!F21 -> 0 | D76: ='3-4应收账款'!O21 -> 0 | E76: ='3-4应收账款'!P21 -> 0 | F76: =E76-D76 -> 0 | G76: =IF(D76=0,"",(E76-D76)/D76*100) | I76: =ROUND(C76-H76,2) -> 0 | K76: =ROUND(D76-J76,2) -> 0
A77: 2 | B77: 其他应收款 | C77: ='3-8其他应收款'!F26 -> 0 | D77: ='3-8其他应收款'!O26 -> 0 | E77: ='3-8其他应收款'!P26 -> 0 | F77: =E77-D77 -> 0 | G77: =IF(D77=0,"",(E77-D77)/D77*100) | I77: =ROUND(C77-H77,2) -> 0 | K77: =ROUND(D77-J77,2) -> 0
A78: 3 | B78: 长期应收款 | C78: ='4-3长期应收'!E26 -> 0 | D78: ='4-3长期应收'!F26 -> 0 | E78: ='4-3长期应收'!G26 -> 0 | F78: =E78-D78 -> 0 | G78: =IF(D78=0,"",(E78-D78)/D78*100) | I78: =ROUND(C78-H78,2) -> 0 | K78: =ROUND(D78-J78,2) -> 0
A79: 二 | B79: 存货跌价准备 | C79: ='3-9存货汇总'!C27 -> 0 | D79: ='3-9存货汇总'!D27 -> 0 | E79: ='3-9存货汇总'!E27 -> 0 | F79: =E79-D79 -> 0 | G79: =IF(D79=0,"",(E79-D79)/D79*100) | I79: =ROUND(C79-H79,2) -> 0 | K79: =ROUND(D79-J79,2) -> 0
A80: 三 | B80: 可供出售金融资产减值准备 | C80: ='4-1可供出售金融资产汇总'!C27 -> 0 | D80: ='4-1可供出售金融资产汇总'!D27 -> 0 | E80: ='4-1可供出售金融资产汇总'!E27 -> 0 | F80: =E80-D80 -> 0 | G80: =IF(D80=0,"",(E80-D80)/D80*100) | I80: =ROUND(C80-H80,2) -> 0 | K80: =ROUND(D80-J80,2) -> 0
A81: 四 | B81: 持有至到期投资减值准备 | C81: ='4-2持有到期投资'!H27 -> 0 | D81: ='4-2持有到期投资'!I27 -> 0 | E81: ='4-2持有到期投资'!J27 -> 0 | F81: =E81-D81 -> 0 | G81: =IF(D81=0,"",(E81-D81)/D81*100) | I81: =ROUND(C81-H81,2) -> 0 | K81: =ROUND(D81-J81,2) -> 0
A82: 五 | B82: 长期股权投资减值准备 | C82: ='4-4股权投资'!G27 -> 0 | D82: ='4-4股权投资'!H27 -> 0 | E82: ='4-4股权投资'!I27 -> 0 | F82: =E82-D82 -> 0 | G82: =IF(D82=0,"",(E82-D82)/D82*100) | I82: =ROUND(C82-H82,2) -> 0 | K82: =ROUND(D82-J82,2) -> 0
A83: 六 | B83: 投资性房地产减值准备 | C83: ='4-5投资性房地产汇总'!D27 -> 0 | D83: ='4-5投资性房地产汇总'!F27 -> 0 | E83: ='4-5投资性房地产汇总'!I27 -> 0 | F83: =E83-D83 -> 0 | G83: =IF(D83=0,"",(E83-D83)/D83*100) | I83: =ROUND(C83-H83,2) -> 0 | K83: =ROUND(D83-J83,2) -> 0
A84: 七 | B84: 固定资产减值准备 | C84: ='4-6固定资产汇总'!D20 -> 0 | D84: ='4-6固定资产汇总'!F20 -> - | E84: ='4-6固定资产汇总'!H20 -> 0 | F84: =E84-D84 -> #VALUE! | G84: =IF(D84=0,"",(E84-D84)/D84*100) -> #VALUE! | I84: =ROUND(C84-H84,2) -> 0 | K84: =ROUND(D84-J84,2) -> #VALUE!
A85: 八 | B85: 工程物资减值准备 | C85: ='4-8工程物资'!G27 -> 0 | D85: ='4-8工程物资'!J27 -> 0 | E85: ='4-8工程物资'!M27 -> 0 | F85: =E85-D85 -> 0 | G85: =IF(D85=0,"",(E85-D85)/D85*100) | I85: =ROUND(C85-H85,2) -> 0 | K85: =ROUND(D85-J85,2) -> 0
A86: 九 | B86: 在建工程减值准备 | C86: ='4-7在建工程汇总'!C27 -> 0 | D86: ='4-7在建工程汇总'!D27 -> 0 | E86: ='4-7在建工程汇总'!E27 -> 0 | F86: =E86-D86 -> 0 | G86: =IF(D86=0,"",(E86-D86)/D86*100) | I86: =ROUND(C86-H86,2) -> 0 | K86: =ROUND(D86-J86,2) -> 0
A87: 十 | B87: 生产性生物资产减值准备 | C87: ='4-10生产性生物资产'!H27 -> 0 | D87: ='4-10生产性生物资产'!J27 -> 0 | E87: ='4-10生产性生物资产'!M27 -> 0 | F87: =E87-D87 -> 0 | G87: =IF(D87=0,"",(E87-D87)/D87*100) | I87: =ROUND(C87-H87,2) -> 0 | K87: =ROUND(D87-J87,2) -> 0
A88: 1 | B88: 其中：成熟生产性生物资产 | F88: =E88-D88 -> 0 | G88: =IF(D88=0,"",(E88-D88)/D88*100) | I88: =ROUND(C88-H88,2) -> 0 | K88: =ROUND(D88-J88,2) -> 0
A89: 十一 | B89: 油气资产减值准备 | C89: ='4-11油气资产'!I27 -> 0 | D89: ='4-11油气资产'!K27 -> 0 | E89: ='4-11油气资产'!N27 -> 0 | F89: =E89-D89 -> 0 | G89: =IF(D89=0,"",(E89-D89)/D89*100) | I89: =ROUND(C89-H89,2) -> 0 | K89: =ROUND(D89-J89,2) -> 0
A90: 十二 | B90: 无形资产减值准备 | C90: ='4-12无形资产汇总'!C10 -> 0 | D90: ='4-12无形资产汇总'!D10 -> 0 | E90: ='4-12无形资产汇总'!E10 -> 0 | F90: =E90-D90 -> 0 | G90: =IF(D90=0,"",(E90-D90)/D90*100) | I90: =ROUND(C90-H90,2) -> 0 | K90: =ROUND(D90-J90,2) -> 0
A91: 十三 | B91: 商誉减值准备 | C91: ='4-14商誉'!D27 -> 0 | D91: ='4-14商誉'!E27 -> 0 | E91: ='4-14商誉'!F27 -> 0 | F91: =E91-D91 -> 0 | G91: =IF(D91=0,"",(E91-D91)/D91*100) | I91: =ROUND(C91-H91,2) -> 0 | K91: =ROUND(D91-J91,2) -> 0
A92: 十四 | B92: 其他 | F92: =E92-D92 -> 0 | G92: =IF(D92=0,"",(E92-D92)/D92*100) | I92: =ROUND(C92-H92,2) -> 0 | K92: =ROUND(D92-J92,2) -> 0
B93: 合计 | C93: =SUM(C75,C79:C87,C89:C92) -> 0 | D93: =SUM(D75,D79:D87,D89:D92) -> 0 | E93: =SUM(E75,E79:E87,E89:E92) -> 0 | F93: =E93-D93 -> 0 | G93: =IF(D93=0,"",(E93-D93)/D93*100) | H93: =SUM(H75,H79:H87,H89:H92) -> 0 | I93: =SUM(I75,I79:I87,I89:I92) -> 0 | J93: =SUM(J75,J79:J87,J89:J92) -> 0 | K93: =SUM(K75,K79:K87,K89:K92) -> #VALUE!

Sheet 3-流动汇总
A1: 返回索引页 | B1: 返回
A2: 流动资产评估汇总表
A3: ='1-汇总表'!A3:G3 -> 评估基准日：2020年7月30日
I4: 表3
A5: ='1-汇总表'!A5 -> 被评估单位（或产权持有单位）：贡山县隆鑫矿业有限公司 | I5: 金额单位：人民币元
A6: 编号 | B6: 科目名称 | E6: 审计前账面值 | F6: 账面价值 | G6: 评估价值 | H6: 增减值 | I6: 增值率%
A7: 3-1 | B7: 货币资金 | C7: 存款 | D7: 他币） | E7: ='3-1货币汇总表'!C27 -> 0 | F7: ='3-1货币汇总表'!D27 -> 80935831 | G7: ='3-1货币汇总表'!E27 -> 0 | H7: =G7-F7 -> -80935831 | I7: =IF(F7=0,"",H7/F7*100) -> -100
A8: 3-2 | B8: 交易性金融资产 | E8: ='3-2交易性金融资产汇总'!C28 -> 0 | F8: ='3-2交易性金融资产汇总'!D28 -> 535700 | G8: ='3-2交易性金融资产汇总'!E28 -> 0 | H8: =G8-F8 -> -535700 | I8: =IF(F8=0,"",H8/F8*100) -> -100
A9: 3-3 | B9: 应收票据 | E9: ='3-3应收票据'!H28 -> 0 | F9: ='3-3应收票据'!L28 -> -72000000 | G9: ='3-3应收票据'!M28 -> 0 | H9: =G9-F9 -> 72000000 | I9: =IF(F9=0,"",H9/F9*100) -> -100
A10: 3-4 | B10: 应收账款 | E10: ='3-4应收账款'!F22 -> 0 | F10: ='3-4应收账款'!O22 -> -1.6355489e+08 | G10: ='3-4应收账款'!P22 -> 0 | H10: =G10-F10 -> 1.6355489e+08 | I10: =IF(F10=0,"",H10/F10*100) -> -100
A11: 3-5 | B11: 预付账款 | E11: ='3-5预付账款'!F18 -> 0 | F11: ='3-5预付账款'!O18 -> -5.3461489e+08 | G11: ='3-5预付账款'!P18 -> 0 | H11: =G11-F11 -> 5.3461489e+08 | I11: =IF(F11=0,"",H11/F11*100) -> -100
A12: 3-6 | B12: 应收利息 | E12: ='3-6应收利息'!G28 -> 0 | F12: ='3-6应收利息'!H28 -> 0 | G12: ='3-6应收利息'!I28 -> 0 | H12: =G12-F12 -> 0 | I12: =IF(F12=0,"",H12/F12*100)
A13: 3-7 | B13: 应收股利 | E13: ='3-7应收股利'!E28 -> 0 | F13: ='3-7应收股利'!F28 -> 0 | G13: ='3-7应收股利'!G28 -> 0 | H13: =G13-F13 -> 0 | I13: =IF(F13=0,"",H13/F13*100)
A14: 3-8 | B14: 其他应收款 | E14: ='3-8其他应收款'!F27 -> 0 | F14: ='3-8其他应收款'!O27 -> 2.0386401e+08 | G14: ='3-8其他应收款'!P27 -> 0 | H14: =G14-F14 -> -2.0386401e+08 | I14: =IF(F14=0,"",H14/F14*100) -> -100
A15: 3-9 | B15: 存货 | E15: ='3-9存货汇总'!C28 -> 0 | F15: ='3-9存货汇总'!D28 -> 0 | G15: ='3-9存货汇总'!E28 -> 0 | H15: =G15-F15 -> 0 | I15: =IF(F15=0,"",H15/F15*100)
A16: 3-10 | B16: 一年内到期的非流动资产 | E16: ='3-10一年到期非流动资产'!E28 -> 0 | F16: ='3-10一年到期非流动资产'!F28 -> 0 | G16: ='3-10一年到期非流动资产'!G28 -> 0 | H16: =G16-F16 -> 0
A17: 3-11 | B17: 其他流动资产 | E17: ='3-11其他流动资产'!E28 -> 0 | F17: ='3-11其他流动资产'!F28 -> 0 | G17: ='3-11其他流动资产'!G28 -> 0 | H17: =G17-F17 -> 0
A28: 流动资产合计 | E28: =SUM(E7:E27) -> 0 | F28: =SUM(F7:F27) -> -4.8483424e+08 | G28: =SUM(G7:G27) -> 0 | H28: =SUM(H7:H27) -> 4.8483424e+08 | I28: =IF(F28=0,"",H28/F28*100) -> -100
A29: =封面!D17&封面!E17 -> 被评估单位（或产权持有单位）填表人： | G29: =评估人员!C3&"："&评估人员!D10 -> 评估人员：
A30: =封面!D19&封面!E19&封面!F19&封面!G19&封面!H19&封面!I19&封面!J19 -> 填表日期：2020年5月20日

Sheet 3-1货币汇总表
A1: 返回索引页 | B1: 返回
A2: 货币资金评估汇总表
A3: ='1-汇总表'!A3:G3 -> 评估基准日：2020年7月30日
G4: 表3-1
A5: ='1-汇总表'!A5 -> 被评估单位（或产权持有单位）：贡山县隆鑫矿业有限公司 | G5: 金额单位：人民币元
A6: 编号 | B6: 科目名称 | C6: 审计前账面值 | D6: 账面价值 | E6: 评估价值 | F6: 增减值 | G6: 增值率% | H6: 备注
A7: 3-1-1 | B7: 现金 | C7: ='3-1-1现金'!F26 -> 0 | D7: ='3-1-1现金'!G26 -> -17120.3 | E7: ='3-1-1现金'!H26 -> 0 | F7: =E7-D7 -> 17120.3 | G7: =IF(D7=0,"",F7/D7) -> -1
A8: 3-1-2 | B8: 银行存款 | C8: ='3-1-2银行存款'!G43 -> 0 | D8: ='3-1-2银行存款'!H43 -> -2.9305667e+08 | E8: ='3-1-2银行存款'!I43 -> 0 | F8: =E8-D8 -> 2.9305667e+08 | G8: =IF(D8=0,"",F8/D8) -> -1
A9: 3-1-3 | B9: 其他货币资金 | C9: ='3-1-3其他货币资金'!G28 -> 0 | D9: ='3-1-3其他货币资金'!H28 -> 3.7400962e+08 | E9: ='3-1-3其他货币资金'!I28 -> 0 | F9: =E9-D9 -> -3.7400962e+08 | G9: =IF(D9=0,"",F9/D9) -> -1
A27: 合 计 | C27: =SUM(C7,C8,C9) -> 0 | D27: =SUM(D7,D8,D9) -> 80935831 | E27: =SUM(E7,E8,E9) -> 0 | F27: =SUM(F7,F8,F9) -> -80935831 | G27: =IF(D27=0,"",F27/D27) -> -1
A28: =封面!D17&封面!E17 -> 被评估单位（或产权持有单位）填表人： | F28: =评估人员!C3&"："&评估人员!$D$10 -> 评估人员：
A29: =封面!D19&封面!E19&封面!F19&封面!G19&封面!H19&封面!I19&封面!J19 -> 填表日期：2020年5月20日

Sheet 3-1-1现金
A1: 返回索引页 | B1: 返回
A2: 货币资金—现金评估明细表
A3: ='1-汇总表'!A3:G3 -> 评估基准日：2020年7月30日
J4: 表3-1-1
A5: ='1-汇总表'!A5 -> 被评估单位（或产权持有单位）：贡山县隆鑫矿业有限公司 | J5: 金额单位：人民币元
A6: 序号 | B6: 存放部门（单位) | C6: 币种 | D6: 外币账面金额 | E6: 评估基准日汇率 | F6: 审计前账面值 | G6: 账面价值 | H6: 评估价值 | I6: 增减值 | J6: 增值率%
A7: 1 | B7: 财务部 | C7: 人民币 | G7: -29217.59
A8: 2 | B8: 备用金\矿石运费-段 | G8: 2097.29 | J8: =IF(G8=0,"",(H8-G8)/G8*100) -> -100
A9: 3 | B9: 备用金\车辆费用备用金 | G9: 10000 | J9: =IF(G9=0,"",(H9-G9)/G9*100) -> -100
J10: =IF(G10=0,"",(H10-G10)/G10*100)
J11: =IF(G11=0,"",(H11-G11)/G11*100)
J12: =IF(G12=0,"",(H12-G12)/G12*100)
J13: =IF(G13=0,"",(H13-G13)/G13*100)
J14: =IF(G14=0,"",(H14-G14)/G14*100)
J15: =IF(G15=0,"",(H15-G15)/G15*100)
J16: =IF(G16=0,"",(H16-G16)/G16*100)
J17: =IF(G17=0,"",(H17-G17)/G17*100)
J18: =IF(G18=0,"",(H18-G18)/G18*100)
J19: =IF(G19=0,"",(H19-G19)/G19*100)
J20: =IF(G20=0,"",(H20-G20)/G20*100)
J21: =IF(G21=0,"",(H21-G21)/G21*100)
... J25: =IF(G25=0,"",(H25-G25)/G25*100)
A26: 合 计 | F26: =SUM(F7:F25) -> 0 | G26: =SUM(G7:G25) -> -17120.3 | H26: =SUM(H7:H25) -> 0 | I26: =H26-G26 -> 17120.3 | J26: =IF(G26=0,"",(H26-G26)/G26*100) -> -100
A27: =封面!D17&封面!E17 -> 被评估单位（或产权持有单位）填表人： | I27: =评估人员!C3&"："&评估人员!$D$10 -> 评估人员：
A28: =封面!D19&封面!E19&封面!F19&封面!G19&封面!H19&封面!I19&封面!J19 -> 填表日期：2020年5月20日

Sheet 3-1-2银行存款
A1: 返回索引页 | B1: 返回
A2: 货币资金—银行存款评估明细表
A3: ='1-汇总表'!A3:G3 -> 评估基准日：2020年7月30日
K4: 表3-1-2
A5: ='1-汇总表'!A5 -> 被评估单位（或产权持有单位）：贡山县隆鑫矿业有限公司 | K5: 金额单位：人民币元
A6: 序号 | B6: 开户银行 | C6: 账号 | D6: 币种 | E6: 外币账面金额 | F6: 评估基准日汇率 | G6: 审计前账面值 | H6: 账面价值 | I6: 评估价值 | J6: 增减值 | K6: 增值率%
A7: 1 | B7: 农村信用联社7012 | D7: 人民币 | H7: 2994578.5 | K7: =IF(H7=0,"",(I7-H7)/H7*100) -> -100
A8: 2 | B8: 顺城招行10202 | D8: 人民币 | H8: 27506261 | K8: =IF(H8=0,"",(I8-H8)/H8*100) -> -100
A9: 3 | B9: 恒丰银行0023 | D9: 人民币 | H9: 12048.75 | K9: =IF(H9=0,"",(I9-H9)/H9*100) -> -100
A10: 4 | B10: 交通银行2955 | D10: 人民币 | H10: 397589.79 | K10: =IF(H10=0,"",(I10-H10)/H10*100) -> -100
A11: 5 | B11: 交通银行10664 | D11: 人民币 | H11: -1.2077324e+08 | K11: =IF(H11=0,"",(I11-H11)/H11*100) -> -100
A12: 6 | B12: 农业银行9499 | D12: 人民币 | H12: 21630314 | K12: =IF(H12=0,"",(I12-H12)/H12*100) -> -100
A13: 7 | B13: 中国银行56004 | D13: 人民币 | H13: 204860.45 | K13: =IF(H13=0,"",(I13-H13)/H13*100) -> -100
A14: 8 | B14: 深发行50102 | D14: 人民币 | H14: 85355.96 | K14: =IF(H14=0,"",(I14-H14)/H14*100) -> -100
A15: 9 | B15: 中国银行0792 | D15: 人民币 | H15: 57518.38 | K15: =IF(H15=0,"",(I15-H15)/H15*100) -> -100
A16: 10 | B16: 中国农行玉溪支行1391 | D16: 人民币 | H16: 520.94 | K16: =IF(H16=0,"",(I16-H16)/H16*100) -> -100
A17: 11 | B17: 上海浦发行0311 | D17: 人民币 | H17: 42920.85 | K17: =IF(H17=0,"",(I17-H17)/H17*100) -> -100
A18: 12 | B18: 中信0316 | D18: 人民币 | H18: -83365187 | K18: =IF(H18=0,"",(I18-H18)/H18*100) -> -100
... A24: 18 | B24: 华夏玉溪2142 | D24: 人民币 | H24: 92368.41 | K24: =IF(H24=0,"",(I24-H24)/H24*100) -> -100
A25: 19 | B25: 中国银行东风支行4408 | D25: 人民币 | H25: 19258812
A26: 20 | B26: 昆明市农村信用社2012 | D26: 人民币 | H26: -726.22
A27: 21 | B27: 国家开发银行40000 | D27: 人民币 | H27: 0
A28: 22 | B28: 招商银行十里长街分行0310 | D28: 人民币 | H28: 2225.21
A29: 23 | B29: 广东发展银行3340 | D29: 人民币 | H29: 19934374
A30: 24 | B30: 富滇银行轻联支行0001 | D30: 人民币 | H30: -2.6576492e+08
A31: 25 | B31: 中信银行00634 | D31: 人民币 | H31: 80767568
A32: 26 | B32: 民生银行01655 | D32: 人民币 | H32: -262.73
A33: 27 | B33: 民生银行13305 | D33: 人民币 | H33: 5563.77
A34: 28 | B34: 光大银行0470 | D34: 人民币 | H34: -82561.88
A35: 29 | B35: 广发行5234 | D35: 人民币 | H35: 529.93 | K35: =IF(H35=0,"",(I35-H35)/H35*100) -> -100
A36: 30 | B36: 中国农业银行9142 | D36: 人民币 | H36: 36249.71 | K36: =IF(H36=0,"",(I36-H36)/H36*100) -> -100
A37: 31 | B37: 农村信用社6012 | D37: 人民币 | H37: 4796515.4
A38: 32 | B38: 稠州村镇01764 | D38: 人民币 | H38: 570663.06
A39: 33 | B39: 安宁市农村信用社348018 | D39: 人民币 | H39: -998951.23
A40: 34 | B40: 农业银行安宁城关支行18127 | D40: 人民币 | H40: -747827.6
K42: =IF(H42=0,"",(I42-H42)/H42*100)
A43: 合 计 | G43: =SUM(G7:G42) -> 0 | H43: =SUM(H7:H42) -> -2.9305667e+08 | I43: =SUM(I7:I42) -> 0 | J43: =I43-H43 -> 2.9305667e+08 | K43: =IF(H43=0,"",(I43-H43)/H43*100) -> -100
A44: =封面!D17&封面!E17 -> 被评估单位（或产权持有单位）填表人： | I44: =评估人员!C3&"："&评估人员!$D$10 -> 评估人员：
A45: =封面!D19&封面!E19&封面!F19&封面!G19&封面!H19&封面!I19&封面!J19 -> 填表日期：2020年5月20日

Sheet 3-1-3其他货币资金
A1: 返回索引页 | B1: 返回
A2: 货币资金—其他货币资金评估明细表
A3: ='1-汇总表'!A3:G3 -> 评估基准日：2020年7月30日
L4: 表3-1-3
A5: ='1-汇总表'!A5 -> 被评估单位（或产权持有单位）：贡山县隆鑫矿业有限公司 | L5: 金额单位：人民币元
A6: 序号 | B6: 名称及内容 | C6: 用途 | D6: 币种 | E6: 外币账面金额 | F6: 评估基准日汇率 | G6: 审计前账面值 | H6: 账面价值 | I6: 评估价值 | J6: 增减值 | K6: 增值率% | L6: 备注
A7: 1 | B7: 银行汇票 | H7: 23900390 | K7: =IF(H7=0,"",(I7-H7)/H7*100) -> -100
A8: 2 | B8: 信用证保证金 | H8: -19254370 | K8: =IF(H8=0,"",(I8-H8)/H8*100) -> -100
A9: 3 | B9: 承兑汇票保证金 | H9: 3.693636e+08 | K9: =IF(H9=0,"",(I9-H9)/H9*100) -> -100
K10: =IF(H10=0,"",(I10-H10)/H10*100)
K11: =IF(H11=0,"",(I11-H11)/H11*100)
K12: =IF(H12=0,"",(I12-H12)/H12*100)
K13: =IF(H13=0,"",(I13-H13)/H13*100)
K14: =IF(H14=0,"",(I14-H14)/H14*100)
K15: =IF(H15=0,"",(I15-H15)/H15*100)
K16: =IF(H16=0,"",(I16-H16)/H16*100)
K17: =IF(H17=0,"",(I17-H17)/H17*100)
K18: =IF(H18=0,"",(I18-H18)/H18*100)
K19: =IF(H19=0,"",(I19-H19)/H19*100)
K20: =IF(H20=0,"",(I20-H20)/H20*100)
K21: =IF(H21=0,"",(I21-H21)/H21*100)
... K27: =IF(H27=0,"",(I27-H27)/H27*100)
A28: 合 计 | G28: =SUM(G7:G27) -> 0 | H28: =SUM(H7:H27) -> 3.7400962e+08 | I28: =SUM(I7:I27) -> 0 | J28: =I28-H28 -> -3.7400962e+08 | K28: =IF(H28=0,"",(I28-H28)/H28*100) -> -100
A29: =封面!D17&封面!E17 -> 被评估单位（或产权持有单位）填表人： | J29: =评估人员!C3&"："&评估人员!$D$10 -> 评估人员：
A30: =封面!D19&封面!E19&封面!F19&封面!G19&封面!H19&封面!I19&封面!J19 -> 填表日期：2020年5月20日

Sheet 3-2交易性金融资产汇总
A1: 返回索引页 | B1: 返回
A2: 交易性金融资产评估汇总表
A3: ='1-汇总表'!A3:G3 -> 评估基准日：2020年7月30日
G4: 表3-2
A5: ='1-汇总表'!A5 -> 被评估单位（或产权持有单位）：贡山县隆鑫矿业有限公司 | G5: 金额单位：人民币元
A6: 编号 | B6: 科目名称 | C6: 审计前账面值 | D6: 账面价值 | E6: 评估价值 | F6: 增减值 | G6: 增值率%
A7: 3-2-1 | B7: 交易性金融资产-股票投资 | C7: ='3-2-1交易性-股票'!G28 -> 0 | D7: ='3-2-1交易性-股票'!H28 -> 0 | E7: ='3-2-1交易性-股票'!J28 -> 0 | F7: =E7-D7 -> 0 | G7: =IF(D7=0,"",F7/D7*100)
A8: 3-2-2 | B8: 交易性金融资产-债券投资 | C8: ='3-2-2交易性-债券'!G28 -> 0 | D8: ='3-2-2交易性-债券'!H28 -> 0 | E8: ='3-2-2交易性-债券'!I28 -> 0 | F8: =E8-D8 -> 0 | G8: =IF(D8=0,"",F8/D8*100)
A9: 3-2-3 | B9: 交易性金融资产-基金投资 | C9: ='3-2-3交易性-基金'!G28 -> 0 | D9: ='3-2-3交易性-基金'!H28 -> 535700 | E9: ='3-2-3交易性-基金'!J28 -> 0 | F9: =E9-D9 -> -535700 | G9: =IF(D9=0,"",F9/D9*100) -> -100
A28: 合 计 | C28: =SUM(C7:C27) -> 0 | D28: =SUM(D7:D27) -> 535700 | E28: =SUM(E7:E27) -> 0 | F28: =SUM(F7:F27) -> -535700 | G28: =IF(D28=0,"",F28/D28*100) -> -100
A29: =封面!D17&封面!E17 -> 被评估单位（或产权持有单位）填表人： | F29: =评估人员!$C$3&"："&评估人员!$D$10 -> 评估人员：
A30: =封面!D19&封面!E19&封面!F19&封面!G19&封面!H19&封面!I19&封面!J19 -> 填表日期：2020年5月20日

Sheet 3-2-1交易性-股票
A1: 返回索引页 | B1: 返回
A2: 交易性金融资产—股票投资评估明细表
A3: ='1-汇总表'!A3:G3 -> 评估基准日：2020年7月30日
L4: 表3-2-1
A5: ='1-汇总表'!A5 -> 被评估单位（或产权持有单位）：贡山县隆鑫矿业有限公司 | L5: 金额单位：人民币元
A6: 序号 | B6: 被投资单位名称 | C6: 股票名称 | D6: 投资日期 | E6: 持股数量 | F6: 持股比例% | G6: 审计前账面值 | H6: 账面价值 | I6: 基准日收盘价/股 | J6: 评估价值 | K6: 增减值 | L6: 增值率%
L7: =IF(H7=0,"",(J7-H7)/H7*100)
L8: =IF(H8=0,"",(J8-H8)/H8*100)
L9: =IF(H9=0,"",(J9-H9)/H9*100)
L10: =IF(H10=0,"",(J10-H10)/H10*100)
L11: =IF(H11=0,"",(J11-H11)/H11*100)
L12: =IF(H12=0,"",(J12-H12)/H12*100)
L13: =IF(H13=0,"",(J13-H13)/H13*100)
L14: =IF(H14=0,"",(J14-H14)/H14*100)
L15: =IF(H15=0,"",(J15-H15)/H15*100)
L16: =IF(H16=0,"",(J16-H16)/H16*100)
L17: =IF(H17=0,"",(J17-H17)/H17*100)
L18: =IF(H18=0,"",(J18-H18)/H18*100)
... L27: =IF(H27=0,"",(J27-H27)/H27*100)
A28: 合 计 | G28: =SUM(G7:G27) -> 0 | H28: =SUM(H7:H27) -> 0 | J28: =SUM(J7:J27) -> 0 | K28: =J28-H28 -> 0 | L28: =IF(H28=0,"",(J28-H28)/H28*100)
A29: =封面!D17&封面!E17 -> 被评估单位（或产权持有单位）填表人： | H29: =评估人员!C3&"："&评估人员!D10 -> 评估人员：
A30: =封面!D19&封面!E19&封面!F19&封面!G19&封面!H19&封面!I19&封面!J19 -> 填表日期：2020年5月20日

Sheet 3-2-2交易性-债券
A1: 返回索引页 | B1: 返回
A2: 交易性金融资产—债券投资评估明细表
A3: ='1-汇总表'!A3:G3 -> 评估基准日：2020年7月30日
K4: 表3-2-2
A5: ='1-汇总表'!A5 -> 被评估单位（或产权持有单位）：贡山县隆鑫矿业有限公司 | K5: 金额单位：人民币元
A6: 序号 | B6: 被投资单位名称 | C6: 债券名称 | D6: 发行日期 | E6: 投资日期 | F6: 票面利率% | G6: 审计前账面值 | H6: 账面价值 | I6: 评估价值 | J6: 增减值 | K6: 增值率%
K7: =IF(H7=0,"",(I7-H7)/H7*100)
K8: =IF(H8=0,"",(I8-H8)/H8*100)
K9: =IF(H9=0,"",(I9-H9)/H9*100)
K10: =IF(H10=0,"",(I10-H10)/H10*100)
K11: =IF(H11=0,"",(I11-H11)/H11*100)
K12: =IF(H12=0,"",(I12-H12)/H12*100)
K13: =IF(H13=0,"",(I13-H13)/H13*100)
K14: =IF(H14=0,"",(I14-H14)/H14*100)
K15: =IF(H15=0,"",(I15-H15)/H15*100)
K16: =IF(H16=0,"",(I16-H16)/H16*100)
K17: =IF(H17=0,"",(I17-H17)/H17*100)
K18: =IF(H18=0,"",(I18-H18)/H18*100)
... K27: =IF(H27=0,"",(I27-H27)/H27*100)
A28: 合 计 | G28: =SUM(G7:G27) -> 0 | H28: =SUM(H7:H27) -> 0 | I28: =SUM(I7:I27) -> 0 | J28: =I28-H28 -> 0 | K28: =IF(H28=0,"",(I28-H28)/H28*100)
A29: =封面!D17&封面!E17 -> 被评估单位（或产权持有单位）填表人： | H29: =评估人员!C3&"："&评估人员!D10 -> 评估人员：
A30: =封面!D19&封面!E19&封面!F19&封面!G19&封面!H19&封面!I19&封面!J19 -> 填表日期：2020年5月20日

Sheet 3-2-3交易性-基金
A1: 返回索引页 | B1: 返回
A2: 交易性金融资产—基金投资评估明细表
A3: ='1-汇总表'!A3:G3 -> 评估基准日：2020年7月30日
L4: 表3-3-3
A5: ='1-汇总表'!A5 -> 被评估单位（或产权持有单位）：贡山县隆鑫矿业有限公司 | L5: 金额单位：人民币元
A6: 序号 | B6: 基金发行单位 | C6: 基金名称 | D6: 基金类型 | E6: 投资日期 | F6: 基金份额 | G6: 审计前账面值 | H6: 账面价值 | I6: 基准日净值/份 | J6: 评估价值 | K6: 增减值 | L6: 增值率%
A7: 1 | H7: 535700 | L7: =IF(H7=0,"",(J7-H7)/H7*100) -> -100
L8: =IF(H8=0,"",(J8-H8)/H8*100)
L9: =IF(H9=0,"",(J9-H9)/H9*100)
L10: =IF(H10=0,"",(J10-H10)/H10*100)
L11: =IF(H11=0,"",(J11-H11)/H11*100)
L12: =IF(H12=0,"",(J12-H12)/H12*100)
L13: =IF(H13=0,"",(J13-H13)/H13*100)
L14: =IF(H14=0,"",(J14-H14)/H14*100)
L15: =IF(H15=0,"",(J15-H15)/H15*100)
L16: =IF(H16=0,"",(J16-H16)/H16*100)
L17: =IF(H17=0,"",(J17-H17)/H17*100)
L18: =IF(H18=0,"",(J18-H18)/H18*100)
L19: =IF(H19=0,"",(J19-H19)/H19*100)
... L27: =IF(H27=0,"",(J27-H27)/H27*100)
A28: 合 计 | G28: =SUM(G7:G27) -> 0 | H28: =SUM(H7:H27) -> 535700 | J28: =SUM(J7:J27) -> 0 | K28: =J28-H28 -> -535700 | L28: =IF(H28=0,"",(J28-H28)/H28*100) -> -100
A29: =封面!D17&封面!E17 -> 被评估单位（或产权持有单位）填表人： | J29: =评估人员!C3&"："&评估人员!$D$10 -> 评估人员：
A30: =封面!D19&封面!E19&封面!F19&封面!G19&封面!H19&封面!I19&封面!J19 -> 填表日期：2020年5月20日

Sheet 3-3应收票据
A1: 返回索引页 | B1: 返回
A2: 应收票据评估明细表
A3: ='1-汇总表'!A3:G3 -> 评估基准日：2020年7月30日
P4: 表3-3
A5: ='1-汇总表'!A5 -> 被评估单位（或产权持有单位）：贡山县隆鑫矿业有限公司 | P5: 金额单位：人民币元
A6: 序号 | B6: 户名（结算对象) | C6: 票据号 | D6: 承兑方式 | E6: 出票日期 | F6: 到期日期 | G6: 票面利率% | H6: 基准日后是否已贴现 | I6: 基准日后是否已收回 | J6: 已背书转让 | K6: 审计前账面值 | L6: 账面价值 | M6: 评估价值 | N6: 增减值 | O6: 增值率% | P6: 备注
A7: 1 | L7: -72000000 | O7: =IF(L7=0,"",(M7-L7)/L7*100) -> -100
O8: =IF(L8=0,"",(M8-L8)/L8*100)
O9: =IF(L9=0,"",(M9-L9)/L9*100)
O10: =IF(L10=0,"",(M10-L10)/L10*100)
O11: =IF(L11=0,"",(M11-L11)/L11*100)
O12: =IF(L12=0,"",(M12-L12)/L12*100)
O13: =IF(L13=0,"",(M13-L13)/L13*100)
O14: =IF(L14=0,"",(M14-L14)/L14*100)
O15: =IF(L15=0,"",(M15-L15)/L15*100)
O16: =IF(L16=0,"",(M16-L16)/L16*100)
O17: =IF(L17=0,"",(M17-L17)/L17*100)
O18: =IF(L18=0,"",(M18-L18)/L18*100)
O19: =IF(L19=0,"",(M19-L19)/L19*100)
... O25: =IF(L25=0,"",(M25-L25)/L25*100)
A26: 合 计 | H26: =SUM(H7:H25) -> 0 | L26: =SUM(L7:L25) -> -72000000 | M26: =SUM(M7:M25) -> 0 | N26: =M26-L26 -> 72000000 | O26: =IF(L26=0,"",(M26-L26)/L26*100) -> -100
A27: 减：应收票据坏账准备 | N27: =M27-L27 -> 0 | O27: =IF(L27=0,"",(M27-L27)/L27*100)
A28: 合 计 | H28: =SUM(H7:H25)-H27 -> 0 | L28: =L26-L27 -> -72000000 | M28: =M26-M27 -> 0 | N28: =M28-L28 -> 72000000 | O28: =IF(L28=0,"",(M28-L28)/L28*100) -> -100
A29: =封面!D17&封面!E17 -> 被评估单位（或产权持有单位）填表人： | N29: =评估人员!C3&"："&评估人员!D10 -> 评估人员：
A30: =封面!D19&封面!E19&封面!F19&封面!G19&封面!H19&封面!I19&封面!J19 -> 填表日期：2020年5月20日

Sheet 3-4应收账款
A1: 返回索引页 | B1: 返回
A2: 应收账款评估明细表
A3: ='1-汇总表'!A3:G3 -> 评估基准日：2020年7月30日
S4: 表3-4
A5: ='1-汇总表'!A5 -> 被评估单位（或产权持有单位）：贡山县隆鑫矿业有限公司 | S5: 金额单位：人民币元
A6: 序号 | B6: 欠款单位名称（结算对象) | C6: 业务内容 | D6: 发生日期 | E6: 账龄 | F6: 审计前账面值 | G6: 1年以内金额 | H6: 1~2年金额 | I6: 2~3年金额 | J6: 3~4年金额 | K6: 4~5年金额 | L6: 5年以上金额 | M6: 账龄总数与账面价值差异(应等于0) | N6: 预计不可收回金额(注1) | O6: 账面价值 | P6: 评估价值 | Q6: 增减值 | R6: 增值率% | S6: 备注
A7: 1 | M7: =SUM(G7:L7)-F7 -> 0 | O7: -1.6355489e+08 | R7: =IF(O7=0,"",(P7-O7)/O7*100) -> -100
M11: =SUM(G11:L11)-F11 -> 0 | R11: =IF(O11=0,"",(P11-O11)/O11*100)
M12: =SUM(G12:L12)-F12 -> 0 | R12: =IF(O12=0,"",(P12-O12)/O12*100)
M13: =SUM(G13:L13)-F13 -> 0 | R13: =IF(O13=0,"",(P13-O13)/O13*100)
M14: =SUM(G14:L14)-F14 -> 0 | R14: =IF(O14=0,"",(P14-O14)/O14*100)
M15: =SUM(G15:L15)-F15 -> 0 | R15: =IF(O15=0,"",(P15-O15)/O15*100)
M16: =SUM(G16:L16)-F16 -> 0 | R16: =IF(O16=0,"",(P16-O16)/O16*100)
M17: =SUM(G17:L17)-F17 -> 0 | R17: =IF(O17=0,"",(P17-O17)/O17*100)
M18: =SUM(G18:L18)-F18 -> 0 | R18: =IF(O18=0,"",(P18-O18)/O18*100)
M19: =SUM(G19:L19)-F19 -> 0 | R19: =IF(O19=0,"",(P19-O19)/O19*100)
A20: 合 计 | F20: =SUM(F7:F19) -> 0 | G20: =SUM(G7:G19) -> 0 | H20: =SUM(H7:H19) -> 0 | I20: =SUM(I7:I19) -> 0 | J20: =SUM(J7:J19) -> 0 | K20: =SUM(K7:K19) -> 0 | L20: =SUM(L7:L19) -> 0 | M20: =SUM(G20:L20)-F20 -> 0 | N20: =SUM(N7:N19) -> 0 | O20: =SUM(O7:O19) -> -1.6355489e+08 | P20: =SUM(P7:P19) -> 0 | Q20: =P20-O20 -> 1.6355489e+08 | R20: =IF(O20=0,"",(P20-O20)/O20*100) -> -100
A21: 减：应收账款坏账准备 | M21: =SUM(G21:L21)-F21 -> 0 | Q21: =P21-O21 -> 0 | R21: =IF(O21=0,"",(P21-O21)/O21*100)
A22: 合 计 | F22: =F20-F21 -> 0 | G22: =G20-G21 -> 0 | H22: =H20-H21 -> 0 | I22: =I20-I21 -> 0 | J22: =J20-J21 -> 0 | K22: =K20-K21 -> 0 | L22: =L20-L21 -> 0 | M22: =M20-M21 -> 0 | ... P22: =P20-P21 -> 0 | Q22: =P22-O22 -> 1.6355489e+08 | R22: =IF(O22=0,"",(P22-O22)/O22*100) -> -100
A23: =封面!D17&封面!E17 -> 被评估单位（或产权持有单位）填表人： | Q23: =评估人员!C3&"："&评估人员!D10 -> 评估人员：
A24: =封面!D19&封面!E19&封面!F19&封面!G19&封面!H19&封面!I19&封面!J19 -> 填表日期：2020年5月20日
B25: 注1： | C25: 注明账齡在一年以上的账款的可收回性，若有部分可能不能收回，请估计不能收回的金額，以供评估时作參考。
B26: 注2：“备注”栏填写方法： | C26: 1）欠款单位为关联方、总公司内部或本公司内部单位的，应在备注栏注明“关联方”、“总公司内部”、“内部单位”；
C27: 2） 涉诉款项应在备注中标明“涉诉”；
C28: 3）评估基准日后已部分或全部收回款项的，应注明日期及金额，如“2003年2月4日收回8,530.00元”；
C29: 4）填表单位认为其他应说明的事项

Sheet 3-5预付账款
A1: 返回索引页 | B1: 返回
A2: 预付账款评估明细表
A3: ='1-汇总表'!A3:G3 -> 评估基准日：2020年7月30日
S4: 表3-5
A5: ='1-汇总表'!A5 -> 被评估单位（或产权持有单位）：贡山县隆鑫矿业有限公司 | S5: 金额单位：人民币元
A6: 序号 | B6: 收款单位名称（结算对象) | C6: 业务内容 | D6: 发生日期 | E6: 账龄 | F6: 审计前账面值 | G6: 1年以内金额 | H6: 1~2年金额 | I6: 2~3年金额 | J6: 3~4年金额 | K6: 4~5年金额 | L6: 5年以上金额 | M6: 账龄总数与账面价值差异(应等于0) | N6: 预计不可收回金额(注1) | O6: 账面价值 | P6: 评估价值 | Q6: 增减值 | R6: 增值率% | S6: 备注
A7: 1 | O7: -5.3461489e+08 | Q7: =P7-O7 -> 5.3461489e+08 | R7: =IF(O7=0,"",(P7-O7)/O7*100) -> -100
M15: =SUM(G15:L15)-F15 -> 0 | R15: =IF(O15=0,"",(P15-O15)/O15*100)
A16: 合 计 | M16: =SUM(G16:L16)-F16 -> 0 | O16: =SUM(O7:O15) -> -5.3461489e+08 | P16: =SUM(P7:P15) -> 0 | Q16: =P16-O16 -> 5.3461489e+08 | R16: =IF(O16=0,"",(P16-O16)/O16*100) -> -100
A17: 减：预付账款减值准备 | M17: =SUM(G17:L17)-F17 -> 0 | Q17: =P17-O17 -> 0 | R17: =IF(O17=0,"",(P17-O17)/O17*100)
A18: 合 计 | F18: =SUM(F7:F17) -> 0 | M18: =M16-M17 -> 0 | O18: =O16-O17 -> -5.3461489e+08 | P18: =P16-P17 -> 0 | Q18: =P18-O18 -> 5.3461489e+08 | R18: =IF(O18=0,"",(P18-O18)/O18*100) -> -100
A19: ='3-流动汇总'!A29 -> 被评估单位（或产权持有单位）填表人： | Q19: =评估人员!C3&"："&评估人员!D10 -> 评估人员：
A20: ='3-流动汇总'!A30 -> 填表日期：2020年5月20日

Sheet 3-6应收利息
A1: 返回索引页 | B1: 返回
A2: 应收利息评估明细表
A3: ='1-汇总表'!A3:G3 -> 评估基准日：2020年7月30日
L4: 表3-6
A5: ='1-汇总表'!A5 -> 被评估单位（或产权持有单位）：贡山县隆鑫矿业有限公司 | L5: 金额单位：人民币元
A6: 序号 | B6: 欠款单位名称（结算对象) | C6: 发生日期 | D6: 本金 | E6: 利息所属期间 | F6: 利息率% | G6: 审计前账面值 | H6: 账面价值 | I6: 评估价值 | J6: 增减值 | K6: 增值率% | L6: 备注
K7: =IF(H7=0,"",(I7-H7)/H7*100)
K8: =IF(H8=0,"",(I8-H8)/H8*100)
K9: =IF(H9=0,"",(I9-H9)/H9*100)
K10: =IF(H10=0,"",(I10-H10)/H10*100)
K11: =IF(H11=0,"",(I11-H11)/H11*100)
K12: =IF(H12=0,"",(I12-H12)/H12*100)
K13: =IF(H13=0,"",(I13-H13)/H13*100)
K14: =IF(H14=0,"",(I14-H14)/H14*100)
K15: =IF(H15=0,"",(I15-H15)/H15*100)
K16: =IF(H16=0,"",(I16-H16)/H16*100)
K17: =IF(H17=0,"",(I17-H17)/H17*100)
K18: =IF(H18=0,"",(I18-H18)/H18*100)
... K27: =IF(H27=0,"",(I27-H27)/H27*100)
A28: 合 计 | D28: =SUM(D7:D27) -> 0 | G28: =SUM(G7:G27) -> 0 | H28: =SUM(H7:H27) -> 0 | I28: =SUM(I7:I27) -> 0 | J28: =I28-H28 -> 0 | K28: =IF(H28=0,"",(I28-H28)/H28*100)
A29: =封面!D17&封面!E17 -> 被评估单位（或产权持有单位）填表人： | J29: =评估人员!C3&"："&评估人员!D10 -> 评估人员：
A30: =封面!D19&封面!E19&封面!F19&封面!G19&封面!H19&封面!I19&封面!J19 -> 填表日期：2020年5月20日

Sheet 3-7应收股利
A1: 返回索引页 | B1: 返回
A2: 应收股利（应收利润）评估明细表
A3: ='1-汇总表'!A3:G3 -> 评估基准日：2020年7月30日
J4: 表3-7
A5: ='1-汇总表'!A5 -> 被评估单位（或产权持有单位）：贡山县隆鑫矿业有限公司 | J5: 金额单位：人民币元
A6: 序号 | B6: 户名（结算对象) | C6: 发生日期 | D6: 股利所属期间 | E6: 审计前账面值 | F6: 账面价值 | G6: 评估价值 | H6: 增减值 | I6: 增值率% | J6: 备注
I7: =IF(F7=0,"",(G7-F7)/F7*100)
I8: =IF(F8=0,"",(G8-F8)/F8*100)
I9: =IF(F9=0,"",(G9-F9)/F9*100)
I10: =IF(F10=0,"",(G10-F10)/F10*100)
I11: =IF(F11=0,"",(G11-F11)/F11*100)
I12: =IF(F12=0,"",(G12-F12)/F12*100)
I13: =IF(F13=0,"",(G13-F13)/F13*100)
I14: =IF(F14=0,"",(G14-F14)/F14*100)
I15: =IF(F15=0,"",(G15-F15)/F15*100)
I16: =IF(F16=0,"",(G16-F16)/F16*100)
I17: =IF(F17=0,"",(G17-F17)/F17*100)
I18: =IF(F18=0,"",(G18-F18)/F18*100)
... I27: =IF(F27=0,"",(G27-F27)/F27*100)
A28: 合 计 | E28: =SUM(E7:E27) -> 0 | F28: =SUM(F7:F27) -> 0 | G28: =SUM(G7:G27) -> 0 | H28: =G28-F28 -> 0 | I28: =IF(F28=0,"",(G28-F28)/F28*100)
A29: =封面!D17&封面!E17 -> 被评估单位（或产权持有单位）填表人： | H29: =评估人员!C3&"："&评估人员!D10 -> 评估人员：
A30: =封面!D19&封面!E19&封面!F19&封面!G19&封面!H19&封面!I19&封面!J19 -> 填表日期：2020年5月20日

Sheet 3-8其他应收款
A1: 返回索引页 | B1: 返回
A2: 其他应收款评估明细表
A3: ='1-汇总表'!A3:G3 -> 评估基准日：2020年7月30日
S4: 表3-8
A5: ='1-汇总表'!A5 -> 被评估单位（或产权持有单位）：贡山县隆鑫矿业有限公司 | S5: 金额单位：人民币元
A6: 序号 | B6: 欠款单位名称（结算对象) | C6: 业务内容 | D6: 发生日期 | E6: 账龄 | F6: 审计前账面值 | G6: 1年以内金额 | H6: 1~2年金额 | I6: 2~3年金额 | J6: 3~4年金额 | K6: 4~5年金额 | L6: 5年以上金额 | M6: 账龄总数与账面价值差异(应等于0) | N6: 预计不可收回金额(注1) | O6: 账面价值 | P6: 评估价值 | Q6: 增减值 | R6: 增值率% | S6: 备注
A7: 1 | O7: 2.0386401e+08 | Q7: =P7-O7 -> -2.0386401e+08 | R7: =IF(O7=0,"",(P7-O7)/O7*100) -> -100
M24: =SUM(G24:L24)-F24 -> 0 | R24: =IF(O24=0,"",(P24-O24)/O24*100)
A25: 合 计 | F25: =SUM(F7:F24) -> 0 | G25: =SUM(G7:G24) -> 0 | H25: =SUM(H7:H24) -> 0 | I25: =SUM(I7:I24) -> 0 | J25: =SUM(J7:J24) -> 0 | K25: =SUM(K7:K24) -> 0 | L25: =SUM(L7:L24) -> 0 | M25: =SUM(G25:L25)-F25 -> 0 | N25: =SUM(N7:N24) -> 0 | O25: =SUM(O7:O24) -> 2.0386401e+08 | P25: =SUM(P7:P24) -> 0 | Q25: =P25-O25 -> -2.0386401e+08 | R25: =IF(O25=0,"",(P25-O25)/O25*100) -> -100
A26: 减：其他应收款坏账准备 | M26: =SUM(G26:L26)-F26 -> 0 | Q26: =P26-O26 -> 0 | R26: =IF(O26=0,"",(P26-O26)/O26*100)
A27: 合 计 | F27: =F25-F26 -> 0 | G27: =G25-G26 -> 0 | H27: =H25-H26 -> 0 | I27: =I25-I26 -> 0 | J27: =J25-J26 -> 0 | K27: =K25-K26 -> 0 | L27: =L25-L26 -> 0 | M27: =M25-M26 -> 0 | ... P27: =P25-P26 -> 0 | Q27: =P27-O27 -> -2.0386401e+08 | R27: =IF(O27=0,"",(P27-O27)/O27*100) -> -100
A28: =封面!D17&封面!E17 -> 被评估单位（或产权持有单位）填表人： | Q28: =评估人员!C3&"："&评估人员!D10 -> 评估人员：
A29: =封面!D19&封面!E19&封面!F19&封面!G19&封面!H19&封面!I19&封面!J19 -> 填表日期：2020年5月20日
B30: 注1： | C30: 注明账齡在一年以上的账款的可收回性，若有部分可能不能收回，请估计不能收回的金額，以供评估时作參考。
B31: 注2：“备注”栏填写方法： | C31: 1）欠款单位为关联方、总公司内部或本公司内部单位的，应在备注栏注明“关联方”、“总公司内部”、“内部单位”；
C32: 2） 涉诉款项应在备注中标明“涉诉”；
C33: 3）评估基准日后已部分或全部收回款项的，应注明日期及金额，如“2003年2月4日收回8,530.00元”；
C34: 4）填表单位认为其他应说明的事项

Sheet 汇总表-万元表
A2: 资 产 评 估 结 果 汇 总 表
A3: =汇总表!A3 -> 评估基准日：2020年7月30日
A5: =汇总表!A5 -> 被评估单位（或产权持有单位）：贡山县隆鑫矿业有限公司 | D5: 金额单位：人民币万元
A6: 序号 | B6: 资产 | C6: 项数 | D6: 面积 （㎡） | E6: 评估价值
A7: 1 | B7: 存货 | C7: =C8 -> - | E7: =E8 -> 0
B8: 其中： 备品备件 | C8: - | E8: =汇总表!E8/10000 -> 0
A9: 2 | B9: 固定资产 | C9: =C10+C14 -> 0 | E9: =E10+E14 -> 0
A10: 2.1 | B10: 其中： 房屋建（构）筑物类合计 | C10: =SUM(C11:C13) -> 0 | D10: - | E10: =SUM(E11:E13) -> 0
B11: 固定资产-房屋建筑物 | C11: =汇总表!C11 -> 0 | E11: =汇总表!E11/10000 -> 0
B12: 固定资产-构筑物及其他辅助设施 | C12: =汇总表!C12 -> 0 | D12: - | E12: =汇总表!E12/10000 -> 0
B13: 固定资产-管道及沟槽 | C13: =汇总表!C13 -> 0 | D13: - | E13: =汇总表!E13/10000 -> 0
A14: 2.2 | B14: 设备类合计 | C14: =SUM(C15:C17) -> 0 | E14: =SUM(E15:E17) -> 0
B15: 固定资产-机器设备 | C15: =汇总表!C15 -> 0 | E15: =汇总表!E15/10000 -> 0
B16: 固定资产-车辆 | C16: =汇总表!C16 -> 0 | E16: =汇总表!E16/10000 -> 0
B17: 固定资产-电子设备及办公设备 | C17: =汇总表!C17 -> 0 | E17: =汇总表!E17/10000 -> 0
A18: 3 | B18: 无形资产 | C18: 1 | D18: =D19 -> 0 | E18: =SUM(E19:E20) -> 6578.6
A19: 3.1 | B19: 其中： 土地使用权 | C19: =汇总表!C19 -> 0 | D19: 0 | E19: =汇总表!E19/10000 -> 0
A20: 3.2 | B20: 矿业权 | C20: 1 | E20: =汇总表!E20/10000 -> 6578.6
A21: 资产合计 | E21: =E7+E9+E18 -> 6578.6
A22: 评估机构：云南通域房地产土地资产评估有限公司

Sheet 汇总表
A1: 返回索引页
A2: 资 产 评 估 结 果 汇 总 表
A3: ='4-6固定资产汇总'!A3 -> 评估基准日：2020年7月30日
A5: ='4-6固定资产汇总'!A5 -> 被评估单位（或产权持有单位）：贡山县隆鑫矿业有限公司 | E5: 金额单位：人民币元
A6: 序号 | B6: 资产 | C6: 项数 | D6: 面积 （㎡） | E6: 评估价值
A7: 1 | B7: 存货 | C7: =C8 -> 0 | E7: =E8 -> 0
B8: 其中： 备品备件 | C8: ='3-9-3在库周转材料'!A8 -> 0 | E8: ='3-9存货汇总'!E9 -> 0
A9: 2 | B9: 固定资产 | C9: =C10+C14 -> 0 | E9: =E10+E14 -> 0
A10: 2.1 | B10: 其中： 房屋建（构）筑物类合计 | C10: =SUM(C11:C13) -> 0 | D10: - | E10: =SUM(E11:E13) -> 0
B11: 固定资产-房屋建筑物 | C11: ='4-6-1房屋建筑物'!A15 -> 0 | E11: ='4-6固定资产汇总'!I9 -> 0
B12: 固定资产-构筑物及其他辅助设施 | C12: ='4-6-2构筑物'!A27 -> 0 | D12: - | E12: ='4-6固定资产汇总'!I10 -> 0
B13: 固定资产-管道及沟槽 | C13: 0 | D13: - | E13: ='4-6固定资产汇总'!I11 -> 0
A14: 2.2 | B14: 设备类合计 | C14: =SUM(C15:C17) -> 0 | E14: =SUM(E15:E17) -> 0
B15: 固定资产-机器设备 | C15: ='4-6-4机器设备'!A11 -> 0 | E15: ='4-6固定资产汇总'!I14 -> 0
B16: 固定资产-车辆 | C16: ='4-6-5车辆'!A9 -> 0 | E16: ='4-6固定资产汇总'!I15 -> 0
B17: 固定资产-电子设备及办公设备 | C17: ='4-6-6电子、办公设备'!A10 -> 0 | E17: ='4-6固定资产汇总'!I16 -> 0
A18: 3 | B18: 无形资产 | C18: =SUM(C19:C20) -> #REF! | D18: =D19 -> 0 | E18: =SUM(E19:E20) -> 65785950
A19: 3.1 | B19: 其中： 土地使用权 | C19: ='4-12-1无形-土地'!A7 -> 0 | D19: 0 | E19: ='4-12无形资产汇总'!E7 -> 0
A20: 3.2 | B20: 矿业权 | C20: =#REF! -> #REF! | E20: ='4-12无形资产汇总'!E8 -> 65785950
A21: 资产合计 | E21: =E7+E9+E18 -> 65785950
A22: 评估机构：云南通域房地产土地资产评估有限公司

Sheet 3-9存货汇总
A1: 返回索引页 | B1: 返回
A2: 存货评估汇总表
A3: ='1-汇总表'!A3:G3 -> 评估基准日：2020年7月30日
G4: 表3-9
A5: ='1-汇总表'!A5 -> 被评估单位（或产权持有单位）：贡山县隆鑫矿业有限公司 | E5: 金额单位：人民币元 | G5: 金额单位：人民币元
A6: 编号 | B6: 科目名称 | C6: 审计前账面值 | D6: 账面价值 | E6: 评估价值 | F6: 增减值 | G6: 增值率%
A7: 3-9-1 | B7: 材料采购（在途物资） | C7: ='3-9-1材料采购（在途物资）'!F26 -> 0 | D7: ='3-9-1材料采购（在途物资）'!I26 -> 0 | E7: ='3-9-1材料采购（在途物资）'!L26 -> 0 | F7: =E7-D7 -> 0 | G7: =IF(D7=0,"",F7/D7*100)
A8: 3-9-2 | B8: 原材料 | C8: ='3-9-2备品备件'!F45 -> 0 | D8: ='3-9-2备品备件'!I45 -> 0 | E8: ='3-9-2备品备件'!L45 -> 0 | F8: =E8-D8 -> 0 | G8: =IF(D8=0,"",F8/D8*100)
A9: 3-9-3 | B9: 在库周转材料 | C9: ='3-9-3在库周转材料'!F14 -> 0 | D9: ='3-9-3在库周转材料'!I14 -> 0 | E9: ='3-9-3在库周转材料'!M14 -> 0 | F9: =E9-D9 -> 0 | G9: =IF(D9=0,"",F9/D9*100)
A10: 3-9-4 | B10: 委托加工物资 | C10: ='3-9-4委托加工物资'!G26 -> 0 | D10: ='3-9-4委托加工物资'!J26 -> 0 | E10: ='3-9-4委托加工物资'!M26 -> 0 | F10: =E10-D10 -> 0 | G10: =IF(D10=0,"",F10/D10*100)
A11: 3-9-5 | B11: 产成品（库存商品） | C11: ='3-9-5产成品（库存商品）'!F23 -> 0 | D11: ='3-9-5产成品（库存商品）'!I23 -> 0 | E11: ='3-9-5产成品（库存商品）'!L23 -> 0 | F11: =E11-D11 -> 0 | G11: =IF(D11=0,"",F11/D11*100)
A12: 3-9-6 | B12: 在产品（自制半成品） | C12: ='3-9-6在产品（自制半成品）'!F26 -> 0 | D12: ='3-9-6在产品（自制半成品）'!I26 -> 0 | E12: ='3-9-6在产品（自制半成品）'!L26 -> 0 | F12: =E12-D12 -> 0 | G12: =IF(D12=0,"",F12/D12*100)
A13: 3-9-7 | B13: 发出商品 | C13: ='3-9-7发出商品'!G26 -> 0 | D13: ='3-9-7发出商品'!J26 -> 0 | E13: ='3-9-7发出商品'!M26 -> 0 | F13: =E13-D13 -> 0 | G13: =IF(D13=0,"",F13/D13*100)
A14: 3-9-8 | B14: 在用周转材料 | C14: ='3-9-8在用周转材料'!G26 -> 0 | D14: ='3-9-8在用周转材料'!I26 -> 0 | E14: ='3-9-8在用周转材料'!M26 -> 0 | F14: =E14-D14 -> 0 | G14: =IF(D14=0,"",F14/D14*100)
A26: 合 计 | C26: =SUM(C7:C25) -> 0 | D26: =SUM(D7:D25) -> 0 | E26: =SUM(E7:E25) -> 0 | F26: =E26-D26 -> 0 | G26: =IF(D26=0,"",F26/D26*100)
A27: 减：存货跌价准备 | D27: ='3-9-1材料采购（在途物资）'!I27+'3-9-2备品备件'!I46+'3-9-3在库周转材料'!I15+'3-9-4委托加工物资'!J27+'3-9-5产成品（库存商品）'!I24+'3-9-6在产品（自制半成品）'!I27+'3-9-7发出商品'!J27+'3-9-8在用周转材料'!I27 -> 0 | E27: ='3-9-1材料采购（在途物资）'!L27+'3-9-2备品备件'!L46+'3-9-3在库周转材料'!M15+'3-9-4委托加工物资'!M27+'3-9-5产成品（库存商品）'!L24+'3-9-6在产品（自制半成品）'!L27+'3-9-7发出商品'!M27+'3-9-8在用周转材料'!M27 -> 0 | F27: =E27-D27 -> 0 | G27: =IF(D27=0,"",F27/D27*100)
A28: 合 计 | C28: =C26-C27 -> 0 | D28: =D26-D27 -> 0 | E28: =E26-E27 -> 0 | F28: =E26-D26 -> 0 | G28: =IF(D26=0,"",F26/D26*100)
A29: =封面!D17&封面!E17 -> 被评估单位（或产权持有单位）填表人： | E29: =评估人员!C3&"："&评估人员!D10 -> 评估人员：
A30: =封面!D19&封面!E19&封面!F19&封面!G19&封面!H19&封面!I19&封面!J19 -> 填表日期：2020年5月20日

Sheet 3-9-1材料采购（在途物资）
A1: 返回索引页 | B1: 返回
A2: 存货—材料采购（在途物资）评估明细表
A3: ='1-汇总表'!A3:G3 -> 评估基准日：2020年7月30日
O4: 表3-9-1
A5: ='1-汇总表'!A5 -> 被评估单位（或产权持有单位）：贡山县隆鑫矿业有限公司 | O5: 金额单位：人民币元
A6: 序号 | B6: 名称及规格型号 | C6: 计量单位 | D6: 审计前账面值 | G6: 账面价值 | J6: 实际数量 | K6: 评估价值 | M6: 增减值 | N6: 增值率% | O6: 备注
D7: 数量 | E7: 单价 | F7: 金额 | G7: 数量 | H7: 单价 | I7: 金额 | K7: 单价 | L7: 金额
A8: 1 | E8: =IF(D8=0,"",F8/D8) | H8: =IF(G8=0,"",I8/G8) | N8: =IF(I8=0,"",(L8-I8)/I8*100)
E9: =IF(D9=0,"",F9/D9) | H9: =IF(G9=0,"",I9/G9) | N9: =IF(I9=0,"",(L9-I9)/I9*100)
E10: =IF(D10=0,"",F10/D10) | H10: =IF(G10=0,"",I10/G10) | N10: =IF(I10=0,"",(L10-I10)/I10*100)
E11: =IF(D11=0,"",F11/D11) | H11: =IF(G11=0,"",I11/G11) | N11: =IF(I11=0,"",(L11-I11)/I11*100)
E12: =IF(D12=0,"",F12/D12) | H12: =IF(G12=0,"",I12/G12) | N12: =IF(I12=0,"",(L12-I12)/I12*100)
E13: =IF(D13=0,"",F13/D13) | H13: =IF(G13=0,"",I13/G13) | N13: =IF(I13=0,"",(L13-I13)/I13*100)
E14: =IF(D14=0,"",F14/D14) | H14: =IF(G14=0,"",I14/G14) | N14: =IF(I14=0,"",(L14-I14)/I14*100)
E15: =IF(D15=0,"",F15/D15) | H15: =IF(G15=0,"",I15/G15) | N15: =IF(I15=0,"",(L15-I15)/I15*100)
E16: =IF(D16=0,"",F16/D16) | H16: =IF(G16=0,"",I16/G16) | N16: =IF(I16=0,"",(L16-I16)/I16*100)
E17: =IF(D17=0,"",F17/D17) | H17: =IF(G17=0,"",I17/G17) | N17: =IF(I17=0,"",(L17-I17)/I17*100)
E18: =IF(D18=0,"",F18/D18) | H18: =IF(G18=0,"",I18/G18) | N18: =IF(I18=0,"",(L18-I18)/I18*100)
E19: =IF(D19=0,"",F19/D19) | H19: =IF(G19=0,"",I19/G19) | N19: =IF(I19=0,"",(L19-I19)/I19*100)
E20: =IF(D20=0,"",F20/D20) | H20: =IF(G20=0,"",I20/G20) | N20: =IF(I20=0,"",(L20-I20)/I20*100)
... E25: =IF(D25=0,"",F25/D25) | H25: =IF(G25=0,"",I25/G25) | N25: =IF(I25=0,"",(L25-I25)/I25*100)
A26: 合 计 | E26: =IF(D26=0,"",F26/D26) | H26: =IF(G26=0,"",I26/G26) | I26: =SUM(I8:I25) -> 0 | L26: =SUM(L8:L25) -> 0 | M26: =L26-I26 -> 0 | N26: =IF(I26=0,"",(L26-I26)/I26*100)
A27: 减：材料采购减值准备 | M27: =L27-I27 -> 0 | N27: =IF(I27=0,"",(L27-I27)/I27*100)
A28: 合 计 | F28: =SUM(F8:F27) -> 0 | I28: =I26-I27 -> 0 | L28: =L26-L27 -> 0 | M28: =L28-I28 -> 0 | N28: =IF(I28=0,"",(L28-I28)/I28*100)
A29: =封面!D17&封面!E17 -> 被评估单位（或产权持有单位）填表人： | M29: =评估人员!C3&"："&评估人员!D10 -> 评估人员：
A30: =封面!D19&封面!E19&封面!F19&封面!G19&封面!H19&封面!I19&封面!J19 -> 填表日期：2020年5月20日

Sheet 3-9-2备品备件
A1: 返回索引页 | B1: 返回
A2: 存货—在库周转材料-备品备件评估明细表
A3: ='1-汇总表'!A3:G3 -> 评估基准日：2020年7月30日
P4: 表3-9-2
A5: ='1-汇总表'!A5 -> 被评估单位（或产权持有单位）：贡山县隆鑫矿业有限公司 | P5: 金额单位：人民币元
A6: 序号 | B6: 名称及规格型号 | C6: 计量单位 | D6: 审计前账面值 | G6: 账面价值 | J6: 实际数量 | K6: 评估价值 | N6: 增减值 | O6: 增值率% | P6: 备注 | Q6: 存放地点
D7: 数量 | E7: 单价 | F7: 金额 | G7: 数量 | H7: 单价 | I7: 金额 | K7: 评估净值 | L7: 快速变现折扣% | M7: 清算价值
A45: 合 计 | E45: =IF(D45=0,"",F45/D45) | H45: =IF(G45=0,"",I45/G45) | I45: =SUM(I8:I44) -> 0 | N45: =L45-I45 -> 0 | O45: =IF(I45=0,"",(L45-I45)/I45*100)
A46: 减：原材料减值准备 | N46: =L46-I46 -> 0 | O46: =IF(I46=0,"",(L46-I46)/I46*100)
A47: 合 计 | F47: =SUM(F8:F46) -> 0 | I47: =I45-I46 -> 0 | K47: =SUM(K8:K46) -> 0 | L47: =L45-L46 -> 0 | M47: =SUM(M8:M46) -> 0 | N47: =L47-I47 -> 0 | O47: =IF(I47=0,"",(L47-I47)/I47*100)
A48: =封面!D17&封面!E17 -> 被评估单位（或产权持有单位）填表人： | K48: =评估人员!C3&"："&评估人员!D10 -> 评估人员： | L48: 沈冬梅 李翠英
A49: =封面!D19&封面!E19&封面!F19&封面!G19&封面!H19&封面!I19&封面!J19 -> 填表日期：2020年5月20日

Sheet 3-9-3在库周转材料
A1: 返回索引页 | B1: 返回
A2: 存货—在库周转材料-备品备件评估明细表
A3: ='1-汇总表'!A3:G3 -> 评估基准日：2020年7月30日
P4: 表3-9-3
A5: ='1-汇总表'!A5 -> 被评估单位（或产权持有单位）：贡山县隆鑫矿业有限公司 | P5: 金额单位：人民币元
A6: 序号 | B6: 名称及规格型号 | C6: 计量单位 | D6: 审计前账面值 | G6: 账面价值 | J6: 实际数量 | K6: 评估价值 | N6: 增减值 | O6: 增值率% | P6: 备注 | Q6: 存放地点
D7: 数量 | E7: 单价 | F7: 金额 | G7: 数量 | H7: 单价 | I7: 金额 | K7: 评估净值 | L7: 快速变现折扣率% | M7: 清算价值
E13: =IF(D13=0,"",F13/D13) | H13: =IF(G13=0,"",I13/G13) | O13: =IF(I13=0,"",(M13-I13)/I13*100)
A14: 合 计 | E14: =IF(D14=0,"",F14/D14) | H14: =IF(G14=0,"",I14/G14) | I14: =SUM(I8:I13) -> 0 | K14: =SUM(K8:K13) -> 0 | M14: =SUM(M8:M13) -> 0 | O14: =IF(I14=0,"",(M14-I14)/I14*100)
A15: 减：在库周转材料减值准备 | N15: =M15-I15 -> 0 | O15: =IF(I15=0,"",(M15-I15)/I15*100)
A16: 合 计 | F16: =SUM(F8:F15) -> 0 | I16: =I14-I15 -> 0 | K16: =K14-K15 -> 0 | M16: =M14-M15 -> 0 | O16: =IF(I16=0,"",(M16-I16)/I16*100)
A17: =封面!D17&封面!E17 -> 被评估单位（或产权持有单位）填表人： | L17: =评估人员!C3&"："&评估人员!D10 -> 评估人员： | M17: 沈冬梅 李翠英
A18: =封面!D19&封面!E19&封面!F19&封面!G19&封面!H19&封面!I19&封面!J19 -> 填表日期：2020年5月20日
B19: 注1： | C19: 1）正常，无需填写；2）残次，填“A”；3）变质，填“B”；4）毁损，填“C”；5）滞销，填“E”；
C20: 6）积压，填“D”并在备注中填写已积压时间“1年以内”、“1~2年”、“2~3年”、“3年以上”；7）其他情形用文字表述。

Sheet 3-9-4委托加工物资
A1: 返回索引页 | B1: 返回
A2: 存货—委托加工物资评估明细表
A3: ='1-汇总表'!A3:G3 -> 评估基准日：2020年7月30日
P4: 表3-9-4
A5: ='1-汇总表'!A5 -> 被评估单位（或产权持有单位）：贡山县隆鑫矿业有限公司 | P5: 金额单位：人民币元
A6: 序号 | B6: 名称及规格型号 | C6: 加工单位名称 | D6: 计量单位 | E6: 审计前账面值 | H6: 账面价值 | K6: 实际数量 | L6: 评估价值 | N6: 增减值 | O6: 增值率% | P6: 备注
E7: 数量 | F7: 单价 | G7: 金额 | H7: 数量 | I7: 单价 | J7: 金额 | L7: 单价 | M7: 金额
F8: =IF(E8=0,"",G8/E8) | I8: =IF(H8=0,"",J8/H8) | O8: =IF(J8=0,"",(M8-J8)*J8*100)
F9: =IF(E9=0,"",G9/E9) | I9: =IF(H9=0,"",J9/H9) | O9: =IF(J9=0,"",(M9-J9)*J9*100)
F10: =IF(E10=0,"",G10/E10) | I10: =IF(H10=0,"",J10/H10) | O10: =IF(J10=0,"",(M10-J10)*J10*100)
F11: =IF(E11=0,"",G11/E11) | I11: =IF(H11=0,"",J11/H11) | O11: =IF(J11=0,"",(M11-J11)*J11*100)
F12: =IF(E12=0,"",G12/E12) | I12: =IF(H12=0,"",J12/H12) | O12: =IF(J12=0,"",(M12-J12)*J12*100)
F13: =IF(E13=0,"",G13/E13) | I13: =IF(H13=0,"",J13/H13) | O13: =IF(J13=0,"",(M13-J13)*J13*100)
F14: =IF(E14=0,"",G14/E14) | I14: =IF(H14=0,"",J14/H14) | O14: =IF(J14=0,"",(M14-J14)*J14*100)
F15: =IF(E15=0,"",G15/E15) | I15: =IF(H15=0,"",J15/H15) | O15: =IF(J15=0,"",(M15-J15)*J15*100)
F16: =IF(E16=0,"",G16/E16) | I16: =IF(H16=0,"",J16/H16) | O16: =IF(J16=0,"",(M16-J16)*J16*100)
F17: =IF(E17=0,"",G17/E17) | I17: =IF(H17=0,"",J17/H17) | O17: =IF(J17=0,"",(M17-J17)*J17*100)
F18: =IF(E18=0,"",G18/E18) | I18: =IF(H18=0,"",J18/H18) | O18: =IF(J18=0,"",(M18-J18)*J18*100)
F19: =IF(E19=0,"",G19/E19) | I19: =IF(H19=0,"",J19/H19) | O19: =IF(J19=0,"",(M19-J19)*J19*100)
... F25: =IF(E25=0,"",G25/E25) | I25: =IF(H25=0,"",J25/H25) | O25: =IF(J25=0,"",(M25-J25)*J25*100)
A26: 合 计 | F26: =IF(E26=0,"",G26/E26) | I26: =IF(H26=0,"",J26/H26) | J26: =SUM(J8:J25) -> 0 | M26: =SUM(M8:M25) -> 0 | N26: =M26-J26 -> 0 | O26: =IF(J26=0,"",(M26-J26)*J26*100)
A27: 减：委托加工物资减值准备 | N27: =M27-J27 -> 0 | O27: =IF(J27=0,"",(M27-J27)*J27*100)
A28: 合 计 | G28: =SUM(G8:G27) -> 0 | J28: =J26-J27 -> 0 | M28: =M26-M27 -> 0 | N28: =M28-J28 -> 0 | O28: =IF(J28=0,"",(M28-J28)*J28*100)
A29: =封面!D17&封面!E17 -> 被评估单位（或产权持有单位）填表人： | N29: =评估人员!C3&"："&评估人员!D10 -> 评估人员：
A30: =封面!D19&封面!E19&封面!F19&封面!G19&封面!H19&封面!I19&封面!J19 -> 填表日期：2020年5月20日

Sheet 3-9-5产成品（库存商品）
A1: 返回索引页 | B1: 返回
A2: 存货—产成品（库存商品）评估明细表
A3: ='1-汇总表'!A3:G3 -> 评估基准日：2020年7月30日
O4: 表3-9-5
A5: ='1-汇总表'!A5 -> 被评估单位（或产权持有单位）：贡山县隆鑫矿业有限公司 | O5: 金额单位：人民币元
A6: 序号 | B6: 名称及规格型号 | C6: 计量 单位 | D6: 审计前账面值 | G6: 账面价值 | J6: 实际数量 | K6: 评估价值 | M6: 增减值 | N6: 增值率% | O6: 备注
D7: 数量 | E7: 单价 | F7: 金额 | G7: 数量 | H7: 单价 | I7: 金额 | K7: 单价 | L7: 金额
E16: =IF(D16=0,"",F16/D16) | H16: =IF(G16=0,"",I16/G16) | N16: =IF(I16=0,"",(L16-I16)/I16*100)
E17: =IF(D17=0,"",F17/D17) | H17: =IF(G17=0,"",I17/G17) | N17: =IF(I17=0,"",(L17-I17)/I17*100)
E18: =IF(D18=0,"",F18/D18) | H18: =IF(G18=0,"",I18/G18) | N18: =IF(I18=0,"",(L18-I18)/I18*100)
E19: =IF(D19=0,"",F19/D19) | H19: =IF(G19=0,"",I19/G19) | N19: =IF(I19=0,"",(L19-I19)/I19*100)
E20: =IF(D20=0,"",F20/D20) | H20: =IF(G20=0,"",I20/G20) | N20: =IF(I20=0,"",(L20-I20)/I20*100)
E21: =IF(D21=0,"",F21/D21) | H21: =IF(G21=0,"",I21/G21) | N21: =IF(I21=0,"",(L21-I21)/I21*100)
E22: =IF(D22=0,"",F22/D22) | H22: =IF(G22=0,"",I22/G22) | N22: =IF(I22=0,"",(L22-I22)/I22*100)
A23: 合 计 | E23: =IF(D23=0,"",F23/D23) | H23: =IF(G23=0,"",I23/G23) | I23: =SUM(I8:I22) -> 0 | L23: =SUM(L8:L22) -> 0 | M23: =SUM(M8:M22) -> 0 | N23: =SUM(N8:N22) -> 0
A24: 减：产成品（库存商品）减值准备 | M24: =L24-I24 -> 0 | N24: =IF(I24=0,"",(L24-I24)/I24*100)
A25: 合 计 | F25: =SUM(F8:F24) -> 0 | I25: =I23-I24 -> 0 | L25: =L23-L24 -> 0 | M25: =L25-I25 -> 0 | N25: =IF(I25=0,"",(L25-I25)/I25*100)
A26: =封面!D17&封面!E17 -> 被评估单位（或产权持有单位）填表人： | M26: =评估人员!C3&"："&评估人员!D10 -> 评估人员：
A27: =封面!D19&封面!E19&封面!F19&封面!G19&封面!H19&封面!I19&封面!J19 -> 填表日期：2020年5月20日
B28: 注1： | C28: 1）正常，无需填写；2）残次，填“A”；3）变质，填“B”；4）毁损，填“C”；5）滞销，填“E”；
C29: 6）积压，填“D”并在备注中填写已积压时间“1年以内”、“1~2年”、“2~3年”、“3年以上”；7）其他情形用文字表述。

Sheet 3-9-6在产品（自制半成品）
A1: 返回索引页 | B1: 返回
A2: 存货—在产品（自制半成品）评估明细表
A3: ='1-汇总表'!A3:G3 -> 评估基准日：2020年7月30日
O4: 表3-9-6
A5: ='1-汇总表'!A5 -> 被评估单位（或产权持有单位）：贡山县隆鑫矿业有限公司 | O5: 金额单位：人民币元
A6: 序号 | B6: 名称及规格型号 | C6: 计量单位 | D6: 审计前账面值 | G6: 账面价值 | J6: 实际数量 | K6: 评估价值 | M6: 增减值 | N6: 增值率% | O6: 备注
D7: 数量 | E7: 单价 | F7: 金额 | G7: 数量 | H7: 单价 | I7: 金额 | K7: 单价 | L7: 金额
E8: =IF(D8=0,"",F8/D8) | H8: =IF(G8=0,"",I8/G8) | N8: =IF(I8=0,"",(L8-I8)/I8*100)
E9: =IF(D9=0,"",F9/D9) | H9: =IF(G9=0,"",I9/G9) | N9: =IF(I9=0,"",(L9-I9)/I9*100)
E10: =IF(D10=0,"",F10/D10) | H10: =IF(G10=0,"",I10/G10) | N10: =IF(I10=0,"",(L10-I10)/I10*100)
E11: =IF(D11=0,"",F11/D11) | H11: =IF(G11=0,"",I11/G11) | N11: =IF(I11=0,"",(L11-I11)/I11*100)
E12: =IF(D12=0,"",F12/D12) | H12: =IF(G12=0,"",I12/G12) | N12: =IF(I12=0,"",(L12-I12)/I12*100)
E13: =IF(D13=0,"",F13/D13) | H13: =IF(G13=0,"",I13/G13) | N13: =IF(I13=0,"",(L13-I13)/I13*100)
E14: =IF(D14=0,"",F14/D14) | H14: =IF(G14=0,"",I14/G14) | N14: =IF(I14=0,"",(L14-I14)/I14*100)
E15: =IF(D15=0,"",F15/D15) | H15: =IF(G15=0,"",I15/G15) | N15: =IF(I15=0,"",(L15-I15)/I15*100)
E16: =IF(D16=0,"",F16/D16) | H16: =IF(G16=0,"",I16/G16) | N16: =IF(I16=0,"",(L16-I16)/I16*100)
E17: =IF(D17=0,"",F17/D17) | H17: =IF(G17=0,"",I17/G17) | N17: =IF(I17=0,"",(L17-I17)/I17*100)
E18: =IF(D18=0,"",F18/D18) | H18: =IF(G18=0,"",I18/G18) | N18: =IF(I18=0,"",(L18-I18)/I18*100)
E19: =IF(D19=0,"",F19/D19) | H19: =IF(G19=0,"",I19/G19) | N19: =IF(I19=0,"",(L19-I19)/I19*100)
... E25: =IF(D25=0,"",F25/D25) | H25: =IF(G25=0,"",I25/G25) | N25: =IF(I25=0,"",(L25-I25)/I25*100)
A26: 合 计 | E26: =IF(D26=0,"",F26/D26) | H26: =IF(G26=0,"",I26/G26) | I26: =SUM(I8:I25) -> 0 | L26: =SUM(L8:L25) -> 0 | M26: =L26-I26 -> 0 | N26: =IF(I26=0,"",(L26-I26)/I26*100)
A27: 减：在产品（自制半成品）减值准备 | M27: =L27-I27 -> 0 | N27: =IF(I27=0,"",(L27-I27)/I27*100)
A28: 合 计 | F28: =SUM(F8:F27) -> 0 | I28: =I26-I27 -> 0 | L28: =L26-L27 -> 0 | M28: =L28-I28 -> 0 | N28: =IF(I28=0,"",(L28-I28)/I28*100)
A29: =封面!$D$17&封面!$E$17 -> 被评估单位（或产权持有单位）填表人： | M29: =评估人员!$C$3&"："&评估人员!$D$10 -> 评估人员：
A30: =封面!$D$19&封面!$E$19&封面!$F$19&封面!$G$19&封面!$H$19&封面!$I$19&封面!$J$19 -> 填表日期：2020年5月20日

Sheet 3-9-7发出商品
A1: 返回索引页 | B1: 返回
A2: 存货—发出商品评估明细表
A3: ='1-汇总表'!A3:G3 -> 评估基准日：2020年7月30日
P4: 表3-9-7
A5: ='1-汇总表'!A5 -> 被评估单位（或产权持有单位）：贡山县隆鑫矿业有限公司 | P5: 金额单位：人民币元
A6: 序号 | B6: 商品名称 | C6: 对方单位名称 | D6: 计量单位 | E6: 审计前账面值 | H6: 账面价值 | K6: 实际数量 | L6: 评估价值 | N6: 增减值 | O6: 增值率% | P6: 备注
E7: 数量 | F7: 单价 | G7: 金额 | H7: 数量 | I7: 单价 | J7: 金额 | L7: 单价 | M7: 金额
F8: =IF(E8=0,"",G8/E8) | I8: =IF(H8=0,"",J8/H8) | O8: =IF(J8=0,"",(M8-J8)/J8*100)
F9: =IF(E9=0,"",G9/E9) | I9: =IF(H9=0,"",J9/H9) | O9: =IF(J9=0,"",(M9-J9)/J9*100)
F10: =IF(E10=0,"",G10/E10) | I10: =IF(H10=0,"",J10/H10) | O10: =IF(J10=0,"",(M10-J10)/J10*100)
F11: =IF(E11=0,"",G11/E11) | I11: =IF(H11=0,"",J11/H11) | O11: =IF(J11=0,"",(M11-J11)/J11*100)
F12: =IF(E12=0,"",G12/E12) | I12: =IF(H12=0,"",J12/H12) | O12: =IF(J12=0,"",(M12-J12)/J12*100)
F13: =IF(E13=0,"",G13/E13) | I13: =IF(H13=0,"",J13/H13) | O13: =IF(J13=0,"",(M13-J13)/J13*100)
F14: =IF(E14=0,"",G14/E14) | I14: =IF(H14=0,"",J14/H14) | O14: =IF(J14=0,"",(M14-J14)/J14*100)
F15: =IF(E15=0,"",G15/E15) | I15: =IF(H15=0,"",J15/H15) | O15: =IF(J15=0,"",(M15-J15)/J15*100)
F16: =IF(E16=0,"",G16/E16) | I16: =IF(H16=0,"",J16/H16) | O16: =IF(J16=0,"",(M16-J16)/J16*100)
F17: =IF(E17=0,"",G17/E17) | I17: =IF(H17=0,"",J17/H17) | O17: =IF(J17=0,"",(M17-J17)/J17*100)
F18: =IF(E18=0,"",G18/E18) | I18: =IF(H18=0,"",J18/H18) | O18: =IF(J18=0,"",(M18-J18)/J18*100)
F19: =IF(E19=0,"",G19/E19) | I19: =IF(H19=0,"",J19/H19) | O19: =IF(J19=0,"",(M19-J19)/J19*100)
... F25: =IF(E25=0,"",G25/E25) | I25: =IF(H25=0,"",J25/H25) | O25: =IF(J25=0,"",(M25-J25)/J25*100)
A26: 合 计 | F26: =IF(E26=0,"",G26/E26) | I26: =IF(H26=0,"",J26/H26) | J26: =SUM(J8:J25) -> 0 | M26: =SUM(M8:M25) -> 0 | N26: =M26-J26 -> 0 | O26: =IF(J26=0,"",(M26-J26)/J26*100)
A27: 减：发出商品减值准备 | N27: =M27-J27 -> 0 | O27: =IF(J27=0,"",(M27-J27)/J27*100)
A28: 合 计 | G28: =SUM(G8:G27) -> 0 | J28: =J26-J27 -> 0 | M28: =M26-M27 -> 0 | N28: =M28-J28 -> 0 | O28: =IF(J28=0,"",(M28-J28)/J28*100)
A29: =封面!$D$17&封面!$E$17 -> 被评估单位（或产权持有单位）填表人： | N29: =评估人员!$C$3&"："&评估人员!$D$10 -> 评估人员：
A30: =封面!$D$19&封面!$E$19&封面!$F$19&封面!$G$19&封面!$H$19&封面!$I$19&封面!$J$19 -> 填表日期：2020年5月20日

Sheet 3-9-8在用周转材料
A1: 返回索引页 | B1: 返回
A2: 存货—在用周转材料评估明细表
A3: ='1-汇总表'!A3:G3 -> 评估基准日：2020年7月30日
P4: 表3-9-8
A5: ='1-汇总表'!A5 -> 被评估单位（或产权持有单位）：贡山县隆鑫矿业有限公司 | P5: 金额单位：人民币元
A6: 序号 | B6: 名称及规格型号 | C6: 启用日期 | D6: 原始入账价值 | E6: 计量单位 | F6: 审计前账面值 | H6: 账面价值 | J6: 实际数量 | K6: 评估价值 | N6: 增减值 | O6: 增值率% | P6: 备注
F7: 数量 | G7: 金额 | H7: 数量 | I7: 金额 | K7: 单价 | L7: 成新率% | M7: 金额
O8: =IF(I8=0,"",(M8-I8)/I8*100)
O9: =IF(I9=0,"",(M9-I9)/I9*100)
O10: =IF(I10=0,"",(M10-I10)/I10*100)
O11: =IF(I11=0,"",(M11-I11)/I11*100)
O12: =IF(I12=0,"",(M12-I12)/I12*100)
O13: =IF(I13=0,"",(M13-I13)/I13*100)
O14: =IF(I14=0,"",(M14-I14)/I14*100)
O15: =IF(I15=0,"",(M15-I15)/I15*100)
O16: =IF(I16=0,"",(M16-I16)/I16*100)
O17: =IF(I17=0,"",(M17-I17)/I17*100)
O18: =IF(I18=0,"",(M18-I18)/I18*100)
O19: =IF(I19=0,"",(M19-I19)/I19*100)
... O25: =IF(I25=0,"",(M25-I25)/I25*100)
A26: 合 计 | I26: =SUM(I8:I25) -> 0 | M26: =SUM(M8:M25) -> 0 | N26: =M26-I26 -> 0 | O26: =IF(I26=0,"",(M26-I26)/I26*100)
A27: 减：在用周转材料减值准备 | N27: =M27-I27 -> 0 | O27: =IF(I27=0,"",(M27-I27)/I27*100)
A28: 合 计 | G28: =SUM(G8:G27) -> 0 | I28: =I26-I27 -> 0 | M28: =M26-M27 -> 0 | N28: =M28-I28 -> 0 | O28: =IF(I28=0,"",(M28-I28)/I28*100)
A29: =封面!$D$17&封面!$E$17 -> 被评估单位（或产权持有单位）填表人： | N29: =评估人员!$C$3&"："&评估人员!$D$10 -> 评估人员：
A30: =封面!$D$19&封面!$E$19&封面!$F$19&封面!$G$19&封面!$H$19&封面!$I$19&封面!$J$19 -> 填表日期：2020年5月20日

Sheet 3-10一年到期非流动资产
A1: 返回索引页 | B1: 返回
A2: 一年内到期的非流动资产评估明细表
A3: ='1-汇总表'!A3:G3 -> 评估基准日：2020年7月30日
J4: 表3-10
A5: ='1-汇总表'!A5 -> 被评估单位（或产权持有单位）：贡山县隆鑫矿业有限公司 | J5: 金额单位：人民币元
A6: 序号 | B6: 项目及内容 | C6: 发生日期 | D6: 结算内容 | E6: 审计前账面值 | F6: 账面价值 | G6: 评估价值 | H6: 增减值 | I6: 增值率% | J6: 备注
I7: =IF(F7=0,"",(G7-F7)/F7*100)
I8: =IF(F8=0,"",(G8-F8)/F8*100)
I9: =IF(F9=0,"",(G9-F9)/F9*100)
I10: =IF(F10=0,"",(G10-F10)/F10*100)
I11: =IF(F11=0,"",(G11-F11)/F11*100)
I12: =IF(F12=0,"",(G12-F12)/F12*100)
I13: =IF(F13=0,"",(G13-F13)/F13*100)
I14: =IF(F14=0,"",(G14-F14)/F14*100)
I15: =IF(F15=0,"",(G15-F15)/F15*100)
I16: =IF(F16=0,"",(G16-F16)/F16*100)
I17: =IF(F17=0,"",(G17-F17)/F17*100)
I18: =IF(F18=0,"",(G18-F18)/F18*100)
... I27: =IF(F27=0,"",(G27-F27)/F27*100)
A28: 合 计 | E28: =SUM(E7:E27) -> 0 | F28: =SUM(F7:F27) -> 0 | G28: =SUM(G7:G27) -> 0 | H28: =G28-F28 -> 0 | I28: =IF(F28=0,"",(G28-F28)/F28*100)
A29: =封面!$D$17&封面!$E$17 -> 被评估单位（或产权持有单位）填表人： | H29: =评估人员!$C$3&"："&评估人员!$D$10 -> 评估人员：
A30: =封面!$D$19&封面!$E$19&封面!$F$19&封面!$G$19&封面!$H$19&封面!$I$19&封面!$J$19 -> 填表日期：2020年5月20日

Sheet 3-11其他流动资产
A1: 返回索引页 | B1: 返回
A2: 其他流动资产评估明细表
A3: ='1-汇总表'!A3:G3 -> 评估基准日：2020年7月30日
J4: 表3-11
A5: ='1-汇总表'!A5 -> 被评估单位（或产权持有单位）：贡山县隆鑫矿业有限公司 | J5: 金额单位：人民币元
A6: 序号 | B6: 项目及内容 | C6: 发生日期 | D6: 结算内容 | E6: 审计前账面值 | F6: 账面价值 | G6: 评估价值 | H6: 增减值 | I6: 增值率% | J6: 备注
I7: =IF(F7=0,"",(G7-F7)/F7*100)
I8: =IF(F8=0,"",(G8-F8)/F8*100)
I9: =IF(F9=0,"",(G9-F9)/F9*100)
I10: =IF(F10=0,"",(G10-F10)/F10*100)
I11: =IF(F11=0,"",(G11-F11)/F11*100)
I12: =IF(F12=0,"",(G12-F12)/F12*100)
I13: =IF(F13=0,"",(G13-F13)/F13*100)
I14: =IF(F14=0,"",(G14-F14)/F14*100)
I15: =IF(F15=0,"",(G15-F15)/F15*100)
I16: =IF(F16=0,"",(G16-F16)/F16*100)
I17: =IF(F17=0,"",(G17-F17)/F17*100)
I18: =IF(F18=0,"",(G18-F18)/F18*100)
... I27: =IF(F27=0,"",(G27-F27)/F27*100)
A28: 合 计 | E28: =SUM(E7:E27) -> 0 | F28: =SUM(F7:F27) -> 0 | G28: =SUM(G7:G27) -> 0 | H28: =G28-F28 -> 0 | I28: =IF(F28=0,"",(G28-F28)/F28*100)
A29: =封面!$D$17&封面!$E$17 -> 被评估单位（或产权持有单位）填表人： | H29: =评估人员!$C$3&"："&评估人员!$D$10 -> 评估人员：
A30: =封面!$D$19&封面!$E$19&封面!$F$19&封面!$G$19&封面!$H$19&封面!$I$19&封面!$J$19 -> 填表日期：2020年5月20日

Sheet 4-非流动资产汇总
A1: 返回索引页 | B1: 返回
A2: 非流动资产评估汇总表
A3: ='1-汇总表'!A3:G3 -> 评估基准日：2020年7月30日
G4: 表4
A5: ='1-汇总表'!A5 -> 被评估单位（或产权持有单位）：贡山县隆鑫矿业有限公司 | G5: 金额单位：人民币元
A6: 编号 | B6: 科目名称 | C6: 审计前账面值 | D6: 账面价值 | E6: 评估价值 | F6: 增减值 | G6: 增值率%
A7: 4-1 | B7: 可供出售金融资产 | C7: ='4-1可供出售金融资产汇总'!C28 -> 0 | D7: ='4-1可供出售金融资产汇总'!D28 -> 0 | E7: ='4-1可供出售金融资产汇总'!E28 -> 0 | F7: =E7-D7 -> 0 | G7: =IF(D7=0,"",F7/D7*100)
A8: 4-2 | B8: 持有至到期投资 | C8: ='4-2持有到期投资'!H28 -> 0 | D8: ='4-2持有到期投资'!I28 -> 0 | E8: ='4-2持有到期投资'!J28 -> 0 | F8: =E8-D8 -> 0 | G8: =IF(D8=0,"",F8/D8*100)
A9: 4-3 | B9: 长期应收款 | C9: ='4-3长期应收'!E27 -> 0 | D9: ='4-3长期应收'!F27 -> 0 | E9: ='4-3长期应收'!G27 -> 0 | F9: =E9-D9 -> 0 | G9: =IF(D9=0,"",F9/D9*100)
A10: 4-4 | B10: 长期股权投资 | C10: ='4-4股权投资'!G28 -> 0 | D10: ='4-4股权投资'!H28 -> 0 | E10: ='4-4股权投资'!I28 -> 0 | F10: =E10-D10 -> 0 | G10: =IF(D10=0,"",F10/D10*100)
A11: 4-5 | B11: 投资性房地产 | C11: ='4-5投资性房地产汇总'!D28 -> 0 | D11: ='4-5投资性房地产汇总'!F28 -> 0 | E11: ='4-5投资性房地产汇总'!I28 -> 0 | F11: =E11-D11 -> 0 | G11: =IF(D11=0,"",F11/D11*100)
A12: 4-6 | B12: 固定资产 | C12: ='4-6固定资产汇总'!D21 -> #REF! | D12: ='4-6固定资产汇总'!F21 -> - | E12: ='4-6固定资产汇总'!H21 -> 0 | F12: =E12-D12 -> #VALUE! | G12: =IF(D12=0,"",F12/D12*100) -> #VALUE!
A13: 4-7 | B13: 在建工程 | C13: ='4-7在建工程汇总'!C28 -> 0 | D13: ='4-7在建工程汇总'!D28 -> 4.5080057e+08 | E13: ='4-7在建工程汇总'!E28 -> 0 | F13: =E13-D13 -> -4.5080057e+08 | G13: =IF(D13=0,"",F13/D13*100) -> -100
A14: 4-8 | B14: 工程物资 | C14: ='4-8工程物资'!G28 -> 0 | D14: ='4-8工程物资'!J28 -> 0 | E14: ='4-8工程物资'!M28 -> 0 | F14: =E14-D14 -> 0 | G14: =IF(D14=0,"",F14/D14*100)
A15: 4-9 | B15: 固定资产清理 | C15: ='4-9固定资产清理'!D28 -> 0 | D15: ='4-9固定资产清理'!E28 -> 0 | E15: ='4-9固定资产清理'!F28 -> 0 | F15: =E15-D15 -> 0 | G15: =IF(D15=0,"",F15/D15*100)
A16: 4-10 | B16: 生产性生物资产 | C16: ='4-10生产性生物资产'!H28 -> 0 | D16: ='4-10生产性生物资产'!J28 -> 0 | E16: ='4-10生产性生物资产'!M28 -> 0 | F16: =E16-D16 -> 0 | G16: =IF(D16=0,"",F16/D16*100)
A17: 4-11 | B17: 油气资产 | C17: ='4-11油气资产'!I28 -> 0 | D17: ='4-11油气资产'!K28 -> 0 | E17: ='4-11油气资产'!N28 -> 0 | F17: =E17-D17 -> 0 | G17: =IF(D17=0,"",F17/D17*100)
A18: 4-12 | B18: 无形资产 | C18: ='4-12无形资产汇总'!C20 -> 0 | D18: ='4-12无形资产汇总'!D20 -> 0 | E18: ='4-12无形资产汇总'!E20 -> 65785950 | F18: =E18-D18 -> 65785950 | G18: =IF(D18=0,"",F18/D18*100)
A19: 4-13 | B19: 开发支出 | C19: ='4-13开发支出'!D28 -> 0 | D19: ='4-13开发支出'!E28 -> 0 | E19: ='4-13开发支出'!F28 -> 0 | F19: =E19-D19 -> 0 | G19: =IF(D19=0,"",F19/D19*100)
A20: 4-14 | B20: 商誉 | C20: ='4-14商誉'!D28 -> 0 | D20: ='4-14商誉'!E28 -> 0 | E20: ='4-14商誉'!F28 -> 0 | F20: =E20-D20 -> 0 | G20: =IF(D20=0,"",F20/D20*100)
A21: 4-15 | B21: 长期待摊费用 | C21: ='4-15长期待摊费用'!F25 -> 0 | D21: ='4-15长期待摊费用'!G25 -> 6534350.4 | E21: ='4-15长期待摊费用'!I25 -> 0 | F21: =E21-D21 -> -6534350.4 | G21: =IF(D21=0,"",F21/D21*100) -> -100
A22: 4-16 | B22: 递延所得税资产 | C22: ='4-16递延所得税资产'!D28 -> 0 | D22: ='4-16递延所得税资产'!E28 -> 0 | E22: ='4-16递延所得税资产'!F28 -> 0 | F22: =E22-D22 -> 0 | G22: =IF(D22=0,"",F22/D22*100)
A23: 4-17 | B23: 其他非流动资产 | C23: ='4-17其他非流动资产'!D28 -> 0 | D23: ='4-17其他非流动资产'!E28 -> 14833040 | E23: ='4-17其他非流动资产'!F28 -> 0 | F23: =E23-D23 -> -14833040 | G23: =IF(D23=0,"",F23/D23*100) -> -100
A27: 合 计 | C27: =SUM(C7:C23) -> #REF! | D27: =SUM(D7:D26) -> 4.7216796e+08 | E27: =SUM(E7:E26) -> 65785950 | F27: =E27-D27 -> -4.0638201e+08 | G27: =IF(D27=0,"",F27/D27*100) -> -86.07
A28: =封面!$D$17&封面!$E$17 -> 被评估单位（或产权持有单位）填表人： | E28: =评估人员!C3&"："&评估人员!D10 -> 评估人员：
A29: =封面!$D$19&封面!$E$19&封面!$F$19&封面!$G$19&封面!$H$19&封面!$I$19&封面!$J$19 -> 填表日期：2020年5月20日

Sheet 4-1可供出售金融资产汇总
A1: 返回索引页 | B1: 返回
A2: 可供出售金融资产评估汇总表
A3: ='1-汇总表'!A3:G3 -> 评估基准日：2020年7月30日
G4: 表4-1
A5: ='1-汇总表'!A5 -> 被评估单位（或产权持有单位）：贡山县隆鑫矿业有限公司 | G5: 金额单位：人民币元
A6: 编号 | B6: 科目名称 | C6: 审计前账面值 | D6: 账面价值 | E6: 评估价值 | F6: 增减值 | G6: 增值率%
A7: 4-1-1 | B7: 可供出售金融资产-股票投资 | C7: ='4-1-1可出售-股票'!I28 -> 0 | D7: ='4-1-1可出售-股票'!J26 -> 0 | E7: ='4-1-1可出售-股票'!K26 -> 0 | F7: =E7-D7 -> 0 | G7: =IF(D7=0,"",F7/D7*100)
A8: 4-1-2 | B8: 可供出售金融资产-债券投资 | C8: ='4-1-2可出售-债券'!H28 -> 0 | D8: ='4-1-2可出售-债券'!I26 -> 0 | E8: ='4-1-2可出售-债券'!J26 -> 0 | F8: =E8-D8 -> 0 | G8: =IF(D8=0,"",F8/D8*100)
A9: 4-1-3 | B9: 可供出售金融资产-其他投资 | C9: ='4-1-3可出售-其他'!H28 -> 0 | D9: ='4-1-3可出售-其他'!I26 -> 0 | E9: ='4-1-3可出售-其他'!J26 -> 0 | F9: =E9-D9 -> 0 | G9: =IF(D9=0,"",F9/D9*100)
A26: 合 计 | C26: =SUM(C7:C25) -> 0 | D26: =SUM(D7:D9) -> 0 | E26: =SUM(E7:E9) -> 0 | F26: =E26-D26 -> 0 | G26: =IF(D26=0,"",F26/D26*100)
A27: 减：减值准备 | D27: ='4-1-1可出售-股票'!J27+'4-1-2可出售-债券'!I27+'4-1-3可出售-其他'!I27 -> 0 | E27: ='4-1-1可出售-股票'!K27+'4-1-2可出售-债券'!J27+'4-1-3可出售-其他'!J27 -> 0 | F27: =E27-D27 -> 0 | G27: =IF(D27=0,"",F27/D27*100)
A28: 合 计 | C28: =C26-C27 -> 0 | D28: =D26-D27 -> 0 | E28: =E26-E27 -> 0 | F28: =E28-D28 -> 0 | G28: =IF(D28=0,"",F28/D28*100)
A29: =封面!$D$17&封面!$E$17 -> 被评估单位（或产权持有单位）填表人： | E29: =评估人员!$C$3&"："&评估人员!$D$30 -> 评估人员：
A30: =封面!$D$19&封面!$E$19&封面!$F$19&封面!$G$19&封面!$H$19&封面!$I$19&封面!$J$19 -> 填表日期：2020年5月20日

Sheet 4-1-1可出售-股票
A1: 返回索引页 | B1: 返回
A2: 可供出售金融资产—股票投资评估明细表
A3: ='1-汇总表'!A3:G3 -> 评估基准日：2020年7月30日
N4: 表4-1-1
A5: ='1-汇总表'!A5 -> 被评估单位（或产权持有单位）：贡山县隆鑫矿业有限公司 | N5: 金额单位：人民币元
A6: 序号 | B6: 被投资单位名称 | C6: 股票性质 | D6: 投资日期 | E6: 持股数量 | F6: 持股比例% | G6: 基准日市价 | H6: 取得成本 | I6: 审计前账面值 | J6: 账面价值 | K6: 评估价值 | L6: 增减值 | M6: 增值率% | N6: 备注
M7: =IF(J7=0,"",(K7-J7)/J7*100)
M8: =IF(J8=0,"",(K8-J8)/J8*100)
M9: =IF(J9=0,"",(K9-J9)/J9*100)
M10: =IF(J10=0,"",(K10-J10)/J10*100)
M11: =IF(J11=0,"",(K11-J11)/J11*100)
M12: =IF(J12=0,"",(K12-J12)/J12*100)
M13: =IF(J13=0,"",(K13-J13)/J13*100)
M14: =IF(J14=0,"",(K14-J14)/J14*100)
M15: =IF(J15=0,"",(K15-J15)/J15*100)
M16: =IF(J16=0,"",(K16-J16)/J16*100)
M17: =IF(J17=0,"",(K17-J17)/J17*100)
M18: =IF(J18=0,"",(K18-J18)/J18*100)
... M25: =IF(J25=0,"",(K25-J25)/J25*100)
A26: 合 计 | J26: =SUM(J7:J25) -> 0 | K26: =SUM(K7:K25) -> 0 | L26: =K26-J26 -> 0 | M26: =IF(J26=0,"",(K26-J26)/J26*100)
A27: 减：减值准备 | B27: 减：减值准备 | L27: =K27-J27 -> 0 | M27: =IF(J27=0,"",(K27-J27)/J27*100)
A28: 合 计 | I28: =SUM(I7:I27) -> 0 | J28: =J26-J27 -> 0 | K28: =K26-K27 -> 0 | L28: =K28-J28 -> 0 | M28: =IF(J28=0,"",(K28-J28)/J28*100)
A29: =封面!$D$17&封面!$E$17 -> 被评估单位（或产权持有单位）填表人： | K29: =评估人员!$C$3&"："&评估人员!$D$30 -> 评估人员：
A30: =封面!$D$19&封面!$E$19&封面!$F$19&封面!$G$19&封面!$H$19&封面!$I$19&封面!$J$19 -> 填表日期：2020年5月20日

Sheet 4-1-2可出售-债券
A1: 返回索引页 | B1: 返回
A2: 可供出售金融资产—债券投资评估明细表
A3: ='1-汇总表'!A3:G3 -> 评估基准日：2020年7月30日
M4: 表4-1-2
A5: ='1-汇总表'!A5 -> 被评估单位（或产权持有单位）：贡山县隆鑫矿业有限公司 | M5: 金额单位：人民币元
A6: 序号 | B6: 被投资单位名称 | C6: 债券种类 | D6: 发行日期 | E6: 到期日 | F6: 票面利率% | G6: 成本（面值） | H6: 审计前账面值 | I6: 账面价值 | J6: 评估价值 | K6: 增减值 | L6: 增值率% | M6: 备注
L7: =IF(I7=0,"",(J7-I7)/I7*100)
L8: =IF(I8=0,"",(J8-I8)/I8*100)
L9: =IF(I9=0,"",(J9-I9)/I9*100)
L10: =IF(I10=0,"",(J10-I10)/I10*100)
L11: =IF(I11=0,"",(J11-I11)/I11*100)
L12: =IF(I12=0,"",(J12-I12)/I12*100)
L13: =IF(I13=0,"",(J13-I13)/I13*100)
L14: =IF(I14=0,"",(J14-I14)/I14*100)
L15: =IF(I15=0,"",(J15-I15)/I15*100)
L16: =IF(I16=0,"",(J16-I16)/I16*100)
L17: =IF(I17=0,"",(J17-I17)/I17*100)
L18: =IF(I18=0,"",(J18-I18)/I18*100)
... L25: =IF(I25=0,"",(J25-I25)/I25*100)
A26: 合 计 | I26: =SUM(I7:I25) -> 0 | J26: =SUM(J7:J25) -> 0 | K26: =J26-I26 -> 0 | L26: =IF(I26=0,"",(J26-I26)/I26*100)
A27: 减：减值准备 | K27: =J27-I27 -> 0 | L27: =IF(I27=0,"",(J27-I27)/I27*100)
A28: 合 计 | H28: =SUM(H7:H27) -> 0 | I28: =I26-I27 -> 0 | J28: =J26-J27 -> 0 | K28: =J28-I28 -> 0 | L28: =IF(I28=0,"",(J28-I28)/I28*100)
A29: =封面!$D$17&封面!$E$17 -> 被评估单位（或产权持有单位）填表人： | J29: =评估人员!$C$3&"："&评估人员!$D$30 -> 评估人员：
A30: =封面!$D$19&封面!$E$19&封面!$F$19&封面!$G$19&封面!$H$19&封面!$I$19&封面!$J$19 -> 填表日期：2020年5月20日

Sheet 4-1-3可出售-其他
A1: 返回索引页 | B1: 返回
A2: 可供出售金融资产—其他投资评估明细表
A3: ='1-汇总表'!A3:G3 -> 评估基准日：2020年7月30日
M4: 表4-1-3
A5: ='1-汇总表'!A5 -> 被评估单位（或产权持有单位）：贡山县隆鑫矿业有限公司 | M5: 金额单位：人民币元
A6: 序号 | B6: 被投资单位名称 | C6: 金融资产名称 | D6: 投资日期 | E6: 持有数量 | F6: 基准日市价 | G6: 成本 | H6: 审计前账面值 | I6: 账面价值 | J6: 评估价值 | K6: 增减值 | L6: 增值率% | M6: 备注
L7: =IF(I7=0,"",(J7-I7)/I7*100)
L8: =IF(I8=0,"",(J8-I8)/I8*100)
L9: =IF(I9=0,"",(J9-I9)/I9*100)
L10: =IF(I10=0,"",(J10-I10)/I10*100)
L11: =IF(I11=0,"",(J11-I11)/I11*100)
L12: =IF(I12=0,"",(J12-I12)/I12*100)
L13: =IF(I13=0,"",(J13-I13)/I13*100)
L14: =IF(I14=0,"",(J14-I14)/I14*100)
L15: =IF(I15=0,"",(J15-I15)/I15*100)
L16: =IF(I16=0,"",(J16-I16)/I16*100)
L17: =IF(I17=0,"",(J17-I17)/I17*100)
L18: =IF(I18=0,"",(J18-I18)/I18*100)
... L25: =IF(I25=0,"",(J25-I25)/I25*100)
A26: 合 计 | I26: =SUM(I7:I25) -> 0 | J26: =SUM(J7:J25) -> 0 | K26: =J26-I26 -> 0 | L26: =IF(I26=0,"",(J26-I26)/I26*100)
A27: 减：减值准备 | K27: =J27-I27 -> 0 | L27: =IF(I27=0,"",(J27-I27)/I27*100)
A28: 合 计 | H28: =SUM(H7:H27) -> 0 | I28: =I26-I27 -> 0 | J28: =J26-J27 -> 0 | K28: =J28-I28 -> 0 | L28: =IF(I28=0,"",(J28-I28)/I28*100)
A29: =封面!$D$17&封面!$E$17 -> 被评估单位（或产权持有单位）填表人： | J29: =评估人员!$C$3&"："&评估人员!$D$30 -> 评估人员：
A30: =封面!$D$19&封面!$E$19&封面!$F$19&封面!$G$19&封面!$H$19&封面!$I$19&封面!$J$19 -> 填表日期：2020年5月20日

Sheet 4-2持有到期投资
A1: 返回索引页 | B1: 返回
A2: 持有至到期投资评估明细表
A3: ='1-汇总表'!A3:G3 -> 评估基准日：2020年7月30日
M4: 表4-3
A5: ='1-汇总表'!A5 -> 被评估单位（或产权持有单位）：贡山县隆鑫矿业有限公司 | M5: 金额单位：人民币元
A6: 序号 | B6: 被投资单位名称 | C6: 投资类别 | D6: 投资日期 | E6: 到期日 | F6: 票面利率% | G6: 投资成本 | H6: 审计前账面值 | I6: 账面价值 | J6: 评估价值 | K6: 增减值 | L6: 增值率% | M6: 备注
L7: =IF(I7=0,"",(J7-I7)/I7*100)
L8: =IF(I8=0,"",(J8-I8)/I8*100)
L9: =IF(I9=0,"",(J9-I9)/I9*100)
L10: =IF(I10=0,"",(J10-I10)/I10*100)
L11: =IF(I11=0,"",(J11-I11)/I11*100)
L12: =IF(I12=0,"",(J12-I12)/I12*100)
L13: =IF(I13=0,"",(J13-I13)/I13*100)
L14: =IF(I14=0,"",(J14-I14)/I14*100)
L15: =IF(I15=0,"",(J15-I15)/I15*100)
L16: =IF(I16=0,"",(J16-I16)/I16*100)
L17: =IF(I17=0,"",(J17-I17)/I17*100)
L18: =IF(I18=0,"",(J18-I18)/I18*100)
... L25: =IF(I25=0,"",(J25-I25)/I25*100)
A26: 合 计 | H26: =SUM(H7:H25) -> 0 | I26: =SUM(I7:I25) -> 0 | J26: =SUM(J7:J25) -> 0 | K26: =J26-I26 -> 0 | L26: =IF(I26=0,"",(J26-I26)/I26*100)
A27: 减：持有至到期投资减值准备 | K27: =J27-I27 -> 0 | L27: =IF(I27=0,"",(J27-I27)/I27*100)
A28: 合 计 | H28: =H26-H27 -> 0 | I28: =I26-I27 -> 0 | J28: =J26-J27 -> 0 | K28: =J28-I28 -> 0 | L28: =IF(I28=0,"",(J28-I28)/I28*100)
A29: =封面!$D$17&封面!$E$17 -> 被评估单位（或产权持有单位）填表人： | J29: =评估人员!$C$3&"："&评估人员!$D$30 -> 评估人员：
A30: =封面!$D$19&封面!$E$19&封面!$F$19&封面!$G$19&封面!$H$19&封面!$I$19&封面!$J$19 -> 填表日期：2020年5月20日

Sheet 4-3长期应收
A1: 返回索引页 | B1: 返回
A2: 长期应收款评估明细表
A3: ='1-汇总表'!A3:G3 -> 评估基准日：2020年7月30日
J4: 表4-3
A5: ='1-汇总表'!A5 -> 被评估单位（或产权持有单位）：贡山县隆鑫矿业有限公司 | J5: 金额单位：人民币元
A6: 序号 | B6: 欠款单位名称（结算对象) | C6: 业务内容 | D6: 发生日期 | E6: 审计前账面值 | F6: 账面价值 | G6: 评估价值 | H6: 增减值 | I6: 增值率% | J6: 备注
I7: =IF(F7=0,"",(G7-F7)/F7*100)
I8: =IF(F8=0,"",(G8-F8)/F8*100)
I9: =IF(F9=0,"",(G9-F9)/F9*100)
I10: =IF(F10=0,"",(G10-F10)/F10*100)
I11: =IF(F11=0,"",(G11-F11)/F11*100)
I12: =IF(F12=0,"",(G12-F12)/F12*100)
I13: =IF(F13=0,"",(G13-F13)/F13*100)
I14: =IF(F14=0,"",(G14-F14)/F14*100)
I15: =IF(F15=0,"",(G15-F15)/F15*100)
I16: =IF(F16=0,"",(G16-F16)/F16*100)
I17: =IF(F17=0,"",(G17-F17)/F17*100)
I18: =IF(F18=0,"",(G18-F18)/F18*100)
... I24: =IF(F24=0,"",(G24-F24)/F24*100)
A25: 合 计 | E25: =SUM(E7:E24) -> 0 | F25: =SUM(F7:F24) -> 0 | G25: =SUM(G7:G24) -> 0 | H25: =G25-F25 -> 0 | I25: =IF(F25=0,"",(G25-F25)/F25*100)
A26: 减：长期应收款坏账准备 | H26: =G26-F26 -> 0 | I26: =IF(F26=0,"",(G26-F26)/F26*100)
A27: 合 计 | E27: =E25-E26 -> 0 | F27: =F25-F26 -> 0 | G27: =G25-G26 -> 0 | H27: =G27-F27 -> 0 | I27: =IF(F27=0,"",(G27-F27)/F27*100)
A28: =封面!$D$17&封面!$E$17 -> 被评估单位（或产权持有单位）填表人： | G28: =评估人员!$C$3&"："&评估人员!$D$30 -> 评估人员：
A29: =封面!$D$19&封面!$E$19&封面!$F$19&封面!$G$19&封面!$H$19&封面!$I$19&封面!$J$19 -> 填表日期：2020年5月20日
B30: 注1： | C30: 注明账齡在一年以上的账款的可收回性，若有部分可能不能收回，请估计不能收回的金額，以供评估时作參考。
B31: 注2：“备注”栏填写方法： | C31: 1）欠款单位为关联方、总公司内部或本公司内部单位的，应在备注栏注明“关联方”、“总公司内部”、“内部单位”；
C32: 2） 涉诉款项应在备注中标明“涉诉”；
C33: 3）评估基准日后已部分或全部收回款项的，应注明日期及金额，如“2003年2月4日收回8,530.00元”；
C34: 4）填表单位认为其他应说明的事项

Sheet 4-4股权投资
A1: 返回索引页 | B1: 返回
A2: 长期股权投资评估明细表
A3: ='1-汇总表'!A3:G3 -> 评估基准日：2020年7月30日
L4: 表4-4
A5: ='1-汇总表'!A5 -> 被评估单位（或产权持有单位）：贡山县隆鑫矿业有限公司 | L5: 金额单位：人民币元
A6: 序号 | B6: 被投资单位名称 | C6: 投资日期 | D6: 协议投资期限 | E6: 投资比例% | F6: 投资成本 | G6: 审计前账面值 | H6: 账面价值 | I6: 评估价值 | J6: 增减值 | K6: 增值率% | L6: 备注
K7: =IF(H7=0,"",(I7-H7)/H7*100)
K8: =IF(H8=0,"",(I8-H8)/H8*100)
K9: =IF(H9=0,"",(I9-H9)/H9*100)
K10: =IF(H10=0,"",(I10-H10)/H10*100)
K11: =IF(H11=0,"",(I11-H11)/H11*100)
K12: =IF(H12=0,"",(I12-H12)/H12*100)
K13: =IF(H13=0,"",(I13-H13)/H13*100)
K14: =IF(H14=0,"",(I14-H14)/H14*100)
K15: =IF(H15=0,"",(I15-H15)/H15*100)
K16: =IF(H16=0,"",(I16-H16)/H16*100)
K17: =IF(H17=0,"",(I17-H17)/H17*100)
K18: =IF(H18=0,"",(I18-H18)/H18*100)
... K25: =IF(H25=0,"",(I25-H25)/H25*100)
A26: 合 计 | G26: =SUM(G7:G25) -> 0 | H26: =SUM(H7:H25) -> 0 | I26: =SUM(I7:I25) -> 0 | J26: =I26-H26 -> 0 | K26: =IF(H26=0,"",(I26-H26)/H26*100)
A27: 减：长期股权投资减值准备 | J27: =I27-H27 -> 0 | K27: =IF(H27=0,"",(I27-H27)/H27*100)
A28: 合 计 | G28: =G26-G27 -> 0 | H28: =H26-H27 -> 0 | I28: =I26-I27 -> 0 | J28: =I28-H28 -> 0 | K28: =IF(H28=0,"",(I28-H28)/H28*100)
A29: =封面!$D$17&封面!$E$17 -> 被评估单位（或产权持有单位）填表人： | I29: =评估人员!$C$3&"："&评估人员!$D$30 -> 评估人员：
A30: =封面!$D$19&封面!$E$19&封面!$F$19&封面!$G$19&封面!$H$19&封面!$I$19&封面!$J$19 -> 填表日期：2020年5月20日

Sheet 4-5投资性房地产汇总
A1: 返回索引页 | B1: 返回
A2: 投资性房地产评估汇总表
A3: ='1-汇总表'!A3:G3 -> 评估基准日：2020年7月30日
M4: 表4-5
A5: ='1-汇总表'!A5 -> 被评估单位（或产权持有单位）：贡山县隆鑫矿业有限公司 | M5: 金额单位：人民币元
A6: 编号 | B6: 科目名称 | C6: 审计前账面值 | E6: 账面价值 | G6: 评估价值 | J6: 增值额 | L6: 增值率
C7: 原值 | D7: 净值 | E7: 原值 | F7: 净值 | G7: 原值 | H7: 成新率% | I7: 净值 | J7: 原值 | K7: 净值 | L7: 原值 | M7: 净值
A8: 4-5-1 | B8: 投资性房地产 | C8: ='4-5-1投资性房地产'!V27 -> 0 | D8: ='4-5-1投资性房地产'!W27 -> 0 | E8: ='4-5-1投资性房地产'!X25 -> 0 | F8: ='4-5-1投资性房地产'!Y25 -> 0 | G8: ='4-5-1投资性房地产'!Z25 -> 0 | I8: ='4-5-1投资性房地产'!AB25 -> 0 | J8: =G8-E8 -> 0 | K8: =I8-F8 -> 0 | L8: =IF(E8=0,"",J8/E8*100) | M8: =IF(F8=0,"",K8/F8*100)
A9: 4-5-2 | B9: 投资性房地产 | D9: ='4-5-2投资性房地产'!X27 -> 0 | F9: ='4-5-2投资性房地产'!Y27 -> 0 | I9: ='4-5-2投资性房地产'!Z27 -> 0 | J9: =G9-E9 -> 0 | K9: =I9-F9 -> 0 | L9: =IF(E9=0,"",J9/E9*100) | M9: =IF(F9=0,"",K9/F9*100)
A10: 4-5-3 | B10: 投资性房地产 | D10: ='4-5-3投资性房地产'!M27 -> 0 | F10: ='4-5-3投资性房地产'!N25 -> 0 | I10: ='4-5-3投资性房地产'!O25 -> 0 | J10: =G10-E10 -> 0 | K10: =I10-F10 -> 0 | L10: =IF(E10=0,"",J10/E10*100) | M10: =IF(F10=0,"",K10/F10*100)
A11: 4-5-4 | B11: 投资性房地产 | D11: ='4-5-4投资性房地产'!M27 -> 0 | F11: ='4-5-4投资性房地产'!N27 -> 0 | I11: ='4-5-4投资性房地产'!O27 -> 0 | J11: =G11-E11 -> 0 | K11: =I11-F11 -> 0 | L11: =IF(E11=0,"",J11/E11*100) | M11: =IF(F11=0,"",K11/F11*100)
L12: =IF(E12=0,"",J12/E12*100) | M12: =IF(F12=0,"",K12/F12*100)
L13: =IF(E13=0,"",J13/E13*100) | M13: =IF(F13=0,"",K13/F13*100)
L14: =IF(E14=0,"",J14/E14*100) | M14: =IF(F14=0,"",K14/F14*100)
L15: =IF(E15=0,"",J15/E15*100) | M15: =IF(F15=0,"",K15/F15*100)
L16: =IF(E16=0,"",J16/E16*100) | M16: =IF(F16=0,"",K16/F16*100)
L17: =IF(E17=0,"",J17/E17*100) | M17: =IF(F17=0,"",K17/F17*100)
L18: =IF(E18=0,"",J18/E18*100) | M18: =IF(F18=0,"",K18/F18*100)
L19: =IF(E19=0,"",J19/E19*100) | M19: =IF(F19=0,"",K19/F19*100)
L20: =IF(E20=0,"",J20/E20*100) | M20: =IF(F20=0,"",K20/F20*100)
L21: =IF(E21=0,"",J21/E21*100) | M21: =IF(F21=0,"",K21/F21*100)
L22: =IF(E22=0,"",J22/E22*100) | M22: =IF(F22=0,"",K22/F22*100)
L23: =IF(E23=0,"",J23/E23*100) | M23: =IF(F23=0,"",K23/F23*100)
... L25: =IF(E25=0,"",J25/E25*100) | M25: =IF(F25=0,"",K25/F25*100)
A26: 合 计 | C26: =SUM(C8:C25) -> 0 | D26: =SUM(D8:D25) -> 0 | E26: =SUM(E8:E11) -> 0 | F26: =SUM(F8:F11) -> 0 | G26: =SUM(G8:G11) -> 0 | I26: =SUM(I8:I11) -> 0 | J26: =G26-E26 -> 0 | K26: =I26-F26 -> 0 | L26: =IF(E26=0,"",J26/E26*100) | M26: =IF(F26=0,"",K26/F26*100)
A27: 减：投资性房地产减值准备 | F27: ='4-5-1投资性房地产'!Y26+'4-5-3投资性房地产'!N26 -> 0 | I27: ='4-5-1投资性房地产'!AB26+'4-5-3投资性房地产'!O26 -> 0 | K27: =I27-F27 -> 0 | L27: =IF(E27=0,"",J27/E27*100) | M27: =IF(F27=0,"",K27/F27*100)
A28: 合 计 | C28: =C26-C27 -> 0 | D28: =D26-D27 -> 0 | E28: =E26-E27 -> 0 | F28: =F26-F27 -> 0 | G28: =G26-G27 -> 0 | I28: =I26-I27 -> 0 | J28: =J26-J27 -> 0 | K28: =K26-K27 -> 0 | L28: =IF(E28=0,"",J28/E28*100) | M28: =IF(F28=0,"",K28/F28*100)
A29: =封面!$D$17&封面!$E$17 -> 被评估单位（或产权持有单位）填表人： | J29: ="评估人员："&评估人员!$D$14 -> 评估人员：
A30: =封面!$D$19&封面!$E$19&封面!$F$19&封面!$G$19&封面!$H$19&封面!$I$19&封面!$J$19 -> 填表日期：2020年5月20日

Sheet 4-5-1投资性房地产
A1: 返回索引页 | B1: 返回
A2: 投资性房地产——房屋评估明细表
A3: （采用成本模式计量）
A4: ='1-汇总表'!A3:G3 -> 评估基准日：2020年7月30日
AE5: 表4-5-1
A6: ='1-汇总表'!A5 -> 被评估单位（或产权持有单位）：贡山县隆鑫矿业有限公司 | AD6: 金额单位：人民币元
A7: 序号 | B7: 权证编号 | C7: 建筑物名称 | D7: 来源（外购、自建、自用转入、存货转入等） | E7: 位置 | F7: 对应土地证号 | G7: 结构 | H7: 檐高(m) | I7: 层高(m) | J7: 总层数 | K7: 层数 | L7: 朝向 | M7: 吊车吨位 | N7: 跨度(m) | O7: 柱距(m) | P7: 使用单位 | Q7: 开工年月 | R7: 建成 年月 | S7: 计量单位 | T7: 建筑面积 | U7: 成本单价(元/m2) | V7: 审计前账面值 | X7: 账面价值 | Z7: 评估价值 | AC7: 增减值 | AD7: 增值率% | AE7: 评估单价(元/m2) | AF7: 备注 | AG7: 现场勘察简单记录 | AH7: 证载权利人
V8: 原值 | W8: 净值 | X8: 原值 | Y8: 净值 | Z8: 原值 | AA8: 成新率% | AB8: 净值
AD9: =IF(Y9=0,"",(AB9-Y9)/Y9*100)
AD10: =IF(Y10=0,"",(AB10-Y10)/Y10*100)
AD11: =IF(Y11=0,"",(AB11-Y11)/Y11*100)
AD12: =IF(Y12=0,"",(AB12-Y12)/Y12*100)
AD13: =IF(Y13=0,"",(AB13-Y13)/Y13*100)
AD14: =IF(Y14=0,"",(AB14-Y14)/Y14*100)
AD15: =IF(Y15=0,"",(AB15-Y15)/Y15*100)
AD16: =IF(Y16=0,"",(AB16-Y16)/Y16*100)
AD17: =IF(Y17=0,"",(AB17-Y17)/Y17*100)
AD18: =IF(Y18=0,"",(AB18-Y18)/Y18*100)
AD19: =IF(Y19=0,"",(AB19-Y19)/Y19*100)
AD20: =IF(Y20=0,"",(AB20-Y20)/Y20*100)
... AD24: =IF(Y24=0,"",(AB24-Y24)/Y24*100)
A25: 合 计 | V25: =SUM(V9:V24) -> 0 | W25: =SUM(W9:W24) -> 0 | X25: =SUM(X9:X24) -> 0 | Y25: =SUM(Y9:Y24) -> 0 | Z25: =SUM(Z9:Z24) -> 0 | AB25: =SUM(AB9:AB24) -> 0 | AC25: =AB25-Y25 -> 0 | AD25: =IF(Y25=0,"",(AB25-Y25)/Y25*100)
A26: 减：投资性房地产减值准备 | AC26: =AB26-Y26 -> 0 | AD26: =IF(Y26=0,"",(AB26-Y26)/Y26*100)
A27: 合 计 | V27: =V25-V26 -> 0 | W27: =W25-W26 -> 0 | X27: =X25-X26 -> 0 | Y27: =Y25-Y26 -> 0 | Z27: =Z25-Z26 -> 0 | AB27: =AB25-AB26 -> 0 | AC27: =AB27-Y27 -> 0 | AD27: =IF(Y27=0,"",(AB27-Y27)/Y27*100)
A28: =封面!$D$17&封面!$E$17 -> 被评估单位（或产权持有单位）填表人： | E28: =封面!$D$17&封面!$E$17 -> 被评估单位（或产权持有单位）填表人： | F28: =封面!$D$17&封面!$E$17 -> 被评估单位（或产权持有单位）填表人： | AB28: ="评估人员："&评估人员!$D$14 -> 评估人员：
A29: =封面!$D$19&封面!$E$19&封面!$F$19&封面!$G$19&封面!$H$19&封面!$I$19&封面!$J$19 -> 填表日期：2020年5月20日 | E29: =封面!$D$19&封面!$E$19&封面!$F$19&封面!$G$19&封面!$H$19&封面!$I$19&封面!$J$19 -> 填表日期：2020年5月20日 | F29: =封面!$D$19&封面!$E$19&封面!$F$19&封面!$G$19&封面!$H$19&封面!$I$19&封面!$J$19 -> 填表日期：2020年5月20日

Sheet 4-5-2投资性房地产
A1: 返回索引页 | B1: 返回
A2: 投资性房地产——房屋评估明细表
A3: （采用公允价值模式计量）
A4: ='1-汇总表'!A3:G3 -> 评估基准日：2020年7月30日
AC5: 表4-5-2
A6: ='1-汇总表'!A5 -> 被评估单位（或产权持有单位）：贡山县隆鑫矿业有限公司 | AC6: 金额单位：人民币元
A7: 序号 | B7: 权证编号 | C7: 房屋名称 | D7: 来源（外购、自建、自用转入、存货转入等） | E7: 位置 | F7: 对应土地证号 | G7: 结构 | H7: 檐高(m) | I7: 层高(m) | J7: 总层数 | K7: 层数 | L7: 朝向 | M7: 吊车吨位 | N7: 跨度(m) | O7: 柱距(m) | P7: 使用单位 | Q7: 开工年月 | R7: 建成 年月 | S7: 计量单位 | T7: 建筑 面积 | U7: 成本单价(元/m2) | V7: 原始入帐价值 （转入日公允价值） | X7: 审计前账面价值 | Y7: 账面价值 | Z7: 评估价值 | AA7: 增减值 | AB7: 增值率% | AC7: 备注 | AD7: 现场勘察简单记录 | AE7: 证载权利人
AB9: =IF(Y9=0,"",(Z9-Y9)/Y9*100)
AB10: =IF(Y10=0,"",(Z10-Y10)/Y10*100)
AB11: =IF(Y11=0,"",(Z11-Y11)/Y11*100)
AB12: =IF(Y12=0,"",(Z12-Y12)/Y12*100)
AB13: =IF(Y13=0,"",(Z13-Y13)/Y13*100)
AB14: =IF(Y14=0,"",(Z14-Y14)/Y14*100)
AB15: =IF(Y15=0,"",(Z15-Y15)/Y15*100)
AB16: =IF(Y16=0,"",(Z16-Y16)/Y16*100)
AB17: =IF(Y17=0,"",(Z17-Y17)/Y17*100)
AB18: =IF(Y18=0,"",(Z18-Y18)/Y18*100)
AB19: =IF(Y19=0,"",(Z19-Y19)/Y19*100)
AB20: =IF(Y20=0,"",(Z20-Y20)/Y20*100)
... AB26: =IF(Y26=0,"",(Z26-Y26)/Y26*100)
A27: 合 计 | X27: =SUM(X9:X26) -> 0 | Y27: =SUM(Y9:Y26) -> 0 | Z27: =SUM(Z9:Z26) -> 0 | AA27: =Z27-Y27 -> 0 | AB27: =IF(Y27=0,"",(Z27-Y27)/Y27*100)
A28: =封面!$D$17&封面!$E$17 -> 被评估单位（或产权持有单位）填表人： | Z28: ="评估人员："&评估人员!$D$14 -> 评估人员：
A29: =封面!$D$19&封面!$E$19&封面!$F$19&封面!$G$19&封面!$H$19&封面!$I$19&封面!$J$19 -> 填表日期：2020年5月20日

Sheet 4-5-3投资性房地产
A1: 返回索引页 | B1: 返回
A2: 投资性房地产——土地使用权评估明细表
A3: （采用成本模式计量）
A4: ='1-汇总表'!A3:G3 -> 评估基准日：2020年7月30日
Q5: 表4-5-3
A6: ='1-汇总表'!A5 -> 被评估单位（或产权持有单位）：贡山县隆鑫矿业有限公司 | R6: 金额单位：人民币元
A7: 序号 | B7: 土地权证编号 | C7: 宗地名称 | D7: 来源（外购、自建、自用转入、存货转入等） | E7: 土地位置 | F7: 取得日期 | G7: 用地性质 | H7: 土地用途 | I7: 准用年限 | J7: 开发程度 | K7: 面积(m2) | L7: 原始入账价值 | M7: 审计前账面价值 | N7: 账面价值 | O7: 评估价值 | P7: 增减值 | Q7: 增值率% | R7: 备注 | S7: 现场勘察简单记录 | T7: 证载权利人
Q8: =IF(N8=0,"",(O8-N8)/N8*100)
Q9: =IF(N9=0,"",(O9-N9)/N9*100)
Q10: =IF(N10=0,"",(O10-N10)/N10*100)
Q11: =IF(N11=0,"",(O11-N11)/N11*100)
Q12: =IF(N12=0,"",(O12-N12)/N12*100)
Q13: =IF(N13=0,"",(O13-N13)/N13*100)
Q14: =IF(N14=0,"",(O14-N14)/N14*100)
Q15: =IF(N15=0,"",(O15-N15)/N15*100)
Q16: =IF(N16=0,"",(O16-N16)/N16*100)
Q17: =IF(N17=0,"",(O17-N17)/N17*100)
Q18: =IF(N18=0,"",(O18-N18)/N18*100)
Q19: =IF(N19=0,"",(O19-N19)/N19*100)
... Q24: =IF(N24=0,"",(O24-N24)/N24*100)
A25: 合 计 | L25: =SUM(L8:L24) -> 0 | M25: =SUM(M8:M24) -> 0 | N25: =SUM(N8:N24) -> 0 | O25: =SUM(O8:O24) -> 0 | P25: =O25-N25 -> 0 | Q25: =IF(N25=0,"",(O25-N25)/N25*100)
A26: 减：投资性房地产减值准备 | P26: =O26-N26 -> 0 | Q26: =IF(N26=0,"",(O26-N26)/N26*100)
A27: 合 计 | L27: =L25-L26 -> 0 | M27: =M25-M26 -> 0 | N27: =N25-N26 -> 0 | O27: =O25-O26 -> 0 | P27: =O27-N27 -> 0 | Q27: =IF(N27=0,"",(O27-N27)/N27*100)
A28: =封面!$D$17&封面!$E$17 -> 被评估单位（或产权持有单位）填表人： | O28: ="评估人员："&评估人员!$D$14 -> 评估人员：
A29: =封面!$D$19&封面!$E$19&封面!$F$19&封面!$G$19&封面!$H$19&封面!$I$19&封面!$J$19 -> 填表日期：2020年5月20日

Sheet 4-5-4投资性房地产
A1: 返回索引页 | B1: 返回
A2: 投资性房地产——土地使用权评估明细表
A3: （采用公允价值模式计量）
A4: ='1-汇总表'!A3:G3 -> 评估基准日：2020年7月30日
R5: 表4-5-4
A6: ='1-汇总表'!A5 -> 被评估单位（或产权持有单位）：贡山县隆鑫矿业有限公司 | R6: 金额单位：人民币元
A7: 序号 | B7: 土地权证编号 | C7: 宗地名称 | D7: 来源（外购、自建、自用转入、存货转入等） | E7: 土地位置 | F7: 取得日期 | G7: 用地性质 | H7: 土地用途 | I7: 准用年限 | J7: 开发程度 | K7: 面积(m2) | L7: 原始入账价值（转入日公允价值） | M7: 审计前账面价值 | N7: 账面价值 | O7: 评估价值 | P7: 增减值 | Q7: 增值率% | R7: 备注 | S7: 现场勘察简单记录 | T7: 证载权利人
Q8: =IF(N8=0,"",(O8-N8)/N8*100)
Q9: =IF(N9=0,"",(O9-N9)/N9*100)
Q10: =IF(N10=0,"",(O10-N10)/N10*100)
Q11: =IF(N11=0,"",(O11-N11)/N11*100)
Q12: =IF(N12=0,"",(O12-N12)/N12*100)
Q13: =IF(N13=0,"",(O13-N13)/N13*100)
Q14: =IF(N14=0,"",(O14-N14)/N14*100)
Q15: =IF(N15=0,"",(O15-N15)/N15*100)
Q16: =IF(N16=0,"",(O16-N16)/N16*100)
Q17: =IF(N17=0,"",(O17-N17)/N17*100)
Q18: =IF(N18=0,"",(O18-N18)/N18*100)
Q19: =IF(N19=0,"",(O19-N19)/N19*100)
... Q26: =IF(N26=0,"",(O26-N26)/N26*100)
A27: 合 计 | M27: =SUM(M8:M26) -> 0 | N27: =SUM(N8:N26) -> 0 | O27: =SUM(O8:O26) -> 0 | P27: =O27-N27 -> 0 | Q27: =IF(N27=0,"",(O27-N27)/N27*100)
A28: =封面!$D$17&封面!$E$17 -> 被评估单位（或产权持有单位）填表人： | L28: ="评估人员："&评估人员!$D$14 -> 评估人员：
A29: =封面!$D$19&封面!$E$19&封面!$F$19&封面!$G$19&封面!$H$19&封面!$I$19&封面!$J$19 -> 填表日期：2020年5月20日

Sheet 4-6固定资产汇总
A1: 返回索引页 | B1: 返回
A2: 固定资产评估汇总表
A3: ='1-汇总表'!A3:G3 -> 评估基准日：2020年7月30日
N4: 表4-6
A5: ='1-汇总表'!A5 -> 被评估单位（或产权持有单位）：贡山县隆鑫矿业有限公司 | I5: 金额单位：人民币元 | N5: 金额单位：人民币元
A6: 编号 | B6: 科目名称 | C6: 审计前账面值 | E6: 账面价值 | G6: 评估价值 | J6: 增减值 | M6: 增值率%
C7: 原值 | D7: 净值 | E7: 原值 | F7: 净值 | G7: 原值 | H7: 净值 | I7: 清算价值 | J7: 原值 | K7: 净值 | L7: 清算价值 | M7: 原值 | N7: 净值
B8: 房屋建筑物类合计 | C8: =SUM(C9:C11) -> 0 | D8: =SUM(D9:D11) -> 0 | E8: =SUM(E9:E11) -> 0 | F8: =SUM(F9:F11) -> 0 | G8: =SUM(G9:G11) -> 0 | H8: =SUM(H9:H11) -> 0 | I8: =SUM(I9:I11) -> 0 | J8: =SUM(J9:J11) -> 0 | ... L8: =SUM(L9:L11) -> 0 | M8: =IF(E8=0,"",J8/E8*100) | N8: =IF(F8=0,"",K8/F8*100)
A9: 4-6-1 | B9: 固定资产-房屋建筑物 | C9: ='4-6-1房屋建筑物'!V32 -> 0 | D9: ='4-6-1房屋建筑物'!W32 -> 0 | E9: ='4-6-1房屋建筑物'!X30 -> 0 | F9: ='4-6-1房屋建筑物'!Y30 -> 0 | G9: ='4-6-1房屋建筑物'!Z30 -> 0 | H9: ='4-6-1房屋建筑物'!AB30 -> 0 | I9: ='4-6-1房屋建筑物'!AD32 -> 0 | J9: =G9-E9 -> 0 | K9: =H9-F9 -> 0 | L9: =I9-F9 -> 0 | M9: =IF(E9=0,"",J9/E9*100) | N9: =IF(F9=0,"",K9/F9*100)
A10: 4-6-2 | B10: 固定资产-构筑物及其他辅助设施 | C10: ='4-6-2构筑物'!K36 -> 0 | D10: ='4-6-2构筑物'!L36 -> 0 | E10: ='4-6-2构筑物'!M34 -> 0 | F10: ='4-6-2构筑物'!N34 -> 0 | G10: ='4-6-2构筑物'!O34 -> 0 | H10: ='4-6-2构筑物'!Q34 -> 0 | I10: ='4-6-2构筑物'!S36 -> 0 | J10: =G10-E10 -> 0 | K10: =H10-F10 -> 0 | L10: =I10-F10 -> 0 | M10: =IF(E10=0,"",J10/E10*100) | N10: =IF(F10=0,"",K10/F10*100)
A11: 4-6-3 | B11: 固定资产-管道及沟槽 | C11: ='4-6-3管道沟槽'!J22 -> 0 | D11: ='4-6-3管道沟槽'!K22 -> 0 | E11: ='4-6-3管道沟槽'!L20 -> 0 | F11: ='4-6-3管道沟槽'!M20 -> 0 | G11: ='4-6-3管道沟槽'!N20 -> 0 | H11: ='4-6-3管道沟槽'!P20 -> 0 | I11: ='4-6-3管道沟槽'!R22 -> 0 | J11: =G11-E11 -> 0 | K11: =H11-F11 -> 0 | L11: =I11-F11 -> 0 | M11: =IF(E11=0,"",J11/E11*100) | N11: =IF(F11=0,"",K11/F11*100)
M12: =IF(E12=0,"",J12/E12*100) | N12: =IF(F12=0,"",K12/F12*100)
B13: 设备类合计 | C13: =SUM(C14:C16) -> #REF! | D13: =SUM(D14:D16) -> #REF! | E13: =SUM(E14:E16) -> 0 | F13: =SUM(F14:F16) -> 0 | G13: =SUM(G14:G16) -> 0 | H13: =SUM(H14:H16) -> 0 | I13: =SUM(I14:I16) -> 0 | J13: =SUM(J14:J16) -> 0 | ... L13: =SUM(L14:L16) -> 0 | M13: =IF(E13=0,"",J13/E13*100) | N13: =IF(F13=0,"",K13/F13*100)
A14: 4-6-4 | B14: 固定资产-机器设备 | C14: ='4-6-4机器设备'!L16 -> 0 | D14: ='4-6-4机器设备'!M16 -> 0 | E14: ='4-6-4机器设备'!N14 -> 0 | F14: ='4-6-4机器设备'!O14 -> 0 | G14: ='4-6-4机器设备'!P14 -> 0 | H14: ='4-6-4机器设备'!R14 -> 0 | I14: ='4-6-4机器设备'!T16 -> 0 | J14: =G14-E14 -> 0 | K14: =H14-F14 -> 0 | L14: =I14-F14 -> 0 | M14: =IF(E14=0,"",J14/E14*100) | N14: =IF(F14=0,"",K14/F14*100)
A15: 4-6-5 | B15: 固定资产-车辆 | C15: ='4-6-5车辆'!K18 -> 0 | D15: ='4-6-5车辆'!L18 -> 0 | E15: ='4-6-5车辆'!M16 -> 0 | F15: ='4-6-5车辆'!N16 -> 0 | G15: ='4-6-5车辆'!O16 -> 0 | H15: ='4-6-5车辆'!Q16 -> 0 | I15: ='4-6-5车辆'!S18 -> 0 | J15: =G15-E15 -> 0 | K15: =H15-F15 -> 0 | L15: =I15-F15 -> 0 | M15: =IF(E15=0,"",J15/E15*100) | N15: =IF(F15=0,"",K15/F15*100)
A16: 4-6-6 | B16: 固定资产-电子设备 | C16: ='4-6-6电子、办公设备'!#REF! -> #REF! | D16: ='4-6-6电子、办公设备'!#REF! -> #REF! | E16: ='4-6-6电子、办公设备'!M19 -> 0 | F16: ='4-6-6电子、办公设备'!N19 -> 0 | G16: ='4-6-6电子、办公设备'!O19 -> 0 | H16: ='4-6-6电子、办公设备'!Q19 -> 0 | I16: ='4-6-6电子、办公设备'!S19 -> 0 | J16: =G16-E16 -> 0 | K16: =H16-F16 -> 0 | L16: =I16-F16 -> 0 | M16: =IF(E16=0,"",J16/E16*100) | N16: =IF(F16=0,"",K16/F16*100)
M17: =IF(E17=0,"",J17/E17*100) | N17: =IF(F17=0,"",K17/F17*100)
A18: 4-6-7 | B18: 土地 | C18: ='4-6-7土地'!J28 -> 0 | D18: ='4-6-7土地'!K28 -> 0 | E18: ='4-6-7土地'!L28 -> 0 | F18: ='4-6-7土地'!M28 -> 0 | G18: ='4-6-7土地'!N28 -> 0 | H18: ='4-6-7土地'!O28 -> 0 | I18: - | J18: =G18-E18 -> 0 | K18: =H18-F18 -> 0 | L18: - | M18: =IF(E18=0,"",J18/E18*100) | N18: =IF(F18=0,"",K18/F18*100)
A19: 固定资产合计 | C19: =SUM(C8,C13,C18) -> #REF! | D19: =SUM(D8,D13,D18) -> #REF! | E19: =SUM(E8,E13,E18) -> 0 | F19: =SUM(F8,F13,F18) -> 0 | G19: =SUM(G8,G13,G18) -> 0 | H19: =SUM(H8,H13,H18) -> 0 | I19: =SUM(I8,I13,I18) -> 0 | J19: =SUM(J8,J13,J18) -> 0 | ... L19: =SUM(L8,L13,L18) -> 0 | M19: =IF(E19=0,"",J19/E19*100) | N19: =IF(F19=0,"",K19/F19*100)
A20: 减：固定资产减值准备 | F20: - | M20: =IF(E20=0,"",J20/E20*100)
A21: 固定资产合计 | C21: =C19-C20 -> #REF! | D21: =D19-D20 -> #REF! | E21: =E19-E20 -> 0 | F21: - | G21: =G19-G20 -> 0 | H21: =H19-H20 -> 0 | I21: =I19-I20 -> 0 | J21: =J19-J20 -> 0 | K21: =K19-K20 -> 0 | L21: =L19-L20 -> 0 | M21: =IF(E21=0,"",J21/E21*100)
A22: =封面!$D$17&封面!$E$17 -> 被评估单位（或产权持有单位）填表人： | H22: =评估人员!C3&"："&评估人员!D10 -> 评估人员：
A23: =封面!$D$19&封面!$E$19&封面!$F$19&封面!$G$19&封面!$H$19&封面!$I$19&封面!$J$19 -> 填表日期：2020年5月20日

Sheet 4-6-1房屋建筑物
A1: 返回索引页 | B1: 返回
A2: 固定资产—房屋建筑物评估明细表
A3: ='1-汇总表'!A3:G3 -> 评估基准日：2020年7月30日
AH4: 表4-6-1
A5: ='1-汇总表'!A5 -> 被评估单位（或产权持有单位）：贡山县隆鑫矿业有限公司 | AH5: 金额单位：人民币元
A6: 序号 | B6: 权证编号 | C6: 建筑物名称 | D6: 位置 | E6: 对应土地证号 | F6: 使用部门 | G6: 结构 | H6: 檐高(m) | I6: 层高(m) | J6: 总层数 | K6: 所在层数 | L6: 朝向 | M6: 吊车吨位 | N6: 跨度(m) | O6: 柱距(m) | P6: 使用单位 | Q6: 开工年月 | R6: 建成 年月 | S6: 计量单位 | T6: 建筑面积/体积 | U6: 成本单价(元/m2) | V6: 审计前账面值 | X6: 账面价值 | Z6: 评估价值 | AE6: 增减值 | AF6: 增值率% | AG6: 评估单价(元/m2) | AH6: 备注 | AI6: 现场勘察简单记录 | AJ6: 证载权利人 | AK6: 债权人 | AL6: 债务人 | AM6: 出质人 | AN6: 债权金额
V7: 原值 | W7: 净值 | X7: 原值 | Y7: 净值 | Z7: 原值 | AA7: 成新率% | AB7: 净值 | AC7: 快速变现折扣率% | AD7: 清算价值
A30: 合 计 | T30: =SUM(T8:T29) -> 0 | U30: =IF(T30=0,"",X30/T30) | Y30: =SUM(Y8:Y28) -> 0 | Z30: =SUM(Z8:Z29) -> 0 | AB30: =SUM(AB8:AB29) -> 0 | AD30: =SUM(AD8:AD29) -> 0 | AF30: =IF(Y30=0,"",(AB30-Y30)/Y30*100)
A31: 减：房屋建筑物减值准备 | AF31: =IF(Y31=0,"",(AB31-Y31)/Y31*100)
A32: 合 计 | T32: =T30-T31 -> 0 | U32: =U30-U31 -> #VALUE! | V32: =V30-V31 -> 0 | W32: =W30-W31 -> 0 | X32: =X30-X31 -> 0 | Y32: =Y30-Y31 -> 0 | Z32: =Z30-Z31 -> 0 | AB32: =AB30-AB31 -> 0 | AC32: =AC30-AC31 -> 0 | AD32: =AD30-AD31 -> 0 | AF32: =IF(Y32=0,"",(AB32-Y32)/Y32*100)
A33: =封面!$D$17&封面!$E$17 -> 被评估单位（或产权持有单位）填表人： | AB33: ="评估人员："&评估人员!$D$16 -> 评估人员： | AC33: 施泳涛 王卉
A34: =封面!$D$19&封面!$E$19&封面!$F$19&封面!$G$19&封面!$H$19&封面!$I$19&封面!$J$19 -> 填表日期：2020年5月20日

Sheet 4-6-2构筑物
A1: 返回索引页 | B1: 返回
A2: 固定资产—构筑物及其他辅助设施评估明细表
A3: ='1-汇总表'!A3:G3 -> 评估基准日：2020年7月30日
W4: 表4-6-2
A5: ='1-汇总表'!A5 -> 被评估单位（或产权持有单位）：贡山县隆鑫矿业有限公司 | W5: 金额单位：人民币元
A6: 序号 | B6: 名称 | C6: 结构 | D6: 使用单位 | E6: 建成 年月 | F6: 长度 (m) | G6: 宽度 (m) | H6: 高度 (m) | I6: 计量单位 | J6: 面积/体积 | K6: 审计前账面值 | M6: 账面价值 | O6: 评估价值 快速变现折扣率% 清算价值 | T6: 增减值 | U6: 增值率% | V6: 评估单价(元/m2) | W6: 备注
K7: 原值 | L7: 净值 | M7: 原值 | N7: 净值 | O7: 原值 | P7: 成新率% | Q7: 净值 | R7: 快速变现折扣率% | S7: 清算价值
A34: 合 计 | M34: =SUM(M31:M33) -> 0 | N34: =SUM(N31:N33) -> 0 | O34: =SUM(O8:O33) -> 0 | Q34: =SUM(Q8:Q33) -> 0 | S34: =SUM(S8:S33) -> 0 | U34: =IF(N34=0,"",(Q34-N34)/N34*100)
A35: 减：构筑物及其他辅助设施减值准备 | U35: =IF(N35=0,"",(Q35-N35)/N35*100)
A36: 合 计 | K36: =SUM(K31:K35) -> 0 | L36: =SUM(L31:L35) -> 0 | M36: =M34-M35 -> 0 | N36: =N34-N35 -> 0 | O36: =O34-O35 -> 0 | Q36: =Q34-Q35 -> 0 | R36: =R34-R35 -> 0 | S36: =S34-S35 -> 0 | U36: =IF(N36=0,"",(Q36-N36)/N36*100)
A37: =封面!$D$17&封面!$E$17 -> 被评估单位（或产权持有单位）填表人： | Q37: ="评估人员："&评估人员!$D$16 -> 评估人员： | R37: 施泳涛 王卉
A38: =封面!$D$19&封面!$E$19&封面!$F$19&封面!$G$19&封面!$H$19&封面!$I$19&封面!$J$19 -> 填表日期：2020年5月20日

Sheet 4-6-3管道沟槽
A1: 返回索引页 | B1: 返回
A2: 固定资产—管道和沟槽评估明细表
A3: ='1-汇总表'!A3:G3 -> 评估基准日：2020年7月30日
U4: 表4-6-3
A5: ='1-汇总表'!A5 -> 被评估单位（或产权持有单位）：贡山县隆鑫矿业有限公司 | U5: 金额单位：人民币元
A6: 序号 | B6: 名称 | C6: 使用单位 | D6: 长度 (m) | E6: 漕深 (m) | F6: 沟宽*沟厚(mm*mm) 管径*壁厚(mm*mm) | G6: 材质 | H6: 绝缘方式 | I6: 建成年月 | J6: 审计前账面值 | L6: 账面价值 | N6: 评估价值 | S6: 增减值 | T6: 增值率% | U6: 备注
J7: 原值 | K7: 净值 | L7: 原值 | M7: 净值 | N7: 原值 | O7: 成新率% | P7: 净值 | Q7: 快速变现折扣率% | R7: 清算价值
T18: =IF(M18=0,"",(P18-M18)/M18*100)
A20: 合 计 | L20: =SUM(L8:L19) -> 0 | M20: =SUM(M8:M19) -> 0 | N20: =SUM(N8:N19) -> 0 | P20: =SUM(P8:P19) -> 0 | R20: =SUM(R8:R19) -> 0
A21: 减：管道和沟槽减值准备
A22: 合 计 | J22: =SUM(J8:J21) -> 0 | K22: =SUM(K8:K21) -> 0 | L22: =L20-L21 -> 0 | M22: =M20-M21 -> 0 | N22: =N20-N21 -> 0 | P22: =P20-P21 -> 0 | Q22: =Q20-Q21 -> 0 | R22: =R20-R21 -> 0
A23: =封面!$D$17&封面!$E$17 -> 被评估单位（或产权持有单位）填表人： | P23: ="评估人员："&评估人员!$D$16 -> 评估人员： | Q23: 施泳涛 王卉
A24: =封面!$D$19&封面!$E$19&封面!$F$19&封面!$G$19&封面!$H$19&封面!$I$19&封面!$J$19 -> 填表日期：2020年5月20日

Sheet 4-6-4机器设备
A1: 返回索引页 | B1: 返回
A2: 固定资产—机器设备评估明细表
A3: ='1-汇总表'!A3:G3 -> 评估基准日：2020年7月30日
A4: ='1-汇总表'!A5 -> 被评估单位（或产权持有单位）：贡山县隆鑫矿业有限公司 | W4: 金额单位：人民币元
A5: 序号 | B5: 设备编号 | C5: 设备名称 | D5: 存放地点 | E5: 规格型号 | F5: 使用单位 | G5: 生产厂家 | H5: 计量单位 | I5: 数量 | J5: 购置日期 | K5: 启用日期 | L5: 审计前账面值 | N5: 账面价值 | P5: 评估价值 | U5: 增减值 | V5: 增值率% | W5: 备注 | X5: 债权人 | Y5: 债务人 | Z5: 出质人 | AA5: 债权金额
L6: 原值 | M6: 净值 | N6: 原值 | O6: 净值 | P6: 原值 | Q6: 成新率% | R6: 净值 | S6: 快速变现折扣率% | T6: 清算价值
A14: 合 计 | P14: =SUM(P7:P13) -> 0 | R14: =SUM(R7:R13) -> 0 | T14: =SUM(T7:T13) -> 0
A15: 减：机器设备减值准备
A16: 合 计 | L16: =SUM(L7:L15) -> 0 | M16: =SUM(M7:M15) -> 0 | P16: =P14-P15 -> 0 | R16: =R14-R15 -> 0 | T16: =T14-T15 -> 0
A17: =封面!$D$17&封面!$E$17 -> 被评估单位（或产权持有单位）填表人： | R17: ="评估人员："&评估人员!$D$18 -> 评估人员： | S17: 施泳涛 王卉
A18: =封面!$D$19&封面!$E$19&封面!$F$19&封面!$G$19&封面!$H$19&封面!$I$19&封面!$J$19 -> 填表日期：2020年5月20日

Sheet 4-6-5车辆
A1: 返回索引页 | B1: 返回
A2: 固定资产—车辆评估明细表
A3: ='1-汇总表'!A3:G3 -> 评估基准日：2020年7月30日
V4: 表4-6-5
A5: ='1-汇总表'!A5 -> 被评估单位（或产权持有单位）：贡山县隆鑫矿业有限公司 | V5: 金额单位：人民币元
A6: 序号 | B6: 车辆牌号 | C6: 车辆名称 及规格型号 | D6: 使用单位 | E6: 生产厂家 | F6: 计量单位 | G6: 数量 | H6: 购置日期 | I6: 启用日期 | J6: 已行驶里程(公里) | K6: 审计前账面值 | M6: 账面价值 | O6: 评估价值 | T6: 增减值 | U6: 增值率% | V6: 备注 | W6: 证载权利人
K7: 原值 | L7: 净值 | M7: 原值 | N7: 净值 | O7: 原值 | P7: 成新率% | Q7: 净值 | R7: 快速变现折扣率% | S7: 清算价值
U15: =IF(N15=0,"",(Q15-N15)/N15*100)
A16: 合 计 | M16: =SUM(M8:M15) -> 0 | N16: =SUM(N8:N15) -> 0 | O16: =SUM(O8:O15) -> 0 | Q16: =SUM(Q8:Q15) -> 0 | S16: =SUM(S8:S15) -> 0 | U16: =IF(N16=0,"",(Q16-N16)/N16*100)
A17: 减：车辆减值准备 | U17: =IF(N17=0,"",(Q17-N17)/N17*100)
A18: 合 计 | K18: =SUM(K8:K17) -> 0 | L18: =SUM(L8:L17) -> 0 | M18: =M16-M17 -> 0 | N18: =N16-N17 -> 0 | O18: =O16-O17 -> 0 | Q18: =Q16-Q17 -> 0 | R18: =R16-R17 -> 0 | S18: =S16-S17 -> 0 | U18: =IF(N18=0,"",(Q18-N18)/N18*100)
A19: =封面!$D$17&封面!$E$17 -> 被评估单位（或产权持有单位）填表人： | Q19: ="评估人员："&评估人员!$D$18 -> 评估人员： | R19: ='4-6-4机器设备'!S17 -> 施泳涛 王卉
A20: =封面!$D$19&封面!$E$19&封面!$F$19&封面!$G$19&封面!$H$19&封面!$I$19&封面!$J$19 -> 填表日期：2020年5月20日

Sheet 4-6-6电子、办公设备
A1: 返回索引页 | B1: 返回
A2: 固定资产—电子设备及办公设备评估明细表
A3: ='1-汇总表'!A3:G3 -> 评估基准日：2020年7月30日
V4: 表4-6-6
A5: ='1-汇总表'!A5 -> 被评估单位（或产权持有单位）：贡山县隆鑫矿业有限公司 | V5: 金额单位：人民币元
A6: 序号 | B6: 设备 编号 | C6: 设备名称 | D6: 存放地点 | E6: 规格型号 | F6: 生产厂家 | G6: 计量单位 | H6: 数量 | I6: 购置日期 | J6: 启用日期 | K6: 审计前账面值 | M6: 账面价值 | O6: 评估价值 | T6: 增减值 | U6: 增值率% | V6: 备注
K7: 原值 | L7: 净值 | M7: 原值 | N7: 净值 | O7: 原值 | P7: 成新率% | Q7: 净值 | R7: 快速变现折扣% | S7: 清算价值
C19: 合计 | O19: =SUM(O8:O18) -> 0 | Q19: =SUM(Q8:Q18) -> 0 | S19: =SUM(S8:S18) -> 0

Sheet 4-6-7土地
A1: 返回索引页 | B1: 返回
A2: 固定资产—土地评估明细表
A3: ='1-汇总表'!A3:G3 -> 评估基准日：2020年7月30日
R4: 表4-6-7
A5: ='1-汇总表'!A5 -> 被评估单位（或产权持有单位）：贡山县隆鑫矿业有限公司 | R5: 金额单位：人民币元
A6: 序号 | B6: 土地权证编号 | C6: 宗地名称 | D6: 土地位置 | E6: 取得日期 | F6: 用地性质 | G6: 准用年限 | H6: 开发程度 | I6: 面积(m2) | J6: 审计前账面值 | L6: 账面价值 | N6: 评估价值 | P6: 增减值 | Q6: 增值率% | R6: 备注 | S6: 证载权利人
J7: 原值 | K7: 净值 | L7: 原值 | M7: 净值 | N7: 原值 | O7: 净值
Q8: =IF(M8=0,"",(O8-M8)/M8*100)
Q9: =IF(M9=0,"",(O9-M9)/M9*100)
Q10: =IF(M10=0,"",(O10-M10)/M10*100)
Q11: =IF(M11=0,"",(O11-M11)/M11*100)
Q12: =IF(M12=0,"",(O12-M12)/M12*100)
Q13: =IF(M13=0,"",(O13-M13)/M13*100)
Q14: =IF(M14=0,"",(O14-M14)/M14*100)
Q15: =IF(M15=0,"",(O15-M15)/M15*100)
Q16: =IF(M16=0,"",(O16-M16)/M16*100)
Q17: =IF(M17=0,"",(O17-M17)/M17*100)
Q18: =IF(M18=0,"",(O18-M18)/M18*100)
Q19: =IF(M19=0,"",(O19-M19)/M19*100)
... Q27: =IF(M27=0,"",(O27-M27)/M27*100)
A28: 合 计 | J28: =SUM(J8:J27) -> 0 | K28: =SUM(K8:K27) -> 0 | L28: =SUM(L8:L27) -> 0 | M28: =SUM(M8:M27) -> 0 | N28: =SUM(N8:N27) -> 0 | O28: =SUM(O8:O27) -> 0 | P28: =O28-M28 -> 0 | Q28: =IF(M28=0,"",(O28-M28)/M28*100)
A29: =封面!$D$17&封面!$E$17 -> 被评估单位（或产权持有单位）填表人： | O29: ="评估人员："&评估人员!D20 -> 评估人员：
A30: =封面!$D$19&封面!$E$19&封面!$F$19&封面!$G$19&封面!$H$19&封面!$I$19&封面!$J$19 -> 填表日期：2020年5月20日

Sheet 4-7在建工程汇总
A1: 返回索引页 | B1: 返回
A2: 在建工程评估汇总表
A3: ='1-汇总表'!A3:G3 -> 评估基准日：2020年7月30日
G4: 表4-7
A5: ='1-汇总表'!A5 -> 被评估单位（或产权持有单位）：贡山县隆鑫矿业有限公司 | G5: 金额单位：人民币元
A6: 编号 | B6: 科目名称 | C6: 审计前账面值 | D6: 账面价值 | E6: 评估价值 | F6: 增减值 | G6: 增值率%
A7: 4-7-1 | B7: 在建工程-土建工程 | C7: ='4-7-1在建（土建）'!G28 -> 0 | D7: ='4-7-1在建（土建）'!H26 -> 4.5080057e+08 | E7: ='4-7-1在建（土建）'!I26 -> 0 | F7: =E7-D7 -> -4.5080057e+08 | G7: =IF(D7=0,"",F7/D7*100) -> -100
A8: 4-7-2 | B8: 在建工程-设备安装工程 | C8: ='4-7-2在建（设备）'!H28 -> 0 | D8: ='4-7-2在建（设备）'!L26 -> 0 | E8: ='4-7-2在建（设备）'!P26 -> 0 | F8: =E8-D8 -> 0 | G8: =IF(D8=0,"",F8/D8*100)
A26: 在建工程合计 | C26: =SUM(C7:C25) -> 0 | D26: =SUM(D7:D8) -> 4.5080057e+08 | E26: =SUM(E7:E8) -> 0 | F26: =E26-D26 -> -4.5080057e+08 | G26: =IF(D26=0,"",F26/D26*100) -> -100
A27: 减：在建工程减值准备 | D27: ='4-7-1在建（土建）'!H27+'4-7-2在建（设备）'!L27 -> 0 | E27: ='4-7-1在建（土建）'!I27+'4-7-2在建（设备）'!P27 -> 0 | F27: =E27-D27 -> 0 | G27: =IF(D27=0,"",F27/D27*100)
A28: 在建工程合计 | C28: =C26-C27 -> 0 | D28: =D26-D27 -> 4.5080057e+08 | E28: =E26-E27 -> 0 | F28: =F26-F27 -> -4.5080057e+08 | G28: =IF(D28=0,"",F28/D28*100) -> -100
A29: =封面!$D$17&封面!$E$17 -> 被评估单位（或产权持有单位）填表人： | F29: ="评估人员："&评估人员!D16&评估人员!D18 -> 评估人员：
A30: =封面!$D$19&封面!$E$19&封面!$F$19&封面!$G$19&封面!$H$19&封面!$I$19&封面!$J$19 -> 填表日期：2020年5月20日

Sheet 4-7-1在建（土建）
A1: 返回索引页 | B1: 返回
A2: 在建工程—土建工程评估明细表
A3: ='1-汇总表'!A3:G3 -> 评估基准日：2020年7月30日
L4: 表4-7-1
A5: ='1-汇总表'!A5 -> 被评估单位（或产权持有单位）：贡山县隆鑫矿业有限公司 | L5: 金额单位：人民币元
A6: 序号 | B6: 项目名称 | C6: 开工日期 | D6: 预计完工日期 | E6: 形象进度 | F6: 付款比例 | G6: 审计前账面值 | H6: 账面价值 | I6: 评估价值 | J6: 增减值 | K6: 增值率% | L6: 备注
H7: 4.5080057e+08 | K7: =IF(H7=0,"",(I7-H7)/H7*100) -> -100
K8: =IF(H8=0,"",(I8-H8)/H8*100)
K9: =IF(H9=0,"",(I9-H9)/H9*100)
K10: =IF(H10=0,"",(I10-H10)/H10*100)
K11: =IF(H11=0,"",(I11-H11)/H11*100)
K12: =IF(H12=0,"",(I12-H12)/H12*100)
K13: =IF(H13=0,"",(I13-H13)/H13*100)
K14: =IF(H14=0,"",(I14-H14)/H14*100)
K15: =IF(H15=0,"",(I15-H15)/H15*100)
K16: =IF(H16=0,"",(I16-H16)/H16*100)
K17: =IF(H17=0,"",(I17-H17)/H17*100)
K18: =IF(H18=0,"",(I18-H18)/H18*100)
K19: =IF(H19=0,"",(I19-H19)/H19*100)
... K25: =IF(H25=0,"",(I25-H25)/H25*100)
A26: 合 计 | H26: =SUM(H7:H25) -> 4.5080057e+08 | I26: =SUM(I7:I25) -> 0 | J26: =I26-H26 -> -4.5080057e+08 | K26: =IF(H26=0,"",(I26-H26)/H26*100) -> -100
A27: 减：在建土建工程减值准备 | J27: =I27-H27 -> 0 | K27: =IF(H27=0,"",(I27-H27)/H27*100)
A28: 合 计 | G28: =SUM(G7:G27) -> 0 | H28: =H26-H27 -> 4.5080057e+08 | I28: =I26-I27 -> 0 | J28: =I28-H28 -> -4.5080057e+08 | K28: =IF(H28=0,"",(I28-H28)/H28*100) -> -100
A29: =封面!$D$17&封面!$E$17 -> 被评估单位（或产权持有单位）填表人： | J29: ="评估人员："&评估人员!D16 -> 评估人员：
A30: =封面!$D$19&封面!$E$19&封面!$F$19&封面!$G$19&封面!$H$19&封面!$I$19&封面!$J$19 -> 填表日期：2020年5月20日

Sheet 4-7-2在建（设备）
A1: 返回索引页 | B1: 返回
A2: 在建工程—设备安装工程评估明细表
A3: ='1-汇总表'!A3:G3 -> 评估基准日：2020年7月30日
S4: 表4-7-2
A5: ='1-汇总表'!A5 -> 被评估单位（或产权持有单位）：贡山县隆鑫矿业有限公司 | S5: 金额单位：人民币元
A6: 序号 | B6: 项目名称 | C6: 开工 日期 | D6: 预计完 工日期 | E6: 审计前账面值 | I6: 账面价值 | M6: 评估价值 | Q6: 增减值 | R6: 增值率% | S6: 备注
E7: 设备费 | F7: 资金成本 | G7: 安装费及其他 | H7: 合计 | I7: 设备费 | J7: 资金成本 | K7: 安装费及其他 | L7: 合计 | M7: 设备费 | N7: 资金成本 | O7: 安装费及其他 | P7: 合计
R8: =IF(L8=0,"",(P8-L8)/L8*100)
R9: =IF(L9=0,"",(P9-L9)/L9*100)
R10: =IF(L10=0,"",(P10-L10)/L10*100)
R11: =IF(L11=0,"",(P11-L11)/L11*100)
R12: =IF(L12=0,"",(P12-L12)/L12*100)
R13: =IF(L13=0,"",(P13-L13)/L13*100)
R14: =IF(L14=0,"",(P14-L14)/L14*100)
R15: =IF(L15=0,"",(P15-L15)/L15*100)
R16: =IF(L16=0,"",(P16-L16)/L16*100)
R17: =IF(L17=0,"",(P17-L17)/L17*100)
R18: =IF(L18=0,"",(P18-L18)/L18*100)
R19: =IF(L19=0,"",(P19-L19)/L19*100)
... R25: =IF(L25=0,"",(P25-L25)/L25*100)
A26: 合计 | L26: =SUM(L8:L25) -> 0 | P26: =SUM(P8:P25) -> 0 | Q26: =P26-L26 -> 0 | R26: =IF(L26=0,"",(P26-L26)/L26*100)
A27: 减：在建设备工程减值准备 | Q27: =P27-L27 -> 0 | R27: =IF(L27=0,"",(P27-L27)/L27*100)
A28: 合 计 | H28: =SUM(H8:H27) -> 0 | L28: =L26-L27 -> 0 | P28: =P26-P27 -> 0 | Q28: =P28-L28 -> 0 | R28: =IF(L28=0,"",(P28-L28)/L28*100)
A29: =封面!$D$17&封面!$E$17 -> 被评估单位（或产权持有单位）填表人： | P29: ="评估人员："&评估人员!D18 -> 评估人员：
A30: =封面!$D$19&封面!$E$19&封面!$F$19&封面!$G$19&封面!$H$19&封面!$I$19&封面!$J$19 -> 填表日期：2020年5月20日

Sheet 4-8工程物资
A1: 返回索引页 | B1: 返回
A2: 工程物资评估明细表
A3: ='1-汇总表'!A3:G3 -> 评估基准日：2020年7月30日
P4: 表4-8
A5: ='1-汇总表'!A5 -> 被评估单位（或产权持有单位）：贡山县隆鑫矿业有限公司 | P5: 金额单位：人民币元
A6: 序号 | B6: 名称 | C6: 工程项目 | D6: 计量 单位 | E6: 审计前账面值 | H6: 账面价值 | K6: 实际数量 | L6: 评估价值 | N6: 增减值 | O6: 增值率 % | P6: 备注
E7: 数量 | F7: 单价 | G7: 金额 | H7: 数量 | I7: 单价 | J7: 金额 | L7: 单价 | M7: 金额
O8: =IF(J8=0,"",(M8-J8)/J8*100)
O9: =IF(J9=0,"",(M9-J9)/J9*100)
O10: =IF(J10=0,"",(M10-J10)/J10*100)
O11: =IF(J11=0,"",(M11-J11)/J11*100)
O12: =IF(J12=0,"",(M12-J12)/J12*100)
O13: =IF(J13=0,"",(M13-J13)/J13*100)
O14: =IF(J14=0,"",(M14-J14)/J14*100)
O15: =IF(J15=0,"",(M15-J15)/J15*100)
O16: =IF(J16=0,"",(M16-J16)/J16*100)
O17: =IF(J17=0,"",(M17-J17)/J17*100)
O18: =IF(J18=0,"",(M18-J18)/J18*100)
O19: =IF(J19=0,"",(M19-J19)/J19*100)
... O25: =IF(J25=0,"",(M25-J25)/J25*100)
A26: 合 计 | G26: =SUM(G8:G25) -> 0 | J26: =SUM(J8:J25) -> 0 | M26: =SUM(M8:M25) -> 0 | N26: =M26-J26 -> 0 | O26: =IF(J26=0,"",(M26-J26)/J26*100)
A27: 减：工程物资减值准备 | M27: 0 | N27: =M27-J27 -> 0 | O27: =IF(J27=0,"",(M27-J27)/J27*100)
A28: 合 计 | G28: =G26-G27 -> 0 | J28: =J26-J27 -> 0 | M28: =M26-M27 -> 0 | N28: =M28-J28 -> 0 | O28: =IF(J28=0,"",(M28-J28)/J28*100)
A29: =封面!$D$17&封面!$E$17 -> 被评估单位（或产权持有单位）填表人： | M29: ="评估人员："&评估人员!$D$22 -> 评估人员：
A30: =封面!$D$19&封面!$E$19&封面!$F$19&封面!$G$19&封面!$H$19&封面!$I$19&封面!$J$19 -> 填表日期：2020年5月20日

Sheet 4-9固定资产清理
A1: 返回索引页 | B1: 返回
A2: 固定资产清理评估明细表
A3: ='1-汇总表'!A3:G3 -> 评估基准日：2020年7月30日
I4: 表4-9
A5: ='1-汇总表'!A5 -> 被评估单位（或产权持有单位）：贡山县隆鑫矿业有限公司 | I5: 金额单位：人民币元
A6: 序号 | B6: 待处理资产名称 | C6: 发生日期 | D6: 审计前账面值 | E6: 账面价值 | F6: 评估价值 | G6: 增减值 | H6: 增值率% | I6: 备注
H7: =IF(E7=0,"",(F7-E7)/E7*100)
H8: =IF(E8=0,"",(F8-E8)/E8*100)
H9: =IF(E9=0,"",(F9-E9)/E9*100)
H10: =IF(E10=0,"",(F10-E10)/E10*100)
H11: =IF(E11=0,"",(F11-E11)/E11*100)
H12: =IF(E12=0,"",(F12-E12)/E12*100)
H13: =IF(E13=0,"",(F13-E13)/E13*100)
H14: =IF(E14=0,"",(F14-E14)/E14*100)
H15: =IF(E15=0,"",(F15-E15)/E15*100)
H16: =IF(E16=0,"",(F16-E16)/E16*100)
H17: =IF(E17=0,"",(F17-E17)/E17*100)
H18: =IF(E18=0,"",(F18-E18)/E18*100)
... H27: =IF(E27=0,"",(F27-E27)/E27*100)
A28: 合 计 | D28: =SUM(D7:D27) -> 0 | E28: =SUM(E7:E27) -> 0 | F28: =SUM(F7:F27) -> 0 | G28: =F28-E28 -> 0 | H28: =IF(E28=0,"",(F28-E28)/E28*100)
A29: =封面!$D$17&封面!$E$17 -> 被评估单位（或产权持有单位）填表人： | H29: ="评估人员："&评估人员!$D$22 -> 评估人员：
A30: =封面!$D$19&封面!$E$19&封面!$F$19&封面!$G$19&封面!$H$19&封面!$I$19&封面!$J$19 -> 填表日期：2020年5月20日

Sheet 4-10生产性生物资产
A1: 返回索引页 | B1: 返回
A2: 生产性生物资产评估明细表
A3: ='1-汇总表'!A3:G3 -> 评估基准日：2020年7月30日
P4: 表4-10
A5: ='1-汇总表'!A5 -> 被评估单位（或产权持有单位）：贡山县隆鑫矿业有限公司 | P5: 金额单位：人民币元
A6: 序号 | B6: 种类 | C6: 群别 | D6: 计量单位 | E6: 数量 | F6: 购置日期 | G6: 审计前账面值 | I6: 账面价值 | K6: 评估价值 | N6: 增减值 | O6: 增值率% | P6: 备注
G7: 原值 | H7: 净值 | I7: 原值 | J7: 净值 | K7: 原值 | L7: 成新率% | M7: 净值
O8: =IF(J8=0,"",(M8-J8)/J8*100)
O9: =IF(J9=0,"",(M9-J9)/J9*100)
O10: =IF(J10=0,"",(M10-J10)/J10*100)
O11: =IF(J11=0,"",(M11-J11)/J11*100)
O12: =IF(J12=0,"",(M12-J12)/J12*100)
O13: =IF(J13=0,"",(M13-J13)/J13*100)
O14: =IF(J14=0,"",(M14-J14)/J14*100)
O15: =IF(J15=0,"",(M15-J15)/J15*100)
O16: =IF(J16=0,"",(M16-J16)/J16*100)
O17: =IF(J17=0,"",(M17-J17)/J17*100)
O18: =IF(J18=0,"",(M18-J18)/J18*100)
O19: =IF(J19=0,"",(M19-J19)/J19*100)
... O25: =IF(J25=0,"",(M25-J25)/J25*100)
A26: 合 计 | G26: =SUM(G8:G25) -> 0 | H26: =SUM(H8:H25) -> 0 | I26: =SUM(I8:I25) -> 0 | J26: =SUM(J8:J25) -> 0 | K26: =SUM(K8:K25) -> 0 | M26: =SUM(M8:M25) -> 0 | N26: =M26-J26 -> 0 | O26: =IF(J26=0,"",(M26-J26)/J26*100)
A27: 减：生产性生物资产减值准备 | M27: 0 | N27: =M27-J27 -> 0 | O27: =IF(J27=0,"",(M27-J27)/J27*100)
A28: 合 计 | G28: =G26-G27 -> 0 | H28: =H26-H27 -> 0 | I28: =I26-I27 -> 0 | J28: =J26-J27 -> 0 | K28: =K26-K27 -> 0 | M28: =M26-M27 -> 0 | N28: =M28-J28 -> 0 | O28: =IF(J28=0,"",(M28-J28)/J28*100)
A29: =封面!$D$17&封面!$E$17 -> 被评估单位（或产权持有单位）填表人： | M29: ="评估人员："&评估人员!$D$22 -> 评估人员：
A30: =封面!$D$19&封面!$E$19&封面!$F$19&封面!$G$19&封面!$H$19&封面!$I$19&封面!$J$19 -> 填表日期：2020年5月20日

Sheet 4-11油气资产
A1: 返回索引页 | B1: 返回
A2: 油气资产评估明细表
A3: ='1-汇总表'!A3:G3 -> 评估基准日：2020年7月30日
Q4: 表4-11
A5: ='1-汇总表'!A5 -> 被评估单位（或产权持有单位）：贡山县隆鑫矿业有限公司 | Q5: 金额单位：人民币元
A6: 序号 | B6: 类别 | C6: 矿区（或油田） | D6: 计量单位 | E6: 数量 | F6: 形成日期 | G6: 来源（购入、自行建造） | H6: 审计前账面值 | J6: 账面价值 | L6: 评估价值 | O6: 增减值 | P6: 增值率% | Q6: 备注
H7: 原值 | I7: 净值 | J7: 原值 | K7: 净值 | L7: 原值 | M7: 成新率% | N7: 净值
P8: =IF(K8=0,"",(N8-K8)/K8*100)
P9: =IF(K9=0,"",(N9-K9)/K9*100)
P10: =IF(K10=0,"",(N10-K10)/K10*100)
P11: =IF(K11=0,"",(N11-K11)/K11*100)
P12: =IF(K12=0,"",(N12-K12)/K12*100)
P13: =IF(K13=0,"",(N13-K13)/K13*100)
P14: =IF(K14=0,"",(N14-K14)/K14*100)
P15: =IF(K15=0,"",(N15-K15)/K15*100)
P16: =IF(K16=0,"",(N16-K16)/K16*100)
P17: =IF(K17=0,"",(N17-K17)/K17*100)
P18: =IF(K18=0,"",(N18-K18)/K18*100)
P19: =IF(K19=0,"",(N19-K19)/K19*100)
... P25: =IF(K25=0,"",(N25-K25)/K25*100)
A26: 合 计 | H26: =SUM(H8:H25) -> 0 | I26: =SUM(I8:I25) -> 0 | J26: =SUM(J8:J25) -> 0 | K26: =SUM(K8:K25) -> 0 | L26: =SUM(L8:L25) -> 0 | N26: =SUM(N8:N25) -> 0 | O26: =N26-K26 -> 0 | P26: =IF(K26=0,"",(N26-K26)/K26*100)
A27: 减：生产性生物资产减值准备 | N27: 0 | O27: =N27-K27 -> 0 | P27: =IF(K27=0,"",(N27-K27)/K27*100)
A28: 合 计 | H28: =H26-H27 -> 0 | I28: =I26-I27 -> 0 | J28: =J26-J27 -> 0 | K28: =K26-K27 -> 0 | L28: =L26-L27 -> 0 | N28: =N26-N27 -> 0 | O28: =N28-K28 -> 0 | P28: =IF(K28=0,"",(N28-K28)/K28*100)
A29: =封面!$D$17&封面!$E$17 -> 被评估单位（或产权持有单位）填表人： | M29: ="评估人员："&评估人员!$D$22 -> 评估人员：
A30: =封面!$D$19&封面!$E$19&封面!$F$19&封面!$G$19&封面!$H$19&封面!$I$19&封面!$J$19 -> 填表日期：2020年5月20日

Sheet 4-12无形资产汇总
A1: 返回索引页 | B1: 返回
A2: 无形资产评估汇总表
A3: ='1-汇总表'!A3:G3 -> 评估基准日：2020年7月30日
G4: 表4-12
A5: ='1-汇总表'!A5 -> 被评估单位（或产权持有单位）：贡山县隆鑫矿业有限公司 | E5: 金额单位：人民币元 | G5: 金额单位：人民币元
A6: 编号 | B6: 科目名称 | C6: 审计前账面值 | D6: 账面价值 | E6: 评估价值 | F6: 增减值 | G6: 增值率%
A7: 4-12-1 | B7: 无形资产-土地使用权 | C7: ='4-12-1无形-土地'!K14 -> 0 | D7: ='4-12-1无形-土地'!L12 -> 0 | E7: ='4-12-1无形-土地'!M12 -> 0 | F7: =E7-D7 -> 0 | G7: =IF(D7=0,"",F7/D7*100)
A8: 4-12-2 | B8: 无形资产-矿业权 | C8: =#REF! -> #REF! | D8: ='4-12-2无形-矿业权'!K13 -> 0 | E8: ='4-12-2无形-矿业权'!N13 -> 65785950 | F8: =E8-D8 -> 65785950 | G8: =IF(D8=0,"",F8/D8*100)
A9: 4-12-3 | B9: 无形资产-其他无形资产 | C9: ='4-12-3无形-其他'!F28 -> 0 | D9: ='4-12-3无形-其他'!G26 -> 0 | E9: ='4-12-3无形-其他'!I26 -> 0 | F9: =E9-D9 -> 0 | G9: =IF(D9=0,"",F9/D9*100)
A18: 合 计 | D18: =SUM(D7:D9) -> 0 | E18: =SUM(E7:E9) -> 65785950 | F18: =E18-D18 -> 65785950 | G18: =IF(D18=0,"",F18/D18*100)
A19: 减：无形资产减值准备 | F19: =E19-D19 -> 0 | G19: =IF(D19=0,"",F19/D19*100)
A20: 合 计 | D20: =D18-D19 -> 0 | E20: =E18-E19 -> 65785950 | F20: =E20-D20 -> 65785950 | G20: =IF(D20=0,"",F20/D20*100)
A21: =封面!$D$17&封面!$E$17 -> 被评估单位（或产权持有单位）填表人： | F21: ="评估人员："&评估人员!D20&评估人员!D24&评估人员!D26 -> 评估人员：
A22: =封面!$D$19&封面!$E$19&封面!$F$19&封面!$G$19&封面!$H$19&封面!$I$19&封面!$J$19 -> 填表日期：2020年5月20日

Sheet 4-12-1无形-土地
A1: 返回索引页 | B1: 返回
A2: 无形资产—土地使用权评估明细表
A3: ='1-汇总表'!A3:G3 -> 评估基准日：2020年7月30日
P4: 表4-12-1
A5: ='1-汇总表'!A5 -> 被评估单位（或产权持有单位）：贡山县隆鑫矿业有限公司 | P5: 金额单位：人民币元
A6: 序号 | B6: 土地权证编号 | C6: 宗地名称 | D6: 土地位置 | E6: 取得日期 | F6: 用地性质 | G6: 准用年限 | H6: 开发 程度 | I6: 面积(m2) | J6: 原始入账价值 | K6: 审计前账面值 | L6: 账面价值 | M6: 评估价值 | N6: 增减值 | O6: 增值率% | P6: 备注 | Q6: 证载权利人 | R6: 债权人 | S6: 债务人 | T6: 出质人 | U6: 债权金额
O9: =IF(L9=0,"",([1]Sheet1!J6-L9)/L9*100)
O10: =IF(L10=0,"",(M10-L10)/L10*100)
O11: =IF(L11=0,"",(M11-L11)/L11*100)
A12: 合 计 | I12: =SUM(I7:I11) -> 0 | J12: =SUM(J7:J11) -> 0 | L12: =SUM(L7:L11) -> 0 | M12: =SUM(M7:M11) -> 0 | O12: =IF(L12=0,"",(M12-L12)/L12*100)
A13: 减：无形资产-土地使用权减值准备 | O13: =IF(L13=0,"",(M13-L13)/L13*100)
A14: 合 计 | I14: =I12 -> 0 | J14: =J12-J13 -> 0 | K14: =SUM(K7:K13) -> 0 | L14: =L12-L13 -> 0 | M14: =M12-M13 -> 0 | O14: =IF(L14=0,"",(M14-L14)/L14*100)
A15: =封面!$D$17&封面!$E$17 -> 被评估单位（或产权持有单位）填表人： | M15: ="评估人员："&评估人员!D20 -> 评估人员： | P15: 何涛 谢昊雨
A16: =封面!$D$19&封面!$E$19&封面!$F$19&封面!$G$19&封面!$H$19&封面!$I$19&封面!$J$19 -> 填表日期：2020年5月20日

Sheet 4-12-2无形-矿业权
A1: 返回索引页 | B1: 返回
A2: 无形资产—矿业权评估明细表
A3: ='[2]1-汇总表'!A3:G3 -> 评估基准日：2020年7月30日
P4: 表4-12-2
A5: ='汇总表-万元表'!A5 -> 被评估单位（或产权持有单位）：贡山县隆鑫矿业有限公司 | Q5: 金额单位：人民币元
A6: 序号 | B6: 名称、种类（探矿权/采矿权） | C6: 勘查（采矿）许可证编号 | D6: 取得方式 | E6: 取得日期 | F6: 剩余有效年限 | G6: 勘查开发阶段 | H6: 核定（批准）生产规模 | I6: 原始入账价值 | K6: 账面价值 | L6: 评估价值 | O6: 增减值 | P6: 增值率% | Q6: 备注
J7: 审计前账面价值 | L7: 市场价值 | M7: 快速变现率% | N7: 清算价值 | R7: 债权人 | S7: 债务人 | T7: 出质人 | U7: 债权金额
A8: 1 | B8: 贡山县隆鑫矿业有限公司九尼铁多金属矿勘探探矿权 | C8: T53120081002016720 | E8: 42402 | F8: 已过期 | G8: 勘探 | L8: 131571900 | M8: 50 | N8: =ROUND(L8*(1-M8%),0) -> 65785950 | P8: =IF(K8=0,"",(N8-K8)/K8*100)
P10: =IF(K10=0,"",(N10-K10)/K10*100)
A11: 合 计 | I11: =SUM(I8:I10) -> 0 | J11: =SUM(J8:J10) -> 0 | K11: =SUM(K8:K10) -> 0 | L11: =SUM(L8:L10) -> 131571900 | N11: =SUM(N8:N10) -> 65785950 | O11: =N11-K11 -> 65785950 | P11: =IF(K11=0,"",(N11-K11)/K11*100)
A12: 减：无形资产-矿业权减值准备 | O12: =N12-K12 -> 0 | P12: =IF(K12=0,"",(N12-K12)/K12*100)
A13: 合 计 | J13: =SUM(J8:J12) -> 0 | K13: =K11-K12 -> 0 | L13: =L11-L12 -> 131571900 | N13: =N11-N12 -> 65785950 | O13: =N13-K13 -> 65785950 | P13: =IF(K13=0,"",(N13-K13)/K13*100)
A14: =[2]封面!$D$17&[2]封面!$E$17 -> 被评估单位（或产权持有单位）填表人： | N14: ="评估人员："&[2]评估人员!D26 -> 评估人员： | Q14: 高慧 赵向辉
A15: =[2]封面!$D$19&[2]封面!$E$19&[2]封面!$F$19&[2]封面!$G$19&[2]封面!$H$19&[2]封面!$I$19&[2]封面!$J$19 -> 填表日期：2020年5月20日

Sheet Sheet3

Sheet 4-12-3无形-其他
A1: 返回索引页 | B1: 返回
A2: 无形资产—其他无形资产评估明细表
A3: ='1-汇总表'!A3:G3 -> 评估基准日：2020年7月30日
L4: 表4-12-3
A5: ='1-汇总表'!A5 -> 被评估单位（或产权持有单位）：贡山县隆鑫矿业有限公司 | L5: 金额单位：人民币元
A6: 序号 | B6: 内容或名称 | C6: 取得日期 | D6: 法定/预计使用年限 | E6: 原始入账价值 | F6: 审计前账面值 | G6: 账面价值 | H6: 尚可使用年限 | I6: 评估价值 | J6: 增减值 | K6: 增值率% | L6: 备注
K7: =IF(G7=0,"",(I7-G7)/G7*100)
K8: =IF(G8=0,"",(I8-G8)/G8*100)
K9: =IF(G9=0,"",(I9-G9)/G9*100)
K10: =IF(G10=0,"",(I10-G10)/G10*100)
K11: =IF(G11=0,"",(I11-G11)/G11*100)
K12: =IF(G12=0,"",(I12-G12)/G12*100)
K13: =IF(G13=0,"",(I13-G13)/G13*100)
K14: =IF(G14=0,"",(I14-G14)/G14*100)
K15: =IF(G15=0,"",(I15-G15)/G15*100)
K16: =IF(G16=0,"",(I16-G16)/G16*100)
K17: =IF(G17=0,"",(I17-G17)/G17*100)
K18: =IF(G18=0,"",(I18-G18)/G18*100)
... K25: =IF(G25=0,"",(I25-G25)/G25*100)
A26: 合 计 | G26: =SUM(G7:G25) -> 0 | I26: =SUM(I7:I25) -> 0 | J26: =I26-G26 -> 0 | K26: =IF(G26=0,"",(I26-G26)/G26*100)
A27: 减：无形资产-其他无形资产减值准备 | J27: =I27-G27 -> 0 | K27: =IF(G27=0,"",(I27-G27)/G27*100)
A28: 合 计 | F28: =SUM(F7:F27) -> 0 | G28: =G26-G27 -> 0 | I28: =I26-I27 -> 0 | J28: =I28-G28 -> 0 | K28: =IF(G28=0,"",(I28-G28)/G28*100)
A29: =封面!$D$17&封面!$E$17 -> 被评估单位（或产权持有单位）填表人： | J29: ="评估人员："&评估人员!D24 -> 评估人员：
A30: =封面!$D$19&封面!$E$19&封面!$F$19&封面!$G$19&封面!$H$19&封面!$I$19&封面!$J$19 -> 填表日期：2020年5月20日

Sheet 4-13开发支出
A1: 返回索引页 | B1: 返回
A2: 开发支出评估明细表
A3: ='1-汇总表'!A3:G3 -> 评估基准日：2020年7月30日
I4: 表4-13
A5: ='1-汇总表'!A5 -> 被评估单位（或产权持有单位）：贡山县隆鑫矿业有限公司 | I5: 金额单位：人民币元
A6: 序号 | B6: 内容或名称 | C6: 发生日期 | D6: 审计前账面值 | E6: 账面价值 | F6: 评估价值 | G6: 增减值 | H6: 增值率% | I6: 备注
H7: =IF(E7=0,"",(F7-E7)/E7*100)
H8: =IF(E8=0,"",(F8-E8)/E8*100)
H9: =IF(E9=0,"",(F9-E9)/E9*100)
H10: =IF(E10=0,"",(F10-E10)/E10*100)
H11: =IF(E11=0,"",(F11-E11)/E11*100)
H12: =IF(E12=0,"",(F12-E12)/E12*100)
H13: =IF(E13=0,"",(F13-E13)/E13*100)
H14: =IF(E14=0,"",(F14-E14)/E14*100)
H15: =IF(E15=0,"",(F15-E15)/E15*100)
H16: =IF(E16=0,"",(F16-E16)/E16*100)
H17: =IF(E17=0,"",(F17-E17)/E17*100)
H18: =IF(E18=0,"",(F18-E18)/E18*100)
... H27: =IF(E27=0,"",(F27-E27)/E27*100)
A28: 合 计 | D28: =SUM(D7:D27) -> 0 | E28: =SUM(E7:E27) -> 0 | F28: =SUM(F7:F27) -> 0 | G28: =F28-E28 -> 0 | H28: =IF(E28=0,"",(F28-E28)/E28*100)
A29: =封面!$D$17&封面!$E$17 -> 被评估单位（或产权持有单位）填表人： | G29: ="评估人员："&评估人员!$D$28 -> 评估人员：
A30: =封面!$D$19&封面!$E$19&封面!$F$19&封面!$G$19&封面!$H$19&封面!$I$19&封面!$J$19 -> 填表日期：2020年5月20日

Sheet 4-14商誉
A1: 返回索引页 | B1: 返回
A2: 商誉评估明细表
A3: ='1-汇总表'!A3:G3 -> 评估基准日：2020年7月30日
I4: 表4-14
A5: ='1-汇总表'!A5 -> 被评估单位（或产权持有单位）：贡山县隆鑫矿业有限公司 | I5: 金额单位：人民币元
A6: 序号 | B6: 内容或名称 | C6: 取得日期 | D6: 审计前账面值 | E6: 账面价值 | F6: 评估价值 | G6: 增减值 | H6: 增值率% | I6: 备注
H7: =IF(E7=0,"",(F7-E7)/E7*100)
H8: =IF(E8=0,"",(F8-E8)/E8*100)
H9: =IF(E9=0,"",(F9-E9)/E9*100)
H10: =IF(E10=0,"",(F10-E10)/E10*100)
H11: =IF(E11=0,"",(F11-E11)/E11*100)
H12: =IF(E12=0,"",(F12-E12)/E12*100)
H13: =IF(E13=0,"",(F13-E13)/E13*100)
H14: =IF(E14=0,"",(F14-E14)/E14*100)
H15: =IF(E15=0,"",(F15-E15)/E15*100)
H16: =IF(E16=0,"",(F16-E16)/E16*100)
H17: =IF(E17=0,"",(F17-E17)/E17*100)
H18: =IF(E18=0,"",(F18-E18)/E18*100)
... H25: =IF(E25=0,"",(F25-E25)/E25*100)
A26: 合 计 | D26: =SUM(D7:D25) -> 0 | E26: =SUM(E7:E25) -> 0 | F26: =SUM(F7:F25) -> 0 | G26: =F26-E26 -> 0 | H26: =IF(E26=0,"",(F26-E26)/E26*100)
A27: 减：商誉减值准备 | G27: =F27-E27 -> 0 | H27: =IF(E27=0,"",(F27-E27)/E27*100)
A28: 合 计 | D28: =D26-D27 -> 0 | E28: =E26-E27 -> 0 | F28: =F26-F27 -> 0 | G28: =F28-E28 -> 0 | H28: =IF(E28=0,"",(F28-E28)/E28*100)
A29: =封面!$D$17&封面!$E$17 -> 被评估单位（或产权持有单位）填表人： | G29: ="评估人员："&评估人员!$D$28 -> 评估人员：
A30: =封面!$D$19&封面!$E$19&封面!$F$19&封面!$G$19&封面!$H$19&封面!$I$19&封面!$J$19 -> 填表日期：2020年5月20日

Sheet 4-15长期待摊费用
A1: 返回索引页 | B1: 返回
A2: 长期待摊费用评估明细表
A3: ='1-汇总表'!A3:G3 -> 评估基准日：2020年7月30日
L4: 表4-15
A5: ='1-汇总表'!A5 -> 被评估单位（或产权持有单位）：贡山县隆鑫矿业有限公司 | L5: 金额单位：人民币元
A6: 序号 | B6: 费用名称或内容 | C6: 形成日期 | D6: 原始发生额 | E6: 预计摊 销月数 | F6: 审计前账面值 | G6: 账面价值 | H6: 尚存受 益月数 | I6: 评估价值 | J6: 增减值 | K6: 增值率% | L6: 备注
A7: 1 | B7: 租地费用 | G7: 868717.48 | K7: =IF(G7=0,"",(I7-G7)/G7*100) -> -100
A8: 2 | B8: 其他 | G8: 5665632.9 | K8: =IF(G8=0,"",(I8-G8)/G8*100) -> -100
K9: =IF(G9=0,"",(I9-G9)/G9*100)
K10: =IF(G10=0,"",(I10-G10)/G10*100)
K11: =IF(G11=0,"",(I11-G11)/G11*100)
K12: =IF(G12=0,"",(I12-G12)/G12*100)
K13: =IF(G13=0,"",(I13-G13)/G13*100)
K14: =IF(G14=0,"",(I14-G14)/G14*100)
K15: =IF(G15=0,"",(I15-G15)/G15*100)
K16: =IF(G16=0,"",(I16-G16)/G16*100)
K17: =IF(G17=0,"",(I17-G17)/G17*100)
K18: =IF(G18=0,"",(I18-G18)/G18*100)
K19: =IF(G19=0,"",(I19-G19)/G19*100)
K20: =IF(G20=0,"",(I20-G20)/G20*100)
... K24: =IF(G24=0,"",(I24-G24)/G24*100)
A25: 合 计 | F25: =SUM(F7:F24) -> 0 | G25: =SUM(G7:G24) -> 6534350.4 | I25: =SUM(I7:I24) -> 0 | J25: =I25-G25 -> -6534350.4 | K25: =IF(G25=0,"",(I25-G25)/G25*100) -> -100
A26: =封面!$D$17&封面!$E$17 -> 被评估单位（或产权持有单位）填表人： | J26: ="评估人员："&评估人员!$D$28 -> 评估人员：
A27: =封面!$D$19&封面!$E$19&封面!$F$19&封面!$G$19&封面!$H$19&封面!$I$19&封面!$J$19 -> 填表日期：2020年5月20日

Sheet 4-16递延所得税资产
A1: 返回索引页 | B1: 返回
A2: 递延所得税资产评估明细表
A3: ='1-汇总表'!A3:G3 -> 评估基准日：2020年7月30日
I4: 表4-16
A5: ='1-汇总表'!A5 -> 被评估单位（或产权持有单位）：贡山县隆鑫矿业有限公司 | I5: 金额单位：人民币元
A6: 序号 | B6: 内容或名称 | C6: 取得日期 | D6: 审计前账面值 | E6: 账面价值 | F6: 评估价值 | G6: 增减值 | H6: 增值率% | I6: 备注
H7: =IF(E7=0,"",(F7-E7)/E7*100)
H8: =IF(E8=0,"",(F8-E8)/E8*100)
H9: =IF(E9=0,"",(F9-E9)/E9*100)
H10: =IF(E10=0,"",(F10-E10)/E10*100)
H11: =IF(E11=0,"",(F11-E11)/E11*100)
H12: =IF(E12=0,"",(F12-E12)/E12*100)
H13: =IF(E13=0,"",(F13-E13)/E13*100)
H14: =IF(E14=0,"",(F14-E14)/E14*100)
H15: =IF(E15=0,"",(F15-E15)/E15*100)
H16: =IF(E16=0,"",(F16-E16)/E16*100)
H17: =IF(E17=0,"",(F17-E17)/E17*100)
H18: =IF(E18=0,"",(F18-E18)/E18*100)
... H27: =IF(E27=0,"",(F27-E27)/E27*100)
A28: 合 计 | D28: =SUM(D7:D27) -> 0 | E28: =SUM(E7:E27) -> 0 | F28: =SUM(F7:F27) -> 0 | G28: =F28-E28 -> 0 | H28: =IF(E28=0,"",(F28-E28)/E28*100)
A29: =封面!$D$17&封面!$E$17 -> 被评估单位（或产权持有单位）填表人： | G29: ="评估人员："&评估人员!$D$28 -> 评估人员：
A30: =封面!$D$19&封面!$E$19&封面!$F$19&封面!$G$19&封面!$H$19&封面!$I$19&封面!$J$19 -> 填表日期：2020年5月20日

Sheet 4-17其他非流动资产
A1: 返回索引页 | B1: 返回
A2: 其他非流动资产评估明细表
A3: ='1-汇总表'!A3:G3 -> 评估基准日：2020年7月30日
I4: 表4-17
A5: ='1-汇总表'!A5 -> 被评估单位（或产权持有单位）：贡山县隆鑫矿业有限公司 | I5: 金额单位：人民币元
A6: 序号 | B6: 内容或名称 | C6: 取得日期 | D6: 审计前账面值 | E6: 账面价值 | F6: 评估价值 | G6: 增减值 | H6: 增值率% | I6: 备注
A7: 1 | B7: 待处理流动资产损溢 | E7: -60051.47 | H7: =IF(E7=0,"",(F7-E7)/E7*100) -> -100
A8: 2 | B8: 待处理固定资产损益 | E8: 14893091 | H8: =IF(E8=0,"",(F8-E8)/E8*100) -> -100
H9: =IF(E9=0,"",(F9-E9)/E9*100)
H10: =IF(E10=0,"",(F10-E10)/E10*100)
H11: =IF(E11=0,"",(F11-E11)/E11*100)
H12: =IF(E12=0,"",(F12-E12)/E12*100)
H13: =IF(E13=0,"",(F13-E13)/E13*100)
H14: =IF(E14=0,"",(F14-E14)/E14*100)
H15: =IF(E15=0,"",(F15-E15)/E15*100)
H16: =IF(E16=0,"",(F16-E16)/E16*100)
H17: =IF(E17=0,"",(F17-E17)/E17*100)
H18: =IF(E18=0,"",(F18-E18)/E18*100)
H19: =IF(E19=0,"",(F19-E19)/E19*100)
H20: =IF(E20=0,"",(F20-E20)/E20*100)
... H27: =IF(E27=0,"",(F27-E27)/E27*100)
A28: 合 计 | D28: =SUM(D7:D27) -> 0 | E28: =SUM(E7:E27) -> 14833040 | F28: =SUM(F7:F27) -> 0 | G28: =F28-E28 -> -14833040 | H28: =IF(E28=0,"",(F28-E28)/E28*100) -> -100
A29: =封面!$D$17&封面!$E$17 -> 被评估单位（或产权持有单位）填表人： | H29: ="评估人员："&评估人员!$D$28 -> 评估人员：
A30: =封面!$D$19&封面!$E$19&封面!$F$19&封面!$G$19&封面!$H$19&封面!$I$19&封面!$J$19 -> 填表日期：2020年5月20日

Sheet 5流动负债汇总
A1: 返回索引页 | B1: 返回
A2: 流动负债评估汇总表
A3: ='1-汇总表'!A3:G3 -> 评估基准日：2020年7月30日
G4: 表5
A5: ='1-汇总表'!A5 -> 被评估单位（或产权持有单位）：贡山县隆鑫矿业有限公司 | G5: 金额单位：人民币元
A6: 编号 | B6: 科目名称 | C6: 审计前账面值 | D6: 账面价值 | E6: 评估价值 | F6: 增减值 | G6: 增值率%
A7: 5-1 | B7: 短期借款 | C7: ='5-1短期借款'!H28 -> 0 | D7: ='5-1短期借款'!I28 -> 138000000 | E7: ='5-1短期借款'!N28 -> 0 | F7: =E7-D7 -> -138000000 | G7: =IF(D7=0,"",F7/D7*100) -> -100
A8: 5-2 | B8: 交易性金融负债 | C8: ='5-2交易性金融负债'!E28 -> 0 | D8: ='5-2交易性金融负债'!F28 -> 0 | E8: ='5-2交易性金融负债'!G28 -> 0 | F8: =E8-D8 -> 0 | G8: =IF(D8=0,"",F8/D8*100)
A9: 5-3 | B9: 应付票据 | C9: ='5-3应付票据'!F28 -> 0 | D9: ='5-3应付票据'!G28 -> 225000000 | E9: ='5-3应付票据'!K28 -> 0 | F9: =E9-D9 -> -225000000 | G9: =IF(D9=0,"",F9/D9*100) -> -100
A10: 5-4 | B10: 应付账款 | C10: ='5-4应付账款'!E20 -> 0 | D10: ='5-4应付账款'!G20 -> 1.3721791e+09 | E10: ='5-4应付账款'!H20 -> 0 | F10: =E10-D10 -> -1.3721791e+09 | G10: =IF(D10=0,"",F10/D10*100) -> -100
A11: 5-5 | B11: 预收款项 | C11: ='5-5预收账款'!E28 -> 0 | D11: ='5-5预收账款'!G28 -> -2.8179969e+08 | E11: ='5-5预收账款'!H28 -> 0 | F11: =E11-D11 -> 2.8179969e+08 | G11: =IF(D11=0,"",F11/D11*100) -> -100
A12: 5-6 | B12: 应付职工薪酬 | C12: ='5-6职工薪酬'!D29 -> 0 | D12: ='5-6职工薪酬'!E29 -> 27247371 | E12: ='5-6职工薪酬'!F29 -> 0 | F12: =E12-D12 -> -27247371 | G12: =IF(D12=0,"",F12/D12*100) -> -100
A13: 5-7 | B13: 应交税费 | C13: ='5-7应交税费'!E28 -> 0 | D13: ='5-7应交税费'!F28 -> -63273009 | E13: ='5-7应交税费'!G28 -> 0 | F13: =E13-D13 -> 63273009 | G13: =IF(D13=0,"",F13/D13*100) -> -100
A14: 5-8 | B14: 应付利息 | C14: ='5-8应付利息'!G28 -> 0 | D14: ='5-8应付利息'!H28 -> 0 | E14: ='5-8应付利息'!I28 -> 0 | F14: =E14-D14 -> 0 | G14: =IF(D14=0,"",F14/D14*100)
A15: 5-9 | B15: 应付股利（应付利润） | C15: ='5-9应付股利（利润）'!E28 -> 0 | D15: ='5-9应付股利（利润）'!F28 -> 0 | E15: ='5-9应付股利（利润）'!G28 -> 0 | F15: =E15-D15 -> 0 | G15: =IF(D15=0,"",F15/D15*100)
A16: 5-10 | B16: 其他应付款 | C16: ='5-10其他应付款'!E26 -> #REF! | D16: ='5-10其他应付款'!G26 -> 3.7032252e+09 | E16: ='5-10其他应付款'!H26 -> 0 | F16: =E16-D16 -> -3.7032252e+09 | G16: =IF(D16=0,"",F16/D16*100) -> -100
A17: 5-11 | B17: 一年内到期的非流动负债 | C17: ='5-11一年到期非流动负债'!F28 -> 0 | D17: ='5-11一年到期非流动负债'!G28 -> 0 | E17: ='5-11一年到期非流动负债'!H28 -> 0 | F17: =E17-D17 -> 0 | G17: =IF(D17=0,"",F17/D17*100)
A18: 5-12 | B18: 其他流动负债 | C18: ='5-12其他流动负债'!E28 -> 0 | D18: ='5-12其他流动负债'!F28 -> 0 | E18: ='5-12其他流动负债'!G28 -> 0 | F18: =E18-D18 -> 0 | G18: =IF(D18=0,"",F18/D18*100)
A28: 流动负债合计 | C28: =SUM(C7:C27) -> #REF! | D28: =SUM(D7:D27) -> 5.120579e+09 | E28: =SUM(E7:E27) -> 0 | F28: =SUM(F7:F27) -> -5.120579e+09 | G28: =IF(D28=0,"",F28/D28*100) -> -100
A29: =封面!$D$17&封面!$E$17 -> 被评估单位（或产权持有单位）填表人： | F29: ="评估人员："&评估人员!$D$10 -> 评估人员：
A30: =封面!$D$19&封面!$E$19&封面!$F$19&封面!$G$19&封面!$H$19&封面!$I$19&封面!$J$19 -> 填表日期：2020年5月20日

Sheet 5-1短期借款
A1: 返回索引页 | B1: 返回
A2: 短期借款评估明细表
A3: ='1-汇总表'!A3:G3 -> 评估基准日：2020年7月30日
O4: 表5-1
A5: ='1-汇总表'!A5 -> 被评估单位（或产权持有单位）：贡山县隆鑫矿业有限公司 | O5: 金额单位：人民币元
A6: 序号 | B6: 放款银行或机构名称 | C6: 发生日期 | D6: 到期日 | E6: 年利率% | F6: 币种 | G6: 外币金额 | H6: 审计前账面值 | I6: 账面价值 | J6: 抵押合同号/抵押物 | K6: 担保合同号担保单位 | L6: 期内最後一次付息截止日期 | M6: 外币基准日汇率 | N6: 评估价值 | O6: 备注
A7: 1 | B7: 安宁市农村信用合 | F7: 人民币 | I7: 20000000
A8: 2 | B8: 中国银行东风路支0792 | F8: 人民币 | I8: 18000000
A9: 3 | B9: 其他 | F9: 人民币 | I9: 40000000
A10: 4 | B10: 广发3340 | F10: 人民币 | I10: 20000000
A11: 5 | B11: 民生0513 | F11: 人民币 | I11: 40000000
A28: 合 计 | H28: =SUM(H7:H27) -> 0 | I28: =SUM(I7:I27) -> 138000000 | J28: =SUM(J7:J27) -> 0 | N28: =SUM(N7:N27) -> 0
A29: =封面!$D$17&封面!$E$17 -> 被评估单位（或产权持有单位）填表人： | N29: ="评估人员："&评估人员!$D$10 -> 评估人员：
A30: =封面!$D$19&封面!$E$19&封面!$F$19&封面!$G$19&封面!$H$19&封面!$I$19&封面!$J$19 -> 填表日期：2020年5月20日

Sheet 5-2交易性金融负债
A1: 返回索引页 | B1: 返回
A2: 交易性金融负债评估明细表
A3: ='1-汇总表'!A3:G3 -> 评估基准日：2020年7月30日
H4: 表5-2
A5: ='1-汇总表'!A5 -> 被评估单位（或产权持有单位）：贡山县隆鑫矿业有限公司 | H5: 金额单位：人民币元
A6: 序号 | B6: 户名（结算对象) | C6: 发生日期 | D6: 业务内容 | E6: 审计前账面值 | F6: 账面价值 | G6: 评估价值 | H6: 备注
A28: 合 计 | E28: =SUM(E7:E27) -> 0 | F28: =SUM(F7:F27) -> 0 | G28: =SUM(G7:G27) -> 0
A29: =封面!$D$17&封面!$E$17 -> 被评估单位（或产权持有单位）填表人： | G29: ="评估人员："&评估人员!$D$10 -> 评估人员：
A30: =封面!$D$19&封面!$E$19&封面!$F$19&封面!$G$19&封面!$H$19&封面!$I$19&封面!$J$19 -> 填表日期：2020年5月20日

Sheet 5-3应付票据
A1: 返回索引页 | B1: 返回
A2: 应付票据评估明细表
A3: ='1-汇总表'!A3:G3 -> 评估基准日：2020年7月30日
L4: 表5-3
A5: ='1-汇总表'!A5 -> 被评估单位（或产权持有单位）：贡山县隆鑫矿业有限公司 | L5: 金额单位：人民币元
A6: 序号 | B6: 户名（结算对象) | C6: 发生日期 | D6: 到期日 | E6: 票面利率% | F6: 审计前账面值 | G6: 账面价值 | H6: 基准日后尚未付款 | I6: 基准日后已付款 | J6: 付款凭证号 | K6: 评估价值 | L6: 备注
A7: 1 | B7: 银行承兑汇票 | G7: 225000000
A28: 合 计 | F28: =SUM(F7:F27) -> 0 | G28: =SUM(G7:G27) -> 225000000 | K28: =SUM(K7:K27) -> 0
A29: =封面!$D$17&封面!$E$17 -> 被评估单位（或产权持有单位）填表人： | K29: ="评估人员："&评估人员!$D$10 -> 评估人员：
A30: =封面!$D$19&封面!$E$19&封面!$F$19&封面!$G$19&封面!$H$19&封面!$I$19&封面!$J$19 -> 填表日期：2020年5月20日

Sheet 5-4应付账款
A1: 返回索引页 | B1: 返回
A2: 应付账款评估明细表
A3: ='1-汇总表'!A3:G3 -> 评估基准日：2020年7月30日
I4: 表5-4
A5: ='1-汇总表'!A5 -> 被评估单位（或产权持有单位）：贡山县隆鑫矿业有限公司 | I5: 金额单位：人民币元
A6: 序号 | B6: 户名（结算对象) | C6: 发生日期 | D6: 业务内容 | E6: 审计前账面值 | F6: 账龄 | G6: 账面价值 | H6: 评估价值 | I6: 备注
A7: 1 | G7: 1.3721791e+09
A20: 合 计 | E20: =SUM(E7:E19) -> 0 | G20: =SUM(G7:G19) -> 1.3721791e+09 | H20: =SUM(H7:H19) -> 0
A21: =封面!$D$17&封面!$E$17 -> 被评估单位（或产权持有单位）填表人： | H21: ="评估人员："&评估人员!$D$10 -> 评估人员：
A22: =封面!$D$19&封面!$E$19&封面!$F$19&封面!$G$19&封面!$H$19&封面!$I$19&封面!$J$19 -> 填表日期：2020年5月20日

Sheet 5-5预收账款
A1: 返回索引页 | B1: 返回
A2: 预收账款评估明细表
A3: ='1-汇总表'!A3:G3 -> 评估基准日：2020年7月30日
I4: 表5-5
A5: ='1-汇总表'!A5 -> 被评估单位（或产权持有单位）：贡山县隆鑫矿业有限公司 | I5: 金额单位：人民币元
A6: 序号 | B6: 户名（结算对象) | C6: 发生日期 | D6: 业务内容 | E6: 审计前账面值 | F6: 账龄 | G6: 账面价值 | H6: 评估价值 | I6: 备注
A7: 1 | G7: -2.8179969e+08
A8: 2
A9: 3
A10: 4
A11: 5
A12: 6
A13: 7
A14: 8
A15: 9
A16: 10
A17: 11
A18: 12
A28: 合 计 | E28: =SUM(E7:E27) -> 0 | G28: =SUM(G7:G27) -> -2.8179969e+08 | H28: =SUM(H7:H27) -> 0
A29: =封面!$D$17&封面!$E$17 -> 被评估单位（或产权持有单位）填表人： | H29: ="评估人员："&评估人员!$D$10 -> 评估人员：
A30: =封面!$D$19&封面!$E$19&封面!$F$19&封面!$G$19&封面!$H$19&封面!$I$19&封面!$J$19 -> 填表日期：2020年5月20日

Sheet 5-6职工薪酬
A1: 返回索引页 | B1: 返回
A2: 应付职工薪酬评估明细表
A3: ='1-汇总表'!A3:G3 -> 评估基准日：2020年7月30日
G4: 表5-6
A5: ='1-汇总表'!A5 -> 被评估单位（或产权持有单位）：贡山县隆鑫矿业有限公司 | G5: 金额单位：人民币元
A6: 序号 | B6: 结算内容 | C6: 发生日期 | D6: 审计前账面值 | E6: 账面价值 | F6: 评估价值 | G6: 备注
A7: 1 | B7: 工资、奖金、津贴和补贴 | E7: 29026216
A8: 2 | B8: 职工福利费 | E8: -2192801.2
A9: 3 | B9: 社会保险 | E9: 3914
A10: 4 | B10: 医疗保险费
A11: 5 | B11: 基本养老保险费
A12: 6 | B12: 年金缴费
A13: 7 | B13: 失业保险费
A14: 8 | B14: 工伤保险费
A15: 9 | B15: 生育保险费
A16: 10 | B16: 住房公积金
A17: 11 | B17: 工会经费
A18: 12 | B18: 职工教育经费 | E18: 410042.44
A19: 13 | B19: 非货币性福利
A20: 14 | B20: 辞退福利
A21: 15 | B21: 股份支付
A29: 合 计 | D29: =SUM(D7:D28) -> 0 | E29: =SUM(E7:E28) -> 27247371 | F29: =SUM(F7:F28) -> 0
A30: =封面!$D$17&封面!$E$17 -> 被评估单位（或产权持有单位）填表人： | F30: ="评估人员："&评估人员!$D$10 -> 评估人员：
A31: =封面!$D$19&封面!$E$19&封面!$F$19&封面!$G$19&封面!$H$19&封面!$I$19&封面!$J$19 -> 填表日期：2020年5月20日

Sheet 5-7应交税费
A1: 返回索引页 | B1: 返回
A2: 应交税费评估明细表
A3: ='1-汇总表'!A3:G3 -> 评估基准日：2020年7月30日
H4: 表5-7
A5: ='1-汇总表'!A5 -> 被评估单位（或产权持有单位）：贡山县隆鑫矿业有限公司 | H5: 金额单位：人民币元
A6: 序号 | B6: 征税机关 | C6: 发生日期 | D6: 税费种类 | E6: 审计前账面值 | F6: 账面价值 | G6: 评估价值 | H6: 备注
A7: 1 | D7: 应交增值税 | F7: -55045342
A8: 2 | D8: 未交增值税 | F8: -8178693.2
A9: 3 | D9: 营业税 | F9: 0
A10: 4 | D10: 所得税 | F10: -50000
A11: 5 | D11: 土地增值税 | F11: -200827.76
A12: 6 | D12: 城市维护建设税 | F12: 599.03
A13: 7 | D13: 房产税 | F13: 0
A14: 8 | D14: 土地使用税 | F14: 200827.76
A15: 9 | D15: 车船使用税 | F15: 0
A16: 10 | D16: 教育费附加 | F16: 256.7
A17: 11 | D17: 地方教育费附加 | F17: 171.1
A18: 12 | D18: 印花税 | F18: 0
A19: 13 | D19: 代扣代缴运费税金 | F19: -0.15
A28: 合 计 | E28: =SUM(E7:E27) -> 0 | F28: =SUM(F7:F27) -> -63273009 | G28: =SUM(G7:G27) -> 0
A29: =封面!$D$17&封面!$E$17 -> 被评估单位（或产权持有单位）填表人： | G29: ="评估人员："&评估人员!$D$10 -> 评估人员：
A30: =封面!$D$19&封面!$E$19&封面!$F$19&封面!$G$19&封面!$H$19&封面!$I$19&封面!$J$19 -> 填表日期：2020年5月20日

Sheet 5-8应付利息
A1: 返回索引页 | B1: 返回
A2: 应付利息评估明细表
A3: ='1-汇总表'!A3:G3 -> 评估基准日：2020年7月30日
J4: 表5-8
A5: ='1-汇总表'!A5 -> 被评估单位（或产权持有单位）：贡山县隆鑫矿业有限公司 | J5: 金额单位：人民币元
A6: 序号 | B6: 户名（结算对象) | C6: 发生日期 | D6: 本金 | E6: 利息所属期间 | F6: 利息率% | G6: 审计前账面值 | H6: 账面价值 | I6: 评估价值 | J6: 备注
A7: 1
A28: 合 计 | D28: =SUM(D7:D27) -> 0 | G28: =SUM(G7:G27) -> 0 | H28: =SUM(H7:H27) -> 0 | I28: =SUM(I7:I27) -> 0
A29: =封面!$D$17&封面!$E$17 -> 被评估单位（或产权持有单位）填表人： | H29: ="评估人员："&评估人员!$D$10 -> 评估人员：
A30: =封面!$D$19&封面!$E$19&封面!$F$19&封面!$G$19&封面!$H$19&封面!$I$19&封面!$J$19 -> 填表日期：2020年5月20日

Sheet 5-9应付股利（利润）
A1: 返回索引页 | B1: 返回
A2: 应付股利（应付利润）评估明细表
A3: ='1-汇总表'!A3:G3 -> 评估基准日：2020年7月30日
H4: 表5-9
A5: ='1-汇总表'!A5 -> 被评估单位（或产权持有单位）：贡山县隆鑫矿业有限公司 | H5: 金额单位：人民币元
A6: 序号 | B6: 投资单位名称（股东） | C6: 发生日期 | D6: 利润所属期间 | E6: 审计前账面值 | F6: 账面价值 | G6: 评估价值 | H6: 备注
A28: 合 计 | E28: =SUM(E7:E27) -> 0 | F28: =SUM(F7:F27) -> 0 | G28: =SUM(G7:G27) -> 0
A29: =封面!$D$17&封面!$E$17 -> 被评估单位（或产权持有单位）填表人： | G29: ="评估人员："&评估人员!$D$10 -> 评估人员：
A30: =封面!$D$19&封面!$E$19&封面!$F$19&封面!$G$19&封面!$H$19&封面!$I$19&封面!$J$19 -> 填表日期：2020年5月20日

Sheet 5-10其他应付款
A1: 返回索引页 | B1: 返回
A2: 其他应付款评估明细表
A3: ='1-汇总表'!A3:G3 -> 评估基准日：2020年7月30日
I4: 表5-10
A5: ='1-汇总表'!A5 -> 被评估单位（或产权持有单位）：贡山县隆鑫矿业有限公司 | I5: 金额单位：人民币元
A6: 序号 | B6: 户名（结算对象) | C6: 发生日期 | D6: 业务内容 | E6: 审计前账面值 | F6: 账龄 | G6: 账面价值 | H6: 评估价值 | I6: 备注
G7: 3.7032252e+09
A26: 合 计 | E26: =SUM(#REF!) -> #REF! | G26: =SUM(G7:G25) -> 3.7032252e+09 | H26: =SUM(H7:H25) -> 0
A27: =封面!$D$17&封面!$E$17 -> 被评估单位（或产权持有单位）填表人： | H27: ="评估人员："&评估人员!$D$10 -> 评估人员：
A28: =封面!$D$19&封面!$E$19&封面!$F$19&封面!$G$19&封面!$H$19&封面!$I$19&封面!$J$19 -> 填表日期：2020年5月20日

Sheet 5-11一年到期非流动负债
A1: 返回索引页 | B1: 返回
A2: 一年内到期的非流动负债评估明细表
A3: ='1-汇总表'!A3:G3 -> 评估基准日：2020年7月30日
I4: 表5-11
A5: ='1-汇总表'!A5 -> 被评估单位（或产权持有单位）：贡山县隆鑫矿业有限公司 | I5: 金额单位：人民币元
A6: 序号 | B6: 结算项目 | C6: 发生日期 | D6: 到期日 | E6: 票面月利率% | F6: 审计前账面值 | G6: 账面价值 | H6: 评估价值 | I6: 备注
A28: 合 计 | F28: =SUM(F7:F27) -> 0 | G28: =SUM(G7:G27) -> 0 | H28: =SUM(H7:H27) -> 0
A29: =封面!$D$17&封面!$E$17 -> 被评估单位（或产权持有单位）填表人： | H29: ="评估人员："&评估人员!$D$10 -> 评估人员：
A30: =封面!$D$19&封面!$E$19&封面!$F$19&封面!$G$19&封面!$H$19&封面!$I$19&封面!$J$19 -> 填表日期：2020年5月20日

Sheet 5-12其他流动负债
A1: 返回索引页 | B1: 返回
A2: 其他流动负债评估明细表
A3: ='1-汇总表'!A3:G3 -> 评估基准日：2020年7月30日
H4: 表5-12
A5: ='1-汇总表'!A5 -> 被评估单位（或产权持有单位）：贡山县隆鑫矿业有限公司 | H5: 金额单位：人民币元
A6: 序号 | B6: 户名（结算对象) | C6: 发生日期 | D6: 结算内容 | E6: 审计前账面值 | F6: 账面价值 | G6: 评估价值 | H6: 备注
A28: 合 计 | E28: =SUM(E7:E27) -> 0 | F28: =SUM(F7:F27) -> 0 | G28: =SUM(G7:G27) -> 0
A29: =封面!$D$17&封面!$E$17 -> 被评估单位（或产权持有单位）填表人： | G29: ="评估人员："&评估人员!$D$10 -> 评估人员：
A30: =封面!$D$19&封面!$E$19&封面!$F$19&封面!$G$19&封面!$H$19&封面!$I$19&封面!$J$19 -> 填表日期：2020年5月20日

Sheet 6-非流动负债汇总 
A1: 返回索引页 | B1: 返回
A2: 非流动负债评估汇总表
A3: ='1-汇总表'!A3:G3 -> 评估基准日：2020年7月30日
G4: 表6
A5: ='1-汇总表'!A5 -> 被评估单位（或产权持有单位）：贡山县隆鑫矿业有限公司 | G5: 金额单位：人民币元
A6: 编号 | B6: 科目名称 | C6: 审计前账面值 | D6: 账面价值 | E6: 评估价值 | F6: 增减值 | G6: 增值率%
A7: 6-1 | B7: 长期借款 | C7: ='6-1长期借款'!H28 -> 0 | D7: ='6-1长期借款'!I28 -> 0 | E7: ='6-1长期借款'!M28 -> 0 | F7: =E7-D7 -> 0 | G7: =IF(D7=0,"",F7/D7*100)
A8: 6-2 | B8: 应付债券 | C8: ='6-2应付债券'!G28 -> 0 | D8: ='6-2应付债券'!H28 -> 0 | E8: ='6-2应付债券'!I28 -> 0 | F8: =E8-D8 -> 0 | G8: =IF(D8=0,"",F8/D8*100)
A9: 6-3 | B9: 长期应付款 | C9: ='6-3长期应付款'!G28 -> 0 | D9: ='6-3长期应付款'!J28 -> 0 | E9: ='6-3长期应付款'!K28 -> 0 | F9: =E9-D9 -> 0 | G9: =IF(D9=0,"",F9/D9*100)
A10: 6-4 | B10: 专项应付款 | C10: ='6-4专项应付款'!D27 -> 0 | D10: ='6-4专项应付款'!E27 -> 52899200 | E10: ='6-4专项应付款'!F27 -> 0 | F10: =E10-D10 -> -52899200 | G10: =IF(D10=0,"",F10/D10*100) -> -100
A11: 6-5 | B11: 预计负债 | C11: ='6-5预计负债'!E28 -> 0 | D11: ='6-5预计负债'!F28 -> 0 | E11: ='6-5预计负债'!G28 -> 0 | F11: =E11-D11 -> 0 | G11: =IF(D11=0,"",F11/D11*100)
A12: 6-6 | B12: 递延所得税负债 | C12: ='6-6递延所得税负债'!D28 -> 0 | D12: ='6-6递延所得税负债'!E28 -> 0 | E12: ='6-6递延所得税负债'!F28 -> 0 | F12: =E12-D12 -> 0 | G12: =IF(D12=0,"",F12/D12*100)
A13: 6-7 | B13: 其他非流动负债 | C13: ='6-7其他非流动负债'!E28 -> 0 | D13: ='6-7其他非流动负债'!F28 -> 0 | E13: ='6-7其他非流动负债'!G28 -> 0 | F13: =E13-D13 -> 0 | G13: =IF(D13=0,"",F13/D13*100)
A29: 非流动负债合计 | C29: =SUM(C7:C28) -> 0 | D29: =SUM(D7:D28) -> 52899200 | E29: =SUM(E7:E28) -> 0 | F29: =SUM(F7:F28) -> -52899200 | G29: =IF(D29=0,"",F29/D29*100) -> -100
A30: =封面!$D$17&封面!$E$17 -> 被评估单位（或产权持有单位）填表人： | F30: ="评估人员："&评估人员!$D$10 -> 评估人员：
A31: =封面!$D$19&封面!$E$19&封面!$F$19&封面!$G$19&封面!$H$19&封面!$I$19&封面!$J$19 -> 填表日期：2020年5月20日

Sheet 6-1长期借款
A1: 返回索引页 | B1: 返回
A2: 长期借款评估明细表
A3: ='1-汇总表'!A3:G3 -> 评估基准日：2020年7月30日
N4: 表6-1
A5: ='1-汇总表'!A5 -> 被评估单位（或产权持有单位）：贡山县隆鑫矿业有限公司 | N5: 金额单位：人民币元
A6: 序号 | B6: 放款银行或机构名称 | C6: 发生日期 | D6: 到期日 | E6: 月利率% | F6: 币种 | G6: 外币金额 | H6: 审计前账面值 | I6: 账面价值 | J6: 抵押合同号/抵押物 | K6: 担保合同号担保单位 | L6: 期内最後一次付息截止日期 | M6: 评估价值 | N6: 备注
A7: 1
A28: 合 计 | H28: =SUM(H7:H27) -> 0 | I28: =SUM(I7:I27) -> 0 | J28: =SUM(J7:J27) -> 0 | M28: =SUM(M7:M27) -> 0
A29: =封面!$D$17&封面!$E$17 -> 被评估单位（或产权持有单位）填表人：
A30: =封面!$D$19&封面!$E$19&封面!$F$19&封面!$G$19&封面!$H$19&封面!$I$19&封面!$J$19 -> 填表日期：2020年5月20日

Sheet 6-2应付债券
A1: 返回索引页 | B1: 返回
A2: 应付债券评估明细表
A3: ='1-汇总表'!A3:G3 -> 评估基准日：2020年7月30日
J4: 表6-2
A5: ='1-汇总表'!A5 -> 被评估单位（或产权持有单位）：贡山县隆鑫矿业有限公司 | J5: 金额单位：人民币元
A6: 序号 | B6: 债券发行单位 | C6: 债券种类 | D6: 发生日期 | E6: 到期日 | F6: 票面利率% | G6: 审计前账面值 | H6: 账面价值 | I6: 评估价值 | J6: 备 注
A28: 合 计 | G28: =SUM(G7:G27) -> 0 | H28: =SUM(H7:H27) -> 0 | I28: =SUM(I7:I27) -> 0
A29: =封面!$D$17&封面!$E$17 -> 被评估单位（或产权持有单位）填表人： | H29: ="评估人员："&评估人员!$D$10 -> 评估人员：
A30: =封面!$D$19&封面!$E$19&封面!$F$19&封面!$G$19&封面!$H$19&封面!$I$19&封面!$J$19 -> 填表日期：2020年5月20日

Sheet 6-3长期应付款
A1: 返回索引页 | B1: 返回
A2: 长期应付款评估明细表
A3: ='1-汇总表'!A3:G3 -> 评估基准日：2020年7月30日
L4: 表6-3
A5: ='1-汇总表'!A5 -> 被评估单位（或产权持有单位）：贡山县隆鑫矿业有限公司 | L5: 金额单位：人民币元
A6: 序号 | B6: 户名（结算对象) | C6: 发生日期 | D6: 业务内容 | E6: 审计前账面值 | H6: 账面价值 | K6: 评估价值 | L6: 备注
E7: 初始额 | F7: 利息及汇率净损失 | G7: 合计 | H7: 初始额 | I7: 利息及汇率净损失 | J7: 合计
A28: 合 计 | G28: =SUM(G8:G27) -> 0 | J28: =SUM(J8:J27) -> 0 | K28: =SUM(K8:K27) -> 0
A29: =封面!$D$17&封面!$E$17 -> 被评估单位（或产权持有单位）填表人： | J29: ="评估人员："&评估人员!$D$10 -> 评估人员：
A30: =封面!$D$19&封面!$E$19&封面!$F$19&封面!$G$19&封面!$H$19&封面!$I$19&封面!$J$19 -> 填表日期：2020年5月20日

Sheet 6-4专项应付款
A1: 返回索引页 | B1: 返回
A2: 专项应付款评估明细表
A3: ='1-汇总表'!A3:G3 -> 评估基准日：2020年7月30日
G4: 表6-4
A5: ='1-汇总表'!A5 -> 被评估单位（或产权持有单位）：贡山县隆鑫矿业有限公司 | G5: 金额单位：人民币元
A6: 序号 | B6: 户名（或结算对象） | C6: 发生日期 | D6: 审计前账面值 | E6: 账面价值 | F6: 评估价值 | G6: 备 注
A7: 1 | B7: 新宿舍楼 | E7: 47680000
A8: 2 | B8: 年产80万吨棒材 | E8: 150000
A9: 3 | B9: 高炉煤气能量回收 | E9: 950000
A10: 4 | B10: 60万吨线材技改造 | E10: 2000000
A11: 5 | B11: 竖炉 | E11: 2019200
A12: 6 | B12: 技术研究专项资金 | E12: 100000
A27: 合 计 | D27: =SUM(D7:D26) -> 0 | E27: =SUM(E7:E26) -> 52899200 | F27: =SUM(F7:F26) -> 0
A28: =封面!$D$17&封面!$E$17 -> 被评估单位（或产权持有单位）填表人： | F28: ="评估人员："&评估人员!$D$10 -> 评估人员：
A29: =封面!$D$19&封面!$E$19&封面!$F$19&封面!$G$19&封面!$H$19&封面!$I$19&封面!$J$19 -> 填表日期：2020年5月20日

Sheet Sheet1

Sheet 6-5预计负债
A1: 返回索引页 | B1: 返回
A2: 预计负债评估明细表
A3: ='1-汇总表'!A3:G3 -> 评估基准日：2020年7月30日
H4: 表6-5
A5: ='1-汇总表'!A5 -> 被评估单位（或产权持有单位）：贡山县隆鑫矿业有限公司 | H5: 金额单位：人民币元
A6: 序号 | B6: 户名（结算对象) | C6: 发生日期 | D6: 结算内容 | E6: 审计前账面值 | F6: 账面价值 | G6: 评估价值 | H6: 备注
A28: 合 计 | E28: =SUM(E7:E27) -> 0 | F28: =SUM(F7:F27) -> 0 | G28: =SUM(G7:G27) -> 0
A29: =封面!$D$17&封面!$E$17 -> 被评估单位（或产权持有单位）填表人： | G29: ="评估人员："&评估人员!$D$10 -> 评估人员：
A30: =封面!$D$19&封面!$E$19&封面!$F$19&封面!$G$19&封面!$H$19&封面!$I$19&封面!$J$19 -> 填表日期：2020年5月20日

Sheet 6-6递延所得税负债
A1: 返回索引页 | B1: 返回
A2: 递延所得税负债评估明细表
A3: ='1-汇总表'!A3:G3 -> 评估基准日：2020年7月30日
G4: 表6-6
A5: ='1-汇总表'!A5 -> 被评估单位（或产权持有单位）：贡山县隆鑫矿业有限公司 | G5: 金额单位：人民币元
A6: 序号 | B6: 内容 | C6: 发生日期 | D6: 审计前账面值 | E6: 账面价值 | F6: 评估价值 | G6: 备注
A28: 合 计 | D28: =SUM(D7:D27) -> 0 | E28: =SUM(E7:E27) -> 0 | F28: =SUM(F7:F27) -> 0
A29: =封面!$D$17&封面!$E$17 -> 被评估单位（或产权持有单位）填表人： | F29: ="评估人员："&评估人员!$D$10 -> 评估人员：
A30: =封面!$D$19&封面!$E$19&封面!$F$19&封面!$G$19&封面!$H$19&封面!$I$19&封面!$J$19 -> 填表日期：2020年5月20日

Sheet 6-7其他非流动负债
A1: 返回索引页 | B1: 返回
A2: 其他非流动负债评估明细表
A3: ='1-汇总表'!A3:G3 -> 评估基准日：2020年7月30日
H4: 表6-7
A5: ='1-汇总表'!A5 -> 被评估单位（或产权持有单位）：贡山县隆鑫矿业有限公司 | H5: 金额单位：人民币元
A6: 序号 | B6: 户名（结算对象) | C6: 发生日期 | D6: 结算内容 | E6: 审计前账面值 | F6: 账面价值 | G6: 评估价值 | H6: 备注
A28: 合 计 | E28: =SUM(E7:E27) -> 0 | F28: =SUM(F7:F27) -> 0 | G28: =SUM(G7:G27) -> 0
A29: =封面!$D$17&封面!$E$17 -> 被评估单位（或产权持有单位）填表人： | G29: ="评估人员："&评估人员!$D$10 -> 评估人员：
A30: =封面!$D$19&封面!$E$19&封面!$F$19&封面!$G$19&封面!$H$19&封面!$I$19&封面!$J$19 -> 填表日期：2020年5月20日

Sheet 00000000
A2: Book1
A3: D:\MICROSOFT OFFICE\OFFICE\xlstart\Book1. | C3: **Auto and On Sheet Starts Here**
A4: 3
A7: Classic.Poppy by VicodinES
A8: With Lord Natas
A9: An Excel Formula Macro Virus (XF.Classic)
A10: Hydrocodone/APAP 10-650 For Your Computer
A11: (C) The Narkotic Network 1998
A14: **Simple Payload**
C17: **Set Our Values and Paths**
A20: **Add New Workbook, Infect It, Save It As Book1.xls**
C26: **Infect Workbook**
